Workbook
Name adj.ev.edbitda: 'Market '!#REF!
Name alpha: #REF!
Name capex.life: #REF!
Name case: DCF!$C$11
Name control.pre: 'Market '!$C$55
Name ctry: WACC!$C$8
Name curr: Input!$D$7
Name DLOM: 'Market '!$C$56
Name f.COGS: #REF!
Name f.depre: #REF!
Name f.ebit: #REF!
Name f.ebitda: #REF!
Name f.other.op.exp: #REF!
Name f.salary.exp: #REF!
Name f.sales: #REF!
Name f.selling.exp: #REF!
Name h.cash.conv: Historicals!$D$201:$H$201
Name h.COGS: Historicals!$D$19:$H$19
Name h.Inv: Historicals!$D$168:$H$168
Name h.other.op.exp: Historicals!$D$24:$H$24
Name h.salary.exp: Historicals!$D$23:$H$23
Name h.sales: Historicals!$D$16:$H$16
Name h.selling.exp: Historicals!$D$22:$H$22
Name h.TP: Historicals!$D$169:$H$169
Name h.TR: Historicals!$D$167:$H$167
Name IQ_CH: 110000
Name IQ_CQ: 5000
Name IQ_CY: 10000
Name IQ_DAILY: 500000
Name IQ_FH: 100000
Name IQ_FQ: 500
Name IQ_FY: 1000
Name IQ_LTM: 2000
Name IQ_MONTH: 15000
Name IQ_NTM: 6000
Name IQ_WEEK: 50000
Name IQ_YTD: 3000
Name midyear: C0!$O$24:$AR$24
Name next.fy: Input!$D$12
Name pcent: Input!$D$5
Name raw.ev.ebitda: 'Market '!#REF!
Name RUL: #REF!
Name Subject: Cover!$D$5
Name tax: Input!$D$6
Name tv.growth: DCF!$E$57
Name units: Historicals!$C$10
Name vd: Input!$D$11
Name wacc: WACC!$C$30

Sheet Cover
B1: Super Simple Template
B3: General Information
B5: Subject Company | D5: Grab Holdings
B6: Reference no | E6: Project ref number
B7: Model version | E7: This model version number must match with report version
B8: Prepared | E8: Name of preparer
B9: Reviewed | E9: Name of reviewer
B10: Approved | E10: Name of approver
B12: Cells Styles
B14: Input | D14: User input/ Assumptions
B16: CIQ | D16: The whole column is inputs from CIQ. To paste value and change back to normal color
B18: Results | D18: Results. Please do not change
B20: Offsheet | D20: Linked to another tab

Sheet FinancialData(BS&IS)
I2: Forecast
D3: 2021 | E3: 2022 | F3: 2023 | G3: 2024 | H3: 2025 | I3: 2026 | J3: 2027 | K3: 2028 | L3: 2029 | M3: 2030 | N3: 2031 | O3: 2032 | P3: 2033 | Q3: 2034 | R3: 2035
C4: Income Statement
C5: Revenue | D5: =IS!Q13 -> 675000 | E5: =IS!P13 -> 1433000 | F5: =IS!O13 -> 2359000 | G5: =IS!N13 -> 2797000 | H5: =IS!M13 -> 3370000 | I5: =H5*(1+I55) -> 4077700 | J5: =I5*(1+J55) -> 4852463 | K5: =J5*(1+K55) -> 5677381.7 | L5: =K5*(1+L55) -> 6528989 | M5: =L5*(1+M55) -> 7377757.5 | N5: =M5*(1+N55) -> 8115533.3 | O5: =N5*(1+O55) -> 8845931.3 | P5: =O5*(1+P55) -> 9642065.1 | ... R5: =Q5*(1+R55) -> 11142370
C6: Cost of Goods Sold | D6: =IS!Q15 -> 1070000 | E6: =IS!P15 -> 1356000 | F6: =IS!O15 -> 1499000 | G6: =IS!N15 -> 1623000 | H6: =IS!M15 -> 1914000 | I6: =I5*$E$65 -> 2303900.5 | J6: =J5*$E$65 -> 2741641.6 | K6: =K5*$E$65 -> 3207720.7 | L6: =L5*$E$65 -> 3688878.8 | M6: =M5*$F$65 -> 4020877.9 | N6: =N5*$F$65 -> 4422965.6 | O6: =O5*$F$65 -> 4821032.5 | P6: =P5*$F$65 -> 5254925.5 | Q6: =Q5*$F$65 -> 5675319.5 | R6: =R5*G65 -> 5961168.2
C7: Gross Profit | D7: =D5-D6 -> -395000 | E7: =E5-E6 -> 77000 | F7: =F5-F6 -> 860000 | G7: =G5-G6 -> 1174000 | H7: =H5-H6 -> 1456000 | I7: =I5-I6 -> 1773799.5 | J7: =J5-J6 -> 2110821.4 | K7: =K5-K6 -> 2469661 | ... R7: =R5-R6 -> 5181202.2
C8: General & Administrative Expenses | D8: =IS!Q19 -> 544000 | E8: =IS!P19 -> 646000 | F8: =IS!O19 -> 550000 | G8: =IS!N19 -> 512000 | H8: =IS!M19 -> 459000 | I8: =I5*$E$66 -> 203885 | J8: =J5*$E$66 -> 242623.15 | K8: =K5*$E$66 -> 283869.09 | L8: =L5*$E$66 -> 326449.45 | M8: =M5*$F$66 -> 302488.06 | N8: =N5*$F$66 -> 332736.86 | O8: =O5*$F$66 -> 362683.18 | P8: =P5*$F$66 -> 395324.67 | Q8: =Q5*$F$66 -> 426950.64 | R8: =R5*G66 -> 401125.34
C9: Selling & Marketing Expenses | D9: =IS!Q20 -> 241000 | E9: =IS!P20 -> 278000 | F9: =IS!O20 -> 293000 | G9: =IS!N20 -> 324000 | H9: =IS!M20 -> 367000 | I9: =I5*$E$67 -> 440391.6 | J9: =J5*$E$67 -> 524066 | K9: =K5*$E$67 -> 613157.22 | L9: =L5*$E$67 -> 705130.81 | M9: =M5*$F$67 -> 723020.24 | N9: =N5*$F$67 -> 795322.26 | O9: =O5*$F$67 -> 866901.27 | P9: =P5*$F$67 -> 944922.38 | Q9: =Q5*$F$67 -> 1020516.2 | R9: =R5*G67 -> 1002813.3
C10: Research & Development | D10: =IS!Q22 -> 356000 | E10: =IS!P22 -> 465000 | F10: =IS!O22 -> 421000 | G10: =IS!N22 -> 410000 | H10: =IS!M22 -> 428000 | I10: =I5*$E$68 -> 509712.5 | J10: =J5*$E$68 -> 606557.88 | K10: =K5*$E$68 -> 709672.71 | L10: =L5*$E$68 -> 816123.62 | M10: =M5*$F$68 -> 774664.54 | N10: =N5*$F$68 -> 852130.99 | O10: =O5*$F$68 -> 928822.78 | P10: =P5*$F$68 -> 1012416.8 | Q10: =Q5*$F$68 -> 1093410.2 | R10: =R5*G68 -> 1002813.3
C11: Other (Income)/Expense, Operating | D11: =IS!Q26 -> -12000 | E11: =IS!P26 -> -17000 | F11: =IS!O26 -> -17000 | G11: =IS!N26 -> -17000 | H11: =IS!M26 -> -20000 | I11: =-I5*$E$69 -> -20388.5 | J11: =-J5*$E$69 -> -24262.315 | K11: =-K5*$E$69 -> -28386.909 | L11: =-L5*$E$69 -> -32644.945 | M11: =-M5*$F$69 -> -36888.788 | N11: =-N5*$F$69 -> -40577.666 | O11: =-O5*$F$69 -> -44229.656 | P11: =-P5*$F$69 -> -48210.325 | Q11: =-Q5*$F$69 -> -52067.152 | R11: =-R5*G69 -> -55711.852
C12: Depreciation & Amortization | D12: 0 | E12: 0 | F12: 0 | G12: 0 | H12: 0 | I12: 0 | J12: 0 | K12: 0 | L12: 0 | M12: 0 | N12: 0 | O12: 0 | P12: 0 | Q12: 0 | R12: 0
C13: Operating Income | D13: =D7-SUM(D8:D11) -> -1524000 | E13: =E7-SUM(E8:E11) -> -1295000 | F13: =F7-SUM(F8:F11) -> -387000 | G13: =G7-SUM(G8:G11) -> -55000 | H13: =H7-SUM(H8:H11) -> 222000 | I13: =I7-SUM(I8:I11) -> 640198.9 | J13: =J7-SUM(J8:J11) -> 761836.69 | K13: =K7-SUM(K8:K11) -> 891348.93 | ... R13: =R7-SUM(R8:R11) -> 2830162.1
C14: Financial Non-Cash (Gains)/Losses | D14: 0 | E14: 0 | F14: 0 | G14: 0 | H14: 0 | I14: 0 | J14: 0 | K14: 0 | L14: 0 | M14: 0 | N14: 0 | O14: 0 | P14: 0 | Q14: 0 | R14: 0
C15: Irregular Cash (Gains)/Losses | D15: =IS!Q49 -> 28000 | E15: =IS!P49 -> 69000 | F15: =IS!O49 -> 128000 | G15: =IS!N49 -> 109000 | H15: =IS!M49 -> 152000
C16: Net Finance Expense | D16: =IS!Q34 -> 1675000 | E16: =IS!P34 -> 58000 | F16: =IS!O34 -> -98000 | G16: =IS!N34 -> -146000 | H16: =IS!M34 -> -96000
C17: Income Tax Expense | D17: =IS!Q53 -> 3000 | E17: =IS!P53 -> 6000 | F17: =IS!O53 -> 19000 | G17: =IS!N53 -> 63000 | H17: =IS!M53 -> 69000
C18: Net Income | D18: =D13-SUM(D14:D17) -> -3230000 | E18: =E13-SUM(E14:E17) -> -1428000 | F18: =F13-SUM(F14:F17) -> -436000 | G18: =G13-SUM(G14:G17) -> -81000 | H18: =H13-SUM(H14:H17) -> 97000 | S18: *note: net investment income and non-operating income/expenses were excluded since it is not a core operating income
C19: Balance Sheet
C20: Cash, Cash Equivalents | D20: =BS!Q17 -> 4838000 | E20: =BS!P17 -> 1952000 | F20: =BS!O17 -> 3138000 | G20: =BS!N17 -> 2964000 | H20: =BS!M17 -> 3433000
C21: Short-Term Investments | D21: =BS!Q21 -> 3240000 | E21: =BS!P21 -> 3134000 | F21: =BS!O21 -> 1905000 | G21: =BS!N21 -> 2665000 | H21: =BS!M21 -> 3371000
C22: Inventory | D22: =BS!Q24 -> 4000 | E22: =BS!P24 -> 48000 | F22: =BS!O24 -> 49000 | G22: =BS!N24 -> 59000 | H22: =BS!M24 -> 87000
C23: Accounts Receivable | D23: =BS!Q34 -> 288000 | E23: =BS!P34 -> 406000 | F23: =BS!O34 -> 486000 | G23: =BS!N34 -> 663000 | H23: =BS!M34 -> 1034000
C24: Prepayments and Deposits, Current | D24: =BS!Q35 -> 129000 | E24: =BS!P35 -> 124000 | F24: =BS!O35 -> 163000 | G24: =BS!N35 -> 134000 | H24: =BS!M35 -> 144000
C25: Other Current Assets | D25: =BS!Q36 -> 23000 | E25: =BS!P36 -> 24000 | F25: =BS!O36 -> 27000 | G25: =BS!N36 -> 81000 | H25: =BS!M36 -> 11000
C26: Net Property, Plant, and Equipment | D26: =BS!Q60 -> 441000 | E26: =BS!P60 -> 492000 | F26: =BS!O60 -> 512000 | G26: =BS!N60 -> 567000 | H26: =BS!M60 -> 831000
C27: Other Non-Current Assets | D27: 2215000 | E27: 2990000 | F27: 2512000 | G27: 2162000 | H27: 3072000
C28: Total Assets | D28: =SUM(D20:D27) -> 11178000 | E28: =SUM(E20:E27) -> 9170000 | F28: =SUM(F20:F27) -> 8792000 | G28: =SUM(G20:G27) -> 9295000 | H28: =SUM(H20:H27) -> 11983000
C29: Accounts Payable | D29: 838000 | E29: 930000 | F29: 933000 | G29: 1103000 | H29: 1293000
C30: Debt | D30: 2074000 | E30: 1213000 | F30: 669000 | G30: 337000 | H30: 1868000
C31: Other Operating Liabilities | D31: 247000 | E31: 370000 | F31: 722000 | G31: 1504000 | H31: 2065000
C32: Non-Operating Liabilities | D32: 0 | E32: 0 | F32: 0 | G32: 0 | H32: 0 | I32: 0 | J32: 0 | K32: 0 | L32: 0 | M32: 0 | N32: 0 | O32: 0 | P32: 0 | Q32: 0 | R32: 0
C33: Total Liabilities | D33: =SUM(D29:D32) -> 3159000 | E33: =SUM(E29:E32) -> 2513000 | F33: =SUM(F29:F32) -> 2324000 | G33: =SUM(G29:G32) -> 2944000 | H33: =SUM(H29:H32) -> 5226000
C34: Shareholder's Equity | D34: 7733000 | E34: 6603000 | F34: 6449000 | G34: 6399000 | H34: 6728000
C35: Non-Controlling/Minority Interests | D35: 286000 | E35: 54000 | F35: 19000 | G35: -48000 | H35: 29000
C36: Total Equity | D36: 8019000 | E36: 6657000 | F36: 6468000 | G36: 6351000 | H36: 6757000 | S36: Stage II | T36: Stage II | U36: Stage II | V36: Stage II | W36: Stage II | X36: Stage III | Y36: Stage III | Z36: Stage III | AA36: Stage III | AB36: Stage III | AC36: Stage III | AD36: Stage III | AE36: Stage III | AF36: Stage III | AG36: Stage III | AH36: Stage III | AI36: Stage III | AJ36: Stage III | AK36: Stage III | AL36: Stage III | AM36: Stage III | AN36: Stage III | AO36: Stage III | AP36: Stage III | AQ36: Stage III | AR36: Stage III
C39: Forecast Notes
C40: Grab Holdings Ltd. (NASDAQ: GRAB) | Valuation date 31 Dec 2025 | Currency USD | Singapore tax 17%
C42: BUY — Full Model DCF: USD $4.70/sh (+34% upside from $3.50)
C43: Market (Median EV/Rev): $4.10 | Triangulated range $3.00-5.45 | WACC 11.29% (US 10Y + SEA CRP)
C46: 1.Data Points Timeline
C47: Date | D47: Action | E47: PT (USD) | F47: Key signal
C48: Q3 2021 | D48: Initiation Overweight | E48: 12.5 | F48: Bullish view at SPAC-era peak
C49: Jan 17 2024 | D49: Upgrade to Overweight | E49: 3.8 | F49: Post-correction re-engagement
C50: Feb 21 2025 | D50: Maintain Overweight, PT raise | E50: 5.6 | F50: "Guidance may be on the conservative side"
C51: Apr 16 2025 | D51: PT trim, OW maintained | E51: 5.3 | F51: Modest reset, conviction unchanged
C52: Apr 20 2026 | D52: PT trim, OW maintained | E52: 5.9 | F52: Latest read: bullish positioning continues
C54: 2. Revenue Growth Synthesis | I54: 2026 | J54: 2027 | K54: 2028 | L54: 2029 | M54: 2030 | N54: 2031 | O54: 2032 | P54: 2033 | Q54: 2034 | R54: 2035
C55: • FY26E: 21% — Mgmt FY26 guide ($4.04-4.10B, +21-22%) as "may be on the conservative side" | I55: 0.21 | J55: 0.19 | K55: 0.17 | L55: 0.15 | M55: 0.13 | N55: 0.1 | O55: 0.09 | P55: 0.09 | Q55: 0.08 | R55: 0.07
C56: • FY27E: 19% — expectations of mid-high teens; we taper from 21% conservatively
C57: • FY28-30E: 17% → 15% → 13% — gradual deceleration consistent with maturing operations
C58: • FY31-35E (terminal phase): 10% → 9% → 9% → 8% → 7% — converging to long-run SEA digital econ
C59: • Implied 10-yr revenue CAGR: ~12.7%. FY30E revenue: $7.4B. FY35E: $11.1B
C60: • FY25A consolidated revenue: USD 3,370M (segment sum ties exactly)
C61: • Segment mix: Fin Services grows 11.5% → 23.5% of mix as the fastest-growing leg
C63: 3. Conservative Income Statement Assumptions
C64: Line item | D64: FY25A | E64: FY26E | F64: FY30E | G64: FY35E | H64: Comment
C65: COGS % of revenue | D65: 0.568 | E65: 0.565 | F65: 0.545 | G65: 0.535 | H65: Marginal scale, food delivery margin pressure
C66: G&A % of revenue | D66: 0.04 | E66: 0.05 | F66: 0.041 | G66: 0.036 | H66: Step-down with scale
C67: S&M % of revenue | D67: 0.109 | E67: 0.108 | F67: 0.098 | G67: 0.09 | H67: Variable cost — improvement with scale
C68: R&D % of revenue | D68: 0.127 | E68: 0.125 | F68: 0.105 | G68: 0.09 | H68: Higher upfront FinServ + AI; declines
C69: Other (Income)/Expense, Operating % of revenue | D69: 0.005 | E69: 0.005 | F69: 0.005 | G69: 0.005 | H69: Stable Operating Efficiency
C70: EBIT margin | D70: 0.066 | E70: 0.079 | F70: 0.154 | G70: 0.202 | H70: Drives the operating leverage story
C71: EBITDA margin | D71: 0.117 | E71: 0.129 | F71: 0.204 | G71: 0.252 | H71: Conservative 18-22% by FY28-30
C72: Effective tax rate | D72: ~31% | E72: 0.17 | F72: 0.17 | G72: 0.17 | H72: Singapore statutory 17% (template default)
C73: Capex % of revenue | D73: 0.077 | E73: 0.03 | F73: 0.03 | G73: 0.03 | H73: 2% maintenance + 1% expansionary
C74: NWC % of revenue | D74: ~1.5% | E74: 0.015 | F74: 0.015 | G74: 0.015 | H74: Asset-light model
C76: 4. WACC Build (USD-denominated: US 10Y base + SEA emerging-market premium)
C77: Component | D77: Value | E77: Source / rationale
C78: Risk-free rate (10Y UST) | D78: 0.0418 | E78: Capital IQ US 10-yr Treasury yield (live)
C79: Equity Risk Premium | D79: 0.041 | E79: Damodaran implied US ERP Dec 2025
C80: Unlevered Beta (peer median) | D80: 1.397 | E80: 10-peer median (Hamada-unlevered from live CIQ adj. beta)
C81: Relevered Beta | D81: 1.489 | E81: Unlevered × (1+(1-tax)×D/E)
C82: Country Risk Premium | D82: 0 | E82: SEA blended (Indonesia/Malaysia/Philippines weighted)
C83: Size Premium | D83: 0 | E83: Grab is $20B mid-cap — no Duff & Phelps add-on
C84: Cost of Equity | D84: 0.1178 | E84: Rf + Beta×(ERP + Size)
C85: Borrowing rate | D85: 0.06 | E85: USD A-rated 10Y + ~80bps SEA spread
C86: Cost of Debt (after-tax) | D86: 0.0498 | E86: Borrow × (1 - 17% tax)
C87: D/E ratio (peer median) | D87: 0.0791 | E87: 10-peer median live CIQ
C88: WACC | D88: 0.099 | E88: E_w × Ce + D_w × Cd_after_tax
C90: 5. Final Triangulation — All Approaches (USD per share)
C91: Methodology | D91: Equity (USD M) | E91: USD/share | F91: vs $3.50 | G91: Comments
C92: Current Market Price | D92: — | E92: 3.5 | F92: 0 | G92: Spot at valuation date 31 Dec 2025
C94: DCF (FULL MODEL v3) | D94: 19225 | E94: 4.7 | F94: 0.34 | G94: WACC 11.29%, TV 3%, 10-yr horizon
C95: Market — Q1 (Low) | D95: 12262 | E95: 3 | F95: -0.14 | G95: EV/Rev 1.18x × FY25 Rev $3,370M
C96: Market — Median (Base) | D96: 16760 | E96: 4.1 | F96: 0.17 | G96: EV/Rev 2.17x (10-peer median, live CIQ)
C97: Market — Q3 (High) | D97: 22276 | E97: 5.45 | F97: 0.56 | G97: Q3 EV/Rev 3.39x
C99: Original Report PT | D99: — | E99: 5 | F99: 0.43 | G99: Triangulated DCF/Rel/SOTP/Consensus
C100: Bloomberg consensus | D100: — | E100: 6.12 | F100: 0.75 | G100: Average of 18 sell-side analysts
C102: 6. Recommendation: BUY
C104: TRIANGULATED FAIR VALUE: USD $4.00 – $5.50 per share (midpoint $4.75, +36% upside from $3.50)
C106: This model with live CIQ peer data confirms the BUY recommendation:
C107: • DCF gives $4.70 (+34%) — between the report PT ($5.00) and market median
C108: • Market median EV/Revenue (2.17x) gives $4.10 (+17%)
C109: • Market Q3 (peer best-quartile) gives $5.45 — same as report PT
C111: WHAT TO BELIEVE:
C112: This model with a 11.29% WACC and 2.17x peer-median EV/Revenue produces a DCF of $4.70
C113: and market median of $4.10. This range ($3.00-$5.45) is fully supportive of a BUY rating with the
C114: $5.00 report PT representing the upper-conservative bound and JPM's $5.90 representing aggressive upside.
C116: 7. Peer Analysis (Live Capital IQ data, 10 peers — in USD)
C117: Peer | D117: Ticker | E117: MC USD m | F117: EV/Rev | G117: EBIT % | H117: Adj Beta | I117: Country
...

Sheet IS
C3: Income Statement (Fiscal Year)
C4: Downloaded on: 23-May-2026 | D4: Summary Stats
C5: Company: Grab Holdings (NAS: GRAB) | D5: Median | E5: Mean | F5: Min | G5: Max | H5: 25th pctile | I5: 75th pctile | J5: Std. Dev | K5: Coefficient of Variation | M5: FY 2025 | N5: FY 2024 | O5: FY 2023 | P5: FY 2022 | Q5: FY 2021 | R5: FY 2020 | S5: FY 2019 | T5: FY 2018 | U5: FY 2017 | V5: FY 2015 | W5: FY 2014 | X5: FY 2013
M6: End: 31-Dec-2025 | N6: End: 31-Dec-2024 | O6: End: 31-Dec-2023 | P6: End: 31-Dec-2022 | Q6: End: 31-Dec-2021 | R6: End: 31-Dec-2020 | S6: End: 31-Dec-2019 | T6: End: 31-Dec-2018 | U6: End: 31-Dec-2017 | V6: End: 31-Dec-2015 | W6: End: 31-Dec-2014 | X6: End: 31-Dec-2013
C7: Amount in thousands (USD) (except Ratios, Multiples & per share items) | M7: Filed: 06-Mar-2026 | N7: Filed: 06-Mar-2026 | O7: Filed: 06-Mar-2026 | P7: Filed: 14-Mar-2025 | Q7: Filed: 28-Mar-2024 | R7: Filed: 26-Apr-2023 | S7: Filed: 28-Apr-2022 | T7: View | U7: View | V7: View
M8: View 20-F | N8: View 20-F | O8: View 20-F | P8: View 20-F | Q8: View 20-F | R8: View 20-F | S8: View 20-F
C11: Gross Profit
C12: Revenue
C13: Business Revenue | D13: 1433000 | E13: 1465429 | F13: -845000 | G13: 3370000 | H13: 572000 | I13: 2578000 | J13: 1480750 | K13: 1.01 | M13: 3370000 | N13: 2797000 | O13: 2359000 | P13: 1433000 | Q13: 675000 | R13: 469000 | S13: -845000
C14: Total Revenue | D14: 254595 | E14: 861057 | F14: -845000 | G14: 3370000 | H14: 3574 | I14: 1664500 | J14: 1324367 | K14: 1.54 | M14: 3370000 | N14: 2797000 | O14: 2359000 | P14: 1433000 | Q14: 675000 | R14: 469000 | S14: -845000 | T14: 40190 | U14: 3756 | V14: 27000 | W14: 3030 | X14: 713
C15: Cost of Revenue | D15: 1356000 | E15: 1392143 | F15: 963000 | G15: 1914000 | H15: 1195000 | I15: 1561000 | J15: 324422 | K15: 0.23 | M15: 1914000 | N15: 1623000 | O15: 1499000 | P15: 1356000 | Q15: 1070000 | R15: 963000 | S15: 1320000
C16: Total Gross Profit | D16: 77000 | E16: 73286 | F16: -2165000 | G16: 1456000 | H16: -444500 | I16: 1017000 | J16: 1244550 | K16: 16.98 | M16: 1456000 | N16: 1174000 | O16: 860000 | P16: 77000 | Q16: -395000 | R16: -494000 | S16: -2165000
C17: Operating (Income)/Expenses
C18: Selling, General and Administrative Expenses
C19: General and Administrative Expenses | D19: 512000 | E19: 477286 | F19: 304000 | G19: 646000 | H19: 392500 | I19: 547000 | J19: 124269 | K19: 0.26 | M19: 459000 | N19: 512000 | O19: 550000 | P19: 646000 | Q19: 544000 | R19: 326000 | S19: 304000
C20: Selling and Marketing Expenses | D20: 278000 | E20: 270286 | F20: 151000 | G20: 367000 | H20: 239500 | I20: 308500 | J20: 69454 | K20: 0.26 | M20: 367000 | N20: 324000 | O20: 293000 | P20: 278000 | Q20: 241000 | R20: 151000 | S20: 238000
C21: Total Selling, General and Administrative Expenses | D21: 826000 | E21: 747571 | F21: 477000 | G21: 924000 | H21: 663500 | I21: 839500 | J21: 168856 | K21: 0.23 | M21: 826000 | N21: 836000 | O21: 843000 | P21: 924000 | Q21: 785000 | R21: 477000 | S21: 542000
C22: Research and Development Expenses | D22: 410000 | E22: 366857 | F22: 231000 | G22: 465000 | H22: 306500 | I22: 424500 | J22: 90191 | K22: 0.25 | M22: 428000 | N22: 410000 | O22: 421000 | P22: 465000 | Q22: 356000 | R22: 257000 | S22: 231000
C23: Other (Income)/Expense, Operating
C24: Income from Grants Received, Operating | D24: -7000 | E24: -6800 | F24: -18000 | G24: 0 | H24: -8000 | I24: -1000 | J24: 7190 | K24: -1.06 | O24: -1000 | P24: -7000 | Q24: -8000 | R24: -18000 | S24: 0
C25: Other Income, Operating | D25: -15000 | E25: -13714 | F25: -20000 | G25: -4000 | H25: -16500 | I25: -12000 | J25: 5251 | K25: -0.38 | M25: -20000 | N25: -17000 | O25: -16000 | P25: -10000 | Q25: -4000 | R25: -15000 | S25: -14000
C26: Total Other (Income)/Expense, Operating | D26: -17000 | E26: -18571 | F26: -33000 | G26: -12000 | H26: -18500 | I26: -15500 | J26: 6852 | K26: -0.37 | M26: -20000 | N26: -17000 | O26: -17000 | P26: -17000 | Q26: -12000 | R26: -33000 | S26: -14000
C27: Total Operating (Income)/Expenses | D27: 1229000 | E27: 1095857 | F27: 701000 | G27: 1372000 | H27: 944000 | I27: 1240500 | J27: 260254 | K27: 0.24 | M27: 1234000 | N27: 1229000 | O27: 1247000 | P27: 1372000 | Q27: 1129000 | R27: 701000 | S27: 759000
C28: Total Operating Profit/(Loss) | D28: -1195000 | E28: -1022571 | F28: -2924000 | G28: 222000 | H28: -1409500 | I28: -221000 | J28: 1069261 | K28: -1.05 | M28: 222000 | N28: -55000 | O28: -387000 | P28: -1295000 | Q28: -1524000 | R28: -1195000 | S28: -2924000
C29: Non-Operating Income/(Expenses)
C30: Net Finance (Income)/Expense
C31: Net Interest (Income)/Expense
C32: Interest Expense Net of Capitalized Interest | D32: 99000 | E32: 507791 | F32: 1234 | G32: 1701000 | H32: 41000 | I32: 1053000 | J32: 687279 | K32: 1.35 | M32: 71000 | N32: 41000 | O32: 99000 | P32: 165000 | Q32: 1701000 | R32: 1433000 | S32: 1053000 | T32: 5885 | U32: 1234
C33: Interest Income | D33: 137000 | E33: 126667 | F33: 26000 | G33: 197000 | H33: 83750 | I33: 182000 | J33: 68266 | K33: 0.54 | M33: 167000 | N33: 187000 | O33: 197000 | P33: 107000 | Q33: 26000 | S33: 76000
C34: Total Net Interest (Income)/Expense | D34: -1234 | E34: 421764 | F34: -146000 | G34: 1675000 | H34: -96000 | I34: 977000 | J34: 729401 | K34: 1.73 | M34: -96000 | N34: -146000 | O34: -98000 | P34: 58000 | Q34: 1675000 | R34: 1433000 | S34: 977000 | T34: -5885 | U34: -1234
C35: Other Finance (Income)/Expenses
C36: Other Finance Income | D36: 31000 | E36: 31000 | F36: 31000 | G36: 31000 | H36: 31000 | I36: 31000 | M36: 31000
C37: Other Finance Expenses | D37: 0 | E37: 117667 | F37: 0 | G37: 353000 | H37: 0 | I37: 176500 | J37: 203805 | K37: 1.73 | Q37: 353000 | R37: 0 | S37: 0
C38: Total Other Finance (Income)/Expenses | D38: 0 | E38: 80500 | F38: -31000 | G38: 353000 | H38: -7750 | I38: 88250 | J38: 182253 | K38: 2.26 | M38: -31000 | Q38: 353000 | R38: 0 | S38: 0
C39: Total Net Finance (Income)/Expense | D39: 58000 | E39: 589286 | F39: -146000 | G39: 2028000 | H39: -112500 | I39: 1205000 | J39: 888858 | K39: 1.51 | M39: -127000 | N39: -146000 | O39: -98000 | P39: 58000 | Q39: 2028000 | R39: 1433000 | S39: 977000
C40: Net Investment Income
C41: Fair Value or Unrealized Gain/(Loss) on Financial Assets | D41: -1500 | E41: -44167 | F41: -294000 | G41: 37000 | H41: -30000 | I41: 25500 | J41: 125528 | K41: -2.84 | M41: 34000 | O41: -39000 | P41: -294000 | Q41: 37000 | R41: 0 | S41: -3000
C42: Income from Associates, Joint Ventures and Other Participating Interests | D42: -8000 | E42: -6333 | F42: -8000 | G42: 1000 | H42: -8000 | I42: -7250 | J42: 3615 | K42: -0.57 | M42: 1000 | N42: -8000 | O42: -7000 | P42: -8000 | Q42: -8000 | R42: -8000
C43: Gain/(Loss) on Foreign Exchange | D43: 2000 | E43: -143 | F43: -65000 | G43: 42000 | H43: 0 | I43: 10000 | J43: 32137 | K43: -224.96 | M43: 42000 | N43: -65000 | O43: 1000 | P43: -1000 | Q43: 2000 | R43: 11000 | S43: 9000
C44: Total Net Investment Income | D44: 3000 | E44: -43429 | F44: -303000 | G44: 77000 | H44: -59000 | I44: 18500 | J44: 124429 | K44: -2.87 | M44: 77000 | N44: -73000 | O44: -45000 | P44: -303000 | Q44: 31000 | R44: 3000 | S44: 6000
C45: Irregular (Income)/Expenses
C46: Goodwill Impairment/Write Off | D46: 18000 | E46: 16750 | F46: 3000 | G46: 28000 | H46: 6750 | I46: 28000 | J46: 13150 | K46: 0.79 | P46: 3000 | Q46: 8000 | R46: 28000 | S46: 28000
C47: Impairment/Write Off/Write Down of Other Assets | D47: 72000 | E47: 74000 | F47: 19000 | G47: 140000 | H47: 57000 | I47: 86500 | J47: 37466 | K47: 0.51 | M47: 140000 | N47: 95000 | O47: 72000 | P47: 58000 | Q47: 19000 | R47: 78000 | S47: 56000
C48: Restructuring and Reorganization (Income)/Expense | D48: 12000 | E48: 18200 | F48: 1000 | G48: 56000 | H48: 8000 | I48: 14000 | J48: 21707 | K48: 1.19 | M48: 12000 | N48: 14000 | O48: 56000 | P48: 8000 | Q48: 1000
C49: Total Irregular (Income)/Expenses | D49: 106000 | E49: 96571 | F49: 28000 | G49: 152000 | H49: 76500 | I49: 118500 | J49: 40669 | K49: 0.42 | M49: 152000 | N49: 109000 | O49: 128000 | P49: 69000 | Q49: 28000 | R49: 106000 | S49: 84000
C50: Other Income/(Expense), Non-Operating | D50: -4000 | E50: -5571 | F50: -12000 | G50: -2000 | H50: -7000 | I50: -3500 | J50: 3599 | K50: -0.65 | M50: -5000 | N50: -4000 | O50: -4000 | P50: -9000 | Q50: -3000 | R50: -12000 | S50: -2000
C51: Total Non-Operating Income/(Expenses), Total | D51: -439000 | E51: -734857 | F51: -2028000 | G51: 47000 | H51: -1302500 | I51: -59500 | J51: 821483 | K51: -1.12 | M51: 47000 | N51: -40000 | O51: -79000 | P51: -439000 | Q51: -2028000 | R51: -1548000 | S51: -1057000
C52: Pretax Income | D52: -466000 | E52: -1388777 | F52: -3981000 | G52: 269000 | H52: -2743000 | I52: -95000 | J52: 1657135 | K52: -1.19 | M52: 269000 | N52: -95000 | O52: -466000 | P52: -1734000 | Q52: -3552000 | R52: -2743000 | S52: -3981000 | T52: -180001 | U52: -16994
C53: Provision for Income Tax | D53: 7000 | E53: 24143 | F53: 2000 | G53: 69000 | H53: 4500 | I53: 41000 | J53: 29180 | K53: 1.21 | M53: 69000 | N53: 63000 | O53: 19000 | P53: 6000 | Q53: 3000 | R53: 2000 | S53: 7000
C54: Net Income from Continuing Operations | D54: -1740000 | E54: -1781571 | F54: -3988000 | G54: 200000 | H54: -3150000 | I54: -321500 | J54: 1692484 | K54: -0.95 | M54: 200000 | N54: -158000 | O54: -485000 | P54: -1740000 | Q54: -3555000 | R54: -2745000 | S54: -3988000
C55: Net Income after Extraordinary Items and Discontinued Operations | D55: -1740000 | E55: -1781571 | F55: -3988000 | G55: 200000 | H55: -3150000 | I55: -321500 | J55: 1692484 | K55: -0.95 | M55: 200000 | N55: -158000 | O55: -485000 | P55: -1740000 | Q55: -3555000 | R55: -2745000 | S55: -3988000
C56: Non-Controlling/Minority Interests | D56: -68000 | E56: -101857 | F56: -241000 | G56: -51000 | H56: -121500 | I56: -55000 | J56: 69216 | K56: -0.68 | M56: -68000 | N56: -53000 | O56: -51000 | P56: -57000 | Q56: -106000 | R56: -137000 | S56: -241000
C57: Net Income after Non-Controlling/Minority Interests | D57: -1683000 | E57: -1679714 | F57: -3747000 | G57: 268000 | H57: -3028500 | I57: -269500 | J57: 1637625 | K57: -0.97 | M57: 268000 | N57: -105000 | O57: -434000 | P57: -1683000 | Q57: -3449000 | R57: -2608000 | S57: -3747000
C58: Net Income Available to Common Stockholders | D58: -434000 | E58: -1328421 | F58: -3747000 | G58: 268000 | H58: -2608000 | I58: -105000 | J58: 1580808 | K58: -1.19 | M58: 268000 | N58: -105000 | O58: -434000 | P58: -1683000 | Q58: -3449000 | R58: -2608000 | S58: -3747000 | T58: -180795 | U58: -16994
C59: Diluted Net Income Available to Common Stockholders | D59: -1683000 | E59: -1679714 | F59: -3747000 | G59: 268000 | H59: -3028500 | I59: -269500 | J59: 1637625 | K59: -0.97 | M59: 268000 | N59: -105000 | O59: -434000 | P59: -1683000 | Q59: -3449000 | R59: -2608000 | S59: -3747000
C60: Basic EPS
C61: Basic EPS from Continuing Operations | D61: -0.28 | E61: -1.26 | F61: -6.39 | G61: 0.07 | H61: -0.61 | I61: -0.05 | J61: 2.53 | K61: -2.01 | M61: 0.07 | N61: -0.03 | O61: -0.11 | P61: -0.44 | Q61: -6.39 | R61: -0.66
C62: Total Basic EPS | D62: -0.28 | E62: -1.26 | F62: -6.39 | G62: 0.07 | H62: -0.61 | I62: -0.05 | J62: 2.53 | K62: -2.01 | M62: 0.07 | N62: -0.03 | O62: -0.11 | P62: -0.44 | Q62: -6.39 | R62: -0.66
C63: Diluted EPS
C64: Diluted EPS from Continuing Operations | D64: -0.28 | E64: -1.26 | F64: -6.39 | G64: 0.06 | H64: -0.61 | I64: -0.05 | J64: 2.53 | K64: -2 | M64: 0.06 | N64: -0.03 | O64: -0.11 | P64: -0.44 | Q64: -6.39 | R64: -0.66
C65: Total Diluted EPS | D65: -0.28 | E65: -1.26 | F65: -6.39 | G65: 0.06 | H65: -0.61 | I65: -0.05 | J65: 2.53 | K65: -2 | M65: 0.06 | N65: -0.03 | O65: -0.11 | P65: -0.44 | Q65: -6.39 | R65: -0.66
C66: Basic Weighted Average Shares Outstanding | D66: 3922004612 | E66: 3380972704 | F66: 539947000 | G66: 4092151000 | H66: 3834550000 | I66: 3983749056 | J66: 1394946647 | K66: 0.41 | M66: 4092151000 | N66: 3995237000 | O66: 3894724000 | P66: 3814492000 | Q66: 539947000 | R66: 3949285223
C67: Diluted Weighted Average Shares Outstanding | D67: 3922004612 | E67: 3443391982 | F67: 539947000 | G67: 4466666667 | H67: 3834550000 | I67: 3983749056 | J67: 1440760948 | K67: 0.42 | M67: 4466666667 | N67: 3995237000 | O67: 3894724000 | P67: 3814492000 | Q67: 539947000 | R67: 3949285223
C68: Income Statement Supplemental Section
C69: Per Share Calculations
C70: EBITDA per Share | D70: -0.17 | E70: -0.59 | F70: -2.84 | G70: 0.08 | H70: -0.36 | I70: -0.04 | J70: 1.11 | K70: -1.9 | M70: 0.08 | N70: -0.02 | O70: -0.11 | P70: -0.4 | Q70: -2.84 | R70: -0.23
C71: EBITDAR per Share | D71: -0.17 | E71: -0.59 | F71: -2.84 | G71: 0.08 | H71: -0.36 | I71: -0.04 | J71: 1.11 | K71: -1.9 | M71: 0.08 | N71: -0.02 | O71: -0.11 | P71: -0.4 | Q71: -2.84 | R71: -0.23
C72: Basic EPS (Normalized) | D72: -0.11 | E72: -1.06 | F72: -5.72 | G72: 0.14 | H72: -0.51 | I72: 0.05 | J72: 2.3 | K72: -2.17 | M72: 0.14 | N72: 0.06 | O72: 0.01 | P72: -0.24 | Q72: -5.72 | R72: -0.6
C73: Diluted EPS (Normalized) | D73: -0.11 | E73: -1.06 | F73: -5.72 | G73: 0.12 | H73: -0.51 | I73: 0.05 | J73: 2.3 | K73: -2.17 | M73: 0.12 | N73: 0.06 | O73: 0.01 | P73: -0.24 | Q73: -5.72 | R73: -0.6
C74: Normalized EBITDA per Share | D74: -0.1 | E74: -0.3 | F74: -1.56 | G74: 0.11 | H74: -0.21 | I74: 0.06 | J74: 0.63 | K74: -2.13 | M74: 0.11 | N74: 0.08 | O74: -0.01 | P74: -0.21 | Q74: -1.56 | R74: -0.2
C75: Normalized EBITDAR per Share | D75: -0.08 | E75: -0.38 | F75: -2.17 | G75: 0.16 | H75: -0.19 | I75: 0.06 | J75: 0.89 | K75: -2.32 | M75: 0.16 | N75: 0.07 | O75: 0.01 | P75: -0.2 | Q75: -2.17 | R75: -0.17
C76: Recommended Normalized Basic EPS | D76: -0.11 | E76: -1.06 | F76: -5.72 | G76: 0.14 | H76: -0.51 | I76: 0.05 | J76: 2.3 | K76: -2.17 | M76: 0.14 | N76: 0.06 | O76: 0.01 | P76: -0.24 | Q76: -5.72 | R76: -0.6
C77: Recommended Normalized Diluted EPS | D77: -0.11 | E77: -1.06 | F77: -5.72 | G77: 0.12 | H77: -0.51 | I77: 0.05 | J77: 2.3 | K77: -2.17 | M77: 0.12 | N77: 0.06 | O77: 0.01 | P77: -0.24 | Q77: -5.72 | R77: -0.6
C78: Sales per Share | D78: 0.65 | E78: 0.63 | F78: 0.12 | G78: 1.25 | H78: 0.43 | I78: 0.74 | J78: 0.38 | K78: 0.6 | M78: 0.75 | N78: 0.7 | O78: 0.61 | P78: 0.38 | Q78: 1.25 | R78: 0.12
C79: Reported Normalized and Operating Income/Expense Supplemental Section
C80: Reported Total Revenue | D80: 1433000 | E80: 1465429 | F80: -845000 | G80: 3370000 | H80: 572000 | I80: 2578000 | J80: 1480750 | K80: 1.01 | M80: 3370000 | N80: 2797000 | O80: 2359000 | P80: 1433000 | Q80: 675000 | R80: 469000 | S80: -845000
C81: Reported Total Operating Profit/Loss | D81: -1298000 | E81: -1122571 | F81: -3010000 | G81: 65000 | H81: -1464000 | I81: -343500 | J81: 1043128 | K81: -0.93 | M81: 65000 | N81: -168000 | O81: -519000 | P81: -1373000 | Q81: -1555000 | R81: -1298000 | S81: -3010000
C82: Reported Normalized EBITDA | D82: -780000 | E82: -454000 | F82: -1554000 | G82: 500000 | H82: -817500 | I82: 145500 | J82: 737876 | K82: -1.63 | M82: 500000 | N82: 313000 | O82: -22000 | P82: -793000 | Q82: -842000 | R82: -780000 | S82: -1554000
C83: Profitability Metrics
C84: Unadjusted Profitability Metrics
C85: EBITDA | D85: -923000 | E85: -928714 | F85: -2357000 | G85: 350000 | H85: -1529000 | I85: -256500 | J85: 944493 | K85: -1.02 | M85: 350000 | N85: -94000 | O85: -419000 | P85: -1526000 | Q85: -1532000 | R85: -923000 | S85: -2357000
C86: EBITA | D86: -1049000 | E86: -1052714 | F86: -2466000 | G86: 205000 | H86: -1648000 | I86: -381500 | J86: 934871 | K86: -0.89 | M86: 205000 | N86: -216000 | O86: -547000 | P86: -1655000 | Q86: -1641000 | R86: -1049000 | S86: -2466000
C87: EBIT | D87: -564000 | E87: -965431 | F87: -3004000 | G87: 173000 | H87: -1676000 | I87: -174116 | J87: 1067730 | K87: -1.11 | M87: 173000 | N87: -241000 | O87: -564000 | P87: -1676000 | Q87: -1877000 | R87: -1310000 | S87: -3004000 | T87: -174116 | U87: -15760
C88: EBITDAR | D88: -923000 | E88: -928714 | F88: -2357000 | G88: 350000 | H88: -1529000 | I88: -256500 | J88: 944493 | K88: -1.02 | M88: 350000 | N88: -94000 | O88: -419000 | P88: -1526000 | Q88: -1532000 | R88: -923000 | S88: -2357000
C89: Interest and Dividend Income | D89: 137000 | E89: 126667 | F89: 26000 | G89: 197000 | H89: 83750 | I89: 182000 | J89: 68266 | K89: 0.54 | M89: 167000 | N89: 187000 | O89: 197000 | P89: 107000 | Q89: 26000 | S89: 76000
C90: Tax Effect of Unusual Items | D90: 0 | E90: 7695 | F90: 0 | G90: 92342 | H90: 0 | I90: 0 | J90: 26657 | K90: 3.46 | M90: 92342 | N90: 0 | O90: 0 | P90: 0 | Q90: 0 | R90: 0 | S90: 0 | T90: 0 | U90: 0 | V90: 0 | W90: 0 | X90: 0
C91: Total Unusual Items | D91: 218500 | E91: 230917 | F91: 0 | G91: 776000 | H91: 0 | I91: 364500 | J91: 247532 | K91: 1.07 | M91: 360000 | N91: 378000 | O91: 460000 | P91: 776000 | Q91: 360000 | R91: 254000 | S91: 183000 | T91: 0 | U91: 0 | V91: 0 | W91: 0 | X91: 0
C92: Total Unusual Items Excluding Goodwill | D92: 190500 | E92: 225333 | F92: 0 | G92: 773000 | H92: 0 | I92: 364500 | J92: 247040 | K92: 1.1 | M92: 360000 | N92: 378000 | O92: 460000 | P92: 773000 | Q92: 352000 | R92: 226000 | S92: 155000 | T92: 0 | U92: 0 | V92: 0 | W92: 0 | X92: 0
C93: Cost of Revenue and Operating Expense | D93: 2745000 | E93: 2506571 | F93: 1697000 | G93: 3168000 | H93: 2152000 | I93: 2816000 | J93: 517245 | K93: 0.21 | M93: 3168000 | N93: 2869000 | O93: 2763000 | P93: 2745000 | Q93: 2211000 | R93: 1697000 | S93: 2093000
C94: Net Operating Profit After Tax (NOPAT) | D94: -1312000 | E94: -1234768 | F94: -3011000 | G94: 128625 | H94: -1781000 | I94: -443500 | J94: 1074498 | K94: -0.87 | M94: 128625 | N94: -304000 | O94: -583000 | P94: -1682000 | Q94: -1880000 | R94: -1312000 | S94: -3011000
C95: Income After Taxes | D95: -485000 | E95: -1407643 | F95: -3988000 | G95: 200000 | H95: -2745000 | I95: -158000 | J95: 1643351 | K95: -1.17 | M95: 200000 | N95: -158000 | O95: -485000 | P95: -1740000 | Q95: -3555000 | R95: -2745000 | S95: -3988000 | T95: -180795 | U95: -16994
C96: Normalized Profitability Metrics
C97: EBITDA (Normalized) | D97: -780000 | E97: -454000 | F97: -1554000 | G97: 500000 | H97: -817500 | I97: 145500 | J97: 737876 | K97: -1.63 | M97: 500000 | N97: 313000 | O97: -22000 | P97: -793000 | Q97: -842000 | R97: -780000 | S97: -1554000
C98: EBIT (Normalized) | D98: -174116 | E98: -657542 | F98: -2821000 | G98: 533000 | H98: -1056000 | I98: -15760 | J98: 1039077 | K98: -1.58 | M98: 533000 | N98: 137000 | O98: -104000 | P98: -900000 | Q98: -1517000 | R98: -1056000 | S98: -2821000 | T98: -174116 | U98: -15760
C99: EBITDAR (Normalized) | D99: -669000 | E99: -532857 | F99: -2174000 | G99: 710000 | H99: -961000 | I99: 162500 | J99: 975432 | K99: -1.83 | M99: 710000 | N99: 284000 | O99: 41000 | P99: -750000 | Q99: -1172000 | R99: -669000 | S99: -2174000
C100: Net Income (Normalized) | D100: -964000 | E100: -1398906 | F100: -3805000 | G100: 467658 | H100: -2843000 | I100: 97500 | J100: 1750695 | K100: -1.25 | M100: 467658 | N100: 220000 | O100: -25000 | P100: -964000 | Q100: -3195000 | R100: -2491000 | S100: -3805000
C101: Analyst Normalized Profitability Metrics
C102: EBITDA (Analyst Normalized) | D102: 88000 | E102: -10750 | F102: -805000 | G102: 586000 | H102: -210250 | I102: 287500 | J102: 584935 | K102: -54.41 | M102: 586000 | N102: 188000 | O102: -12000 | P102: -805000
C103: EBIT (Analyst Normalized) | D103: -58000 | E103: -165500 | F103: -955000 | G103: 409000 | H103: -356500 | I103: 133000 | J103: 576216 | K103: -3.48 | M103: 409000 | N103: 41000 | O103: -157000 | P103: -955000
C104: Net Income (Analyst Normalized) | D104: 75500 | E104: -77000 | F104: -962000 | G104: 503000 | H104: -260750 | I104: 259250 | J104: 629060 | K104: -8.17 | M104: 503000 | N104: 178000 | O104: -27000 | P104: -962000
...

Sheet BS
C3: Balance Sheet (Fiscal Year)
C4: Downloaded on: 23-May-2026 | D4: Summary Stats
C5: Company: Grab Holdings (NAS: GRAB) | D5: Median | E5: Mean | F5: Min | G5: Max | H5: 25th pctile | I5: 75th pctile | J5: Std. Dev | K5: Coefficient of Variation | M5: FY 2025 | N5: FY 2024 | O5: FY 2023 | P5: FY 2022 | Q5: FY 2021 | R5: FY 2020 | S5: FY 2019 | T5: FY 2018 | U5: FY 2017
M6: End: 31-Dec-2025 | N6: End: 31-Dec-2024 | O6: End: 31-Dec-2023 | P6: End: 31-Dec-2022 | Q6: End: 31-Dec-2021 | R6: End: 31-Dec-2020 | S6: End: 31-Dec-2019 | T6: End: 31-Dec-2018 | U6: End: 31-Dec-2017
C7: Amount in thousands (USD) (except Ratios, Multiples & per share items) | M7: Filed: 06-Mar-2026 | N7: Filed: 06-Mar-2026 | O7: Filed: 14-Mar-2025 | P7: Filed: 28-Mar-2024 | Q7: Filed: 26-Apr-2023 | R7: Filed: 28-Apr-2022 | S7: Filed: 19-Nov-2021 | T7: View | U7: View
M8: View 20-F | N8: View 20-F | O8: View 20-F | P8: View 20-F | Q8: View 20-F | R8: View 20-F | S8: View 20-F
C11: Assets
C12: Current Assets
C13: Cash, Cash Equivalents and Short Term Investments
C14: Cash and Cash Equivalents
C15: Cash | D15: 2295500 | E15: 2187750 | F15: 1448000 | G15: 2712000 | H15: 1939250 | I15: 2544000 | J15: 553595 | K15: 0.25 | M15: 2712000 | N15: 2103000 | O15: 2488000 | P15: 1448000
C16: Cash Equivalents | D16: 685500 | E16: 684000 | F16: 504000 | G16: 861000 | H16: 613500 | I16: 756000 | J16: 148609 | K16: 0.22 | M16: 721000 | N16: 861000 | O16: 650000 | P16: 504000
C17: Total Cash and Cash Equivalents | D17: 2964000 | E17: 2814429 | F17: 1372000 | G17: 4838000 | H17: 1978000 | I17: 3285500 | J17: 1160870 | K17: 0.41 | M17: 3433000 | N17: 2964000 | O17: 3138000 | P17: 1952000 | Q17: 4838000 | R17: 2004000 | S17: 1372000
C18: Short Term Investments
C19: Available-for-Sale Securities, Current | D19: 22000 | E19: 22000 | F19: 22000 | G19: 22000 | H19: 22000 | I19: 22000 | M19: 22000
C20: Other Short Term Investments | D20: 2665000 | E20: 2404857 | F20: 1243000 | G20: 3349000 | H20: 1601500 | I20: 3187000 | J20: 914066 | K20: 0.38 | M20: 3349000 | N20: 2665000 | O20: 1905000 | P20: 3134000 | Q20: 3240000 | R20: 1298000 | S20: 1243000
C21: Total Short Term Investments | D21: 2665000 | E21: 2408000 | F21: 1243000 | G21: 3371000 | H21: 1601500 | I21: 3187000 | J21: 917883 | K21: 0.38 | M21: 3371000 | N21: 2665000 | O21: 1905000 | P21: 3134000 | Q21: 3240000 | R21: 1298000 | S21: 1243000
C22: Total Cash, Cash Equivalents and Short Term Investments | D22: 5086000 | E22: 5222429 | F22: 2615000 | G22: 8078000 | H22: 4172500 | I22: 6216500 | J22: 1886730 | K22: 0.36 | M22: 6804000 | N22: 5629000 | O22: 5043000 | P22: 5086000 | Q22: 8078000 | R22: 3302000 | S22: 2615000
C23: Cash Restricted or Pledged, Current | D23: 153000 | E23: 153667 | F23: 139000 | G23: 169000 | H23: 146000 | I23: 161000 | J23: 15011 | K23: 0.1 | Q23: 153000 | R23: 169000 | S23: 139000
C24: Inventories | D24: 48000 | E24: 36429 | F24: 3000 | G24: 87000 | H24: 4500 | I24: 54000 | J24: 32954 | K24: 0.9 | M24: 87000 | N24: 59000 | O24: 49000 | P24: 48000 | Q24: 4000 | R24: 3000 | S24: 5000
C25: Trade and Other Receivables, Current
C26: Trade/Accounts Receivable, Current
C27: Gross Trade/Accounts Receivable, Current | D27: 124000 | E27: 132429 | F27: 95000 | G27: 169000 | H27: 118500 | I27: 151000 | J27: 26114 | K27: 0.2 | M27: 169000 | N27: 161000 | O27: 141000 | P27: 120000 | Q27: 117000 | R27: 124000 | S27: 95000
C28: Allowance/Adjustments for Trade/Accounts Receivable, Current | D28: -23000 | E28: -26571 | F28: -40000 | G28: -20000 | H28: -29500 | I28: -22000 | J28: 7300 | K28: -0.27 | M28: -33000 | N28: -23000 | O28: -22000 | P28: -20000 | Q28: -22000 | R28: -40000 | S28: -26000
C29: Total Trade/Accounts Receivable, Current | D29: 100000 | E29: 105857 | F29: 69000 | G29: 138000 | H29: 89500 | I29: 127500 | J29: 26150 | K29: 0.25 | M29: 136000 | N29: 138000 | O29: 119000 | P29: 100000 | Q29: 95000 | R29: 84000 | S29: 69000
C30: Loans Receivable, Current | D30: 185000 | E30: 262714 | F30: 31000 | G30: 760000 | H30: 80000 | I30: 351500 | J30: 259377 | K30: 0.99 | M30: 760000 | N30: 431000 | O30: 272000 | P30: 185000 | Q30: 107000 | R30: 31000 | S30: 53000
C31: Taxes Receivable, Current | D31: 34000 | E31: 40000 | F31: 25000 | G31: 71000 | H31: 28000 | I31: 47000 | J31: 16422 | K31: 0.41 | M31: 34000 | N31: 26000 | O31: 30000 | P31: 46000 | Q31: 48000 | R31: 25000 | S31: 71000
C32: Other Receivables, Current | D32: 77000 | E32: 75286 | F32: 53000 | G32: 104000 | H32: 62500 | I32: 84000 | J32: 17708 | K32: 0.24 | M32: 104000 | N32: 68000 | O32: 77000 | P32: 87000 | Q32: 53000 | R32: 57000 | S32: 81000
C33: General Allowance for Receivables and Write Offs, Current | D33: -12500 | E33: -13000 | F33: -15000 | G33: -12000 | H33: -13500 | I33: -12000 | J33: 1414 | K33: -0.11 | O33: -12000 | P33: -12000 | Q33: -15000 | R33: -13000
C34: Total Trade and Other Receivables, Current | D34: 406000 | E34: 476429 | F34: 184000 | G34: 1034000 | H34: 281000 | I34: 574500 | J34: 292331 | K34: 0.61 | M34: 1034000 | N34: 663000 | O34: 486000 | P34: 406000 | Q34: 288000 | R34: 184000 | S34: 274000
C35: Prepayments and Deposits, Current | D35: 129000 | E35: 124286 | F35: 69000 | G35: 163000 | H35: 115500 | I35: 139000 | J35: 29887 | K35: 0.24 | M35: 144000 | N35: 134000 | O35: 163000 | P35: 124000 | Q35: 129000 | R35: 69000 | S35: 107000
C36: Other Current Assets | D36: 25500 | E36: 32333 | F36: 11000 | G36: 81000 | H36: 23250 | I36: 27750 | J36: 24606 | K36: 0.76 | M36: 11000 | N36: 81000 | O36: 27000 | P36: 24000 | Q36: 23000 | R36: 28000
C37: Total Current Assets | D37: 5688000 | E37: 4631416 | F37: 285 | G37: 8675000 | H37: 3140000 | I37: 6566000 | J37: 3165974 | K37: 0.68 | M37: 8080000 | N37: 6566000 | O37: 5768000 | P37: 5688000 | Q37: 8675000 | R37: 3755000 | S37: 3140000 | T37: 285 | U37: 10463
C38: Non-Current Assets
C39: Net Property, Plant and Equipment
C40: Gross Property, Plant and Equipment
C41: Properties
C42: Buildings and Improvements | D42: 291000 | E42: 251429 | F42: 117000 | G42: 390000 | H42: 178500 | I42: 302500 | J42: 99711 | K42: 0.4 | M42: 390000 | N42: 308000 | O42: 297000 | P42: 291000 | Q42: 228000 | R42: 129000 | S42: 117000
C43: Total Properties | D43: 291000 | E43: 251429 | F43: 117000 | G43: 390000 | H43: 178500 | I43: 302500 | J43: 99711 | K43: 0.4 | M43: 390000 | N43: 308000 | O43: 297000 | P43: 291000 | Q43: 228000 | R43: 129000 | S43: 117000
C44: Machinery, Furniture and Equipment
C45: Furniture, Fixtures and Office Equipment | D45: 139000 | E45: 126000 | F45: 78000 | G45: 178000 | H45: 93500 | I45: 150000 | J45: 37868 | K45: 0.3 | M45: 178000 | N45: 155000 | O45: 145000 | P45: 139000 | Q45: 101000 | R45: 86000 | S45: 78000
C46: Flight, Fleet, Vehicle and Related Equipment | D46: 564000 | E46: 599286 | F46: 470000 | G46: 917000 | H46: 495000 | I46: 627000 | J46: 155350 | K46: 0.26 | M46: 917000 | N46: 662000 | O46: 592000 | P46: 504000 | Q46: 470000 | R46: 486000 | S46: 564000
C47: Total Machinery, Furniture and Equipment | D47: 643000 | E47: 725286 | F47: 571000 | G47: 1095000 | H47: 607000 | I47: 777000 | J47: 185403 | K47: 0.26 | M47: 1095000 | N47: 817000 | O47: 737000 | P47: 643000 | Q47: 571000 | R47: 572000 | S47: 642000
C48: Total Gross Property, Plant and Equipment | D48: 934000 | E48: 976714 | F48: 701000 | G48: 1485000 | H48: 779000 | I48: 1079500 | J48: 270940 | K48: 0.28 | M48: 1485000 | N48: 1125000 | O48: 1034000 | P48: 934000 | Q48: 799000 | R48: 701000 | S48: 759000
C49: Accumulated Depreciation and Impairment
C50: Accumulated Depreciation
C51: Accumulated Depreciation of Properties
C52: Accumulated Depreciation of Buildings | D52: -94000 | E52: -106000 | F52: -188000 | G52: -46000 | H52: -137500 | I52: -69500 | J52: 50731 | K52: -0.48 | M52: -188000 | N52: -150000 | O52: -125000 | P52: -94000 | Q52: -67000 | R52: -72000 | S52: -46000
C53: Total Accumulated Depreciation of Properties | D53: -94000 | E53: -106000 | F53: -188000 | G53: -46000 | H53: -137500 | I53: -69500 | J53: 50731 | K53: -0.48 | M53: -188000 | N53: -150000 | O53: -125000 | P53: -94000 | Q53: -67000 | R53: -72000 | S53: -46000
C54: Accumulated Depreciation of Machinery, Furniture and Equipment
C55: Accumulated Depreciation of Furniture, Fixtures and Office Equipment | D55: -86000 | E55: -80286 | F55: -119000 | G55: -31000 | H55: -102500 | I55: -60500 | J55: 31271 | K55: -0.39 | M55: -119000 | N55: -106000 | O55: -99000 | P55: -86000 | Q55: -68000 | R55: -53000 | S55: -31000
C56: Accumulated Depreciation of Flight, Fleet, Vehicle and Related Equipments | D56: -262000 | E56: -253143 | F56: -347000 | G56: -148000 | H56: -300000 | I56: -207500 | J56: 69509 | K56: -0.27 | M56: -347000 | N56: -302000 | O56: -298000 | P56: -262000 | Q56: -223000 | R56: -192000 | S56: -148000
C57: Total Accumulated Depreciation of Machinery, Furniture and Equipment | D57: -348000 | E57: -333429 | F57: -466000 | G57: -179000 | H57: -402500 | I57: -268000 | J57: 100712 | K57: -0.3 | M57: -466000 | N57: -408000 | O57: -397000 | P57: -348000 | Q57: -291000 | R57: -245000 | S57: -179000
C58: Total Accumulated Depreciation | D58: -442000 | E58: -439429 | F58: -654000 | G58: -225000 | H58: -540000 | I58: -337500 | J58: 149735 | K58: -0.34 | M58: -654000 | N58: -558000 | O58: -522000 | P58: -442000 | Q58: -358000 | R58: -317000 | S58: -225000
C59: Total Accumulated Depreciation and Impairment | D59: -442000 | E59: -439429 | F59: -654000 | G59: -225000 | H59: -540000 | I59: -337500 | J59: 149735 | K59: -0.34 | M59: -654000 | N59: -558000 | O59: -522000 | P59: -442000 | Q59: -358000 | R59: -317000 | S59: -225000
C60: Total Net Property, Plant and Equipment | D60: 512000 | E60: 537286 | F60: 384000 | G60: 831000 | H60: 466500 | I60: 550500 | J60: 142957 | K60: 0.27 | M60: 831000 | N60: 567000 | O60: 512000 | P60: 492000 | Q60: 441000 | R60: 384000 | S60: 534000
C61: Net Intangible Assets
C62: Gross Goodwill and Other Intangible Assets
C63: Goodwill | D63: 875000 | E63: 823714 | F63: 709000 | G63: 970000 | H63: 712000 | I63: 894000 | J63: 110115 | K63: 0.13 | M63: 970000 | N63: 913000 | O63: 875000 | P63: 875000 | Q63: 712000 | R63: 712000 | S63: 709000
C64: Intangibles other than Goodwill
C65: Trademarks and Patents | D65: 69000 | E65: 59200 | F65: 0 | G65: 88000 | H65: 69000 | I65: 70000 | J65: 34069 | K65: 0.58 | M65: 88000 | N65: 70000 | O65: 69000 | P65: 69000 | Q65: 0
C66: Software and Technology | D66: 75000 | E66: 75000 | F66: 66000 | G66: 84000 | H66: 70500 | I66: 79500 | J66: 12728 | K66: 0.17 | R66: 84000 | S66: 66000
C67: Research and Development | D67: 9000 | E67: 9000 | F67: 9000 | G67: 9000 | H67: 9000 | I67: 9000 | Q67: 9000
C68: Other Intangible Assets | D68: 1771000 | E68: 1765571 | F68: 1661000 | G68: 1881000 | H68: 1701500 | I68: 1821500 | J68: 84703 | K68: 0.05 | M68: 1881000 | N68: 1844000 | O68: 1799000 | P68: 1771000 | Q68: 1742000 | R68: 1661000 | S68: 1661000
C69: Total Intangibles other than Goodwill | D69: 1840000 | E69: 1830571 | F69: 1727000 | G69: 1969000 | H69: 1748000 | I69: 1891000 | J69: 93089 | K69: 0.05 | M69: 1969000 | N69: 1914000 | O69: 1868000 | P69: 1840000 | Q69: 1751000 | R69: 1745000 | S69: 1727000
C70: Total Gross Goodwill and Other Intangible Assets | D70: 2715000 | E70: 2654286 | F70: 2436000 | G70: 2939000 | H70: 2460000 | I70: 2785000 | J70: 202324 | K70: 0.08 | M70: 2939000 | N70: 2827000 | O70: 2743000 | P70: 2715000 | Q70: 2463000 | R70: 2457000 | S70: 2436000
C71: Accumulated Amortization and Impairment
C72: Accumulated Amortization of Intangible Assets
C73: Accumulated Amortization of Goodwill | D73: -68000 | E73: -60143 | F73: -68000 | G73: -28000 | H73: -68000 | I73: -60500 | J73: 14837 | K73: -0.25 | M73: -68000 | N73: -68000 | O73: -68000 | P73: -68000 | Q73: -65000 | R73: -56000 | S73: -28000
C74: Accumulated Amortization of Intangibles other than Goodwill
C75: Accumulated Amortization of Trademarks and Patents | D75: -10000 | E75: -10800 | F75: -23000 | G75: 0 | H75: -16000 | I75: -5000 | J75: 9039 | K75: -0.84 | M75: -23000 | N75: -16000 | O75: -10000 | P75: -5000 | Q75: 0
C76: Accumulated Amortization of Software and Technology | D76: -35000 | E76: -35000 | F76: -43000 | G76: -27000 | H76: -39000 | I76: -31000 | J76: 11314 | K76: -0.32 | R76: -43000 | S76: -27000
C77: Accumulated Amortization of Other Intangible Assets | D77: -1738000 | E77: -1630714 | F77: -1791000 | G77: -1201000 | H77: -1758500 | I77: -1584000 | J77: 222749 | K77: -0.14 | M77: -1791000 | N77: -1768000 | O77: -1749000 | P77: -1738000 | Q77: -1723000 | R77: -1445000 | S77: -1201000
C78: Total Accumulated Amortization of Intangibles other than Goodwill | D78: -1743000 | E78: -1648429 | F78: -1814000 | G78: -1228000 | H78: -1771500 | I78: -1605500 | J78: 214096 | K78: -0.13 | M78: -1814000 | N78: -1784000 | O78: -1759000 | P78: -1743000 | Q78: -1723000 | R78: -1488000 | S78: -1228000
C79: Total Accumulated Amortization of Intangible Assets | D79: -1811000 | E79: -1708571 | F79: -1882000 | G79: -1256000 | H79: -1839500 | I79: -1666000 | J79: 228539 | K79: -0.13 | M79: -1882000 | N79: -1852000 | O79: -1827000 | P79: -1811000 | Q79: -1788000 | R79: -1544000 | S79: -1256000
C80: Total Accumulated Amortization and Impairment | D80: -1811000 | E80: -1708571 | F80: -1882000 | G80: -1256000 | H80: -1839500 | I80: -1666000 | J80: 228539 | K80: -0.13 | M80: -1882000 | N80: -1852000 | O80: -1827000 | P80: -1811000 | Q80: -1788000 | R80: -1544000 | S80: -1256000
C81: Total Net Intangible Assets | D81: 916000 | E81: 945714 | F81: 675000 | G81: 1180000 | H81: 908500 | I81: 1016000 | J81: 155516 | K81: 0.16 | M81: 1057000 | N81: 975000 | O81: 916000 | P81: 904000 | Q81: 675000 | R81: 913000 | S81: 1180000
C82: Long Term Investments
C83: Long Term Equity Investments | D83: 102000 | E83: 100714 | F83: 9000 | G83: 309000 | H83: 23500 | I83: 119000 | J83: 103969 | K83: 1.03 | M83: 309000 | N83: 131000 | O83: 102000 | P83: 107000 | Q83: 14000 | R83: 9000 | S83: 33000
C84: Investment in Financial Assets, Non-Current
C85: Financial Assets Designated as Fair Value Through Profit or Loss, Non-Current | D85: 559000 | E85: 678333 | F85: 377000 | G85: 1239000 | H85: 417500 | I85: 864000 | J85: 344696 | K85: 0.51 | M85: 630000 | N85: 394000 | O85: 488000 | P85: 942000 | Q85: 1239000 | R85: 377000
C86: Financial Investment Securities, Available-for-Sale & Held-to-Maturity, Non-Current
C87: Available-for-Sale Securities, Non-Current | D87: 26000 | E87: 55000 | F87: 0 | G87: 132000 | H87: 19000 | I87: 98000 | J87: 56877 | K87: 1.03 | M87: 132000 | N87: 98000 | O87: 19000 | P87: 26000 | Q87: 0
C88: Total Financial Investment Securities, Available-for-Sale & Held-to-Maturity, Non-Current | D88: 26000 | E88: 55000 | F88: 0 | G88: 132000 | H88: 19000 | I88: 98000 | J88: 56877 | K88: 1.03 | M88: 132000 | N88: 98000 | O88: 19000 | P88: 26000 | Q88: 0
C89: Other Financial Assets, Non-Current | D89: 267000 | E89: 331833 | F89: 0 | G89: 774000 | H89: 66750 | I89: 579000 | J89: 330094 | K89: 0.99 | M89: 261000 | N89: 273000 | O89: 681000 | P89: 774000 | Q89: 2000 | R89: 0
C90: Total Investment in Financial Assets, Non-Current | D90: 1105500 | E90: 1056000 | F90: 377000 | G90: 1742000 | H90: 829500 | I90: 1227750 | J90: 462397 | K90: 0.44 | M90: 1023000 | N90: 765000 | O90: 1188000 | P90: 1742000 | Q90: 1241000 | R90: 377000
C91: Other Investments, Non-Current | D91: 132000 | E91: 132000 | F91: 132000 | G91: 132000 | H91: 132000 | I91: 132000 | S91: 132000
C92: Total Long Term Investments | D92: 1255000 | E92: 1024714 | F92: 165000 | G92: 1849000 | H92: 641000 | I92: 1311000 | J92: 586076 | K92: 0.57 | M92: 1332000 | N92: 896000 | O92: 1290000 | P92: 1849000 | Q92: 1255000 | R92: 386000 | S92: 165000
C93: Trade and Other Receivables, Non-Current
C94: Loans Receivable, Non-Current | D94: 105000 | E94: 152000 | F94: 0 | G94: 420000 | H94: 87000 | I94: 148000 | J94: 159200 | K94: 1.05 | M94: 420000 | N94: 105000 | O94: 148000 | P94: 87000 | Q94: 0
C95: Other Receivables, Non-Current | D95: 5000 | E95: 5000 | F95: 5000 | G95: 5000 | H95: 5000 | I95: 5000 | S95: 5000
C96: Total Trade and Other Receivables, Non-Current | D96: 96000 | E96: 127500 | F96: 0 | G96: 420000 | H96: 25500 | I96: 137250 | J96: 154522 | K96: 1.21 | M96: 420000 | N96: 105000 | O96: 148000 | P96: 87000 | Q96: 0 | S96: 5000
C97: Prepayments and Deposits, Non-Current
C98: Prepayments, Non-Current | D98: 1000 | E98: 1000 | F98: 0 | G98: 2000 | H98: 500 | I98: 1500 | J98: 1414 | K98: 1.41 | M98: 2000 | N98: 0
C99: Deposits Paid for Business and Fixed Assets, Non-Current | D99: 123000 | E99: 109667 | F99: 4000 | G99: 176000 | H99: 106250 | I99: 129250 | J99: 57316 | K99: 0.52 | M99: 176000 | N99: 119000 | O99: 102000 | P99: 130000 | Q99: 127000 | R99: 4000
C100: Total Prepayments and Deposits, Non-Current | D100: 123000 | E100: 110000 | F100: 4000 | G100: 178000 | H100: 106250 | I100: 129250 | J100: 57782 | K100: 0.53 | M100: 178000 | N100: 119000 | O100: 102000 | P100: 130000 | Q100: 127000 | R100: 4000
C101: Deferred Tax Assets, Non-Current | D101: 38000 | E101: 38833 | F101: 0 | G101: 85000 | H101: 8750 | I101: 64250 | J101: 35290 | K101: 0.91 | M101: 85000 | N101: 67000 | O101: 56000 | P101: 20000 | Q101: 5000 | R101: 0
C102: Total Non-Current Assets | D102: 2729000 | E102: 2744571 | F102: 1687000 | G102: 3903000 | H102: 2193500 | I102: 3253000 | J102: 804309 | K102: 0.29 | M102: 3903000 | N102: 2729000 | O102: 3024000 | P102: 3482000 | Q102: 2503000 | R102: 1687000 | S102: 1884000
C103: Total Assets | D103: 8792000 | E103: 6833917 | F103: 60370 | G103: 11983000 | H103: 5024000 | I103: 9295000 | J103: 4347090 | K103: 0.64 | M103: 11983000 | N103: 9295000 | O103: 8792000 | P103: 9170000 | Q103: 11178000 | R103: 5442000 | S103: 5024000 | T103: 560881 | U103: 60370
C104: Liabilities
...

Sheet CF
C3: Cash Flow (Fiscal Year)
C4: Downloaded on: 23-May-2026 | D4: Summary Stats
C5: Company: Grab Holdings (NAS: GRAB) | D5: Median | E5: Mean | F5: Min | G5: Max | H5: 25th pctile | I5: 75th pctile | J5: Std. Dev | K5: Coefficient of Variation | M5: FY 2025 | N5: FY 2024 | O5: FY 2023 | P5: FY 2022 | Q5: FY 2021 | R5: FY 2020 | S5: FY 2019 | T5: FY 2018 | U5: FY 2017
M6: End: 31-Dec-2025 | N6: End: 31-Dec-2024 | O6: End: 31-Dec-2023 | P6: End: 31-Dec-2022 | Q6: End: 31-Dec-2021 | R6: End: 31-Dec-2020 | S6: End: 31-Dec-2019 | T6: End: 31-Dec-2018 | U6: End: 31-Dec-2017
C7: Amount in thousands (USD) (except Ratios, Multiples & per share items) | M7: Filed: 06-Mar-2026 | N7: Filed: 06-Mar-2026 | O7: Filed: 06-Mar-2026 | P7: Filed: 14-Mar-2025 | Q7: Filed: 28-Mar-2024 | R7: Filed: 28-Apr-2022 | S7: Filed: 28-Apr-2022 | T7: View | U7: View
M8: View 20-F | N8: View 20-F | O8: View 20-F | P8: View 20-F | Q8: View 20-F | R8: View 20-F | S8: View 20-F
C11: Cash Flows from/Used in Operating Activities, Direct | D11: -136205 | E11: -136205 | F11: -257697 | G11: -14714 | H11: -196951 | I11: -75459 | J11: 171815 | K11: -1.26 | T11: -257697 | U11: -14714
C12: Cash Flow from Operating Activities, Indirect
C13: Net Cash Flow from Continuing Operating Activities, Indirect
C14: Cash Generated from Operating Activities
C15: Income/(Loss) before Non-Cash Adjustment | D15: -1734000 | E15: -1757429 | F15: -3981000 | G15: 269000 | H15: -3147500 | I15: -280500 | J15: 1716320 | K15: -0.98 | M15: 269000 | N15: -95000 | O15: -466000 | P15: -1734000 | Q15: -3552000 | R15: -2743000 | S15: -3981000
C16: Adjustments for Non-Cash Items
C17: Depreciation, Amortization and Depletion, Non-Cash Adjustment
C18: Depreciation and Amortization, Non-Cash Adjustment
C19: Depreciation, Non-Cash Adjustment | D19: 126000 | E19: 124000 | F19: 109000 | G19: 145000 | H19: 115500 | I19: 128500 | J19: 12517 | K19: 0.1 | M19: 145000 | N19: 122000 | O19: 128000 | P19: 129000 | Q19: 109000 | R19: 126000 | S19: 109000
C20: Amortization, Non-Cash Adjustment | D20: 32000 | E20: 161429 | F20: 17000 | G20: 538000 | H20: 23000 | I20: 248500 | J20: 197157 | K20: 1.22 | M20: 32000 | N20: 25000 | O20: 17000 | P20: 21000 | Q20: 236000 | R20: 261000 | S20: 538000
C21: Total Depreciation and Amortization, Non-Cash Adjustment | D21: 177000 | E21: 285429 | F21: 145000 | G21: 647000 | H21: 148500 | I21: 366000 | J21: 188671 | K21: 0.66 | M21: 177000 | N21: 147000 | O21: 145000 | P21: 150000 | Q21: 345000 | R21: 387000 | S21: 647000
C22: Total Depreciation, Amortization and Depletion, Non-Cash Adjustment | D22: 177000 | E22: 285429 | F22: 145000 | G22: 647000 | H22: 148500 | I22: 366000 | J22: 188671 | K22: 0.66 | M22: 177000 | N22: 147000 | O22: 145000 | P22: 150000 | Q22: 345000 | R22: 387000 | S22: 647000
C23: Stock-Based Compensation, Non-Cash Adjustment | D23: 279000 | E23: 240143 | F23: 34000 | G23: 412000 | H23: 147500 | I23: 330500 | J23: 144869 | K23: 0.6 | M23: 241000 | N23: 279000 | O23: 304000 | P23: 412000 | Q23: 357000 | R23: 54000 | S23: 34000
C24: Interest and Finance (Income)/Expenses, Non-Cash Adjustment | D24: 59000 | E24: 535571 | F24: -169000 | G24: 1673000 | H24: -90000 | I24: 1183000 | J24: 788283 | K24: 1.47 | M24: -169000 | N24: -81000 | O24: -99000 | P24: 59000 | Q24: 1673000 | R24: 1395000 | S24: 971000
C25: Other Provisions, Non-Cash Adjustment | D25: 3000 | E25: 5000 | F25: -18000 | G25: 31000 | H25: 0 | I25: 9500 | J25: 15067 | K25: 3.01 | M25: -18000 | N25: 4000 | O25: 1000 | P25: 3000 | Q25: 15000 | R25: 31000 | S25: -1000
C26: Net Investment (Income)/Loss, Non-Cash Adjustment
C27: Dividend and Interest Income, Non-Cash Adjustment | D27: 0 | E27: -2333 | F27: -7000 | G27: 0 | H27: -3500 | I27: 0 | J27: 4041 | K27: -1.73 | M27: -7000 | N27: 0 | O27: 0
C28: Unrealized (Gain)/Loss on Financial Instruments, Non-Cash Adjustment | D28: 39000 | E28: 60800 | F28: -37000 | G28: 294000 | H28: -34000 | I28: 42000 | J28: 135797 | K28: 2.23 | M28: -34000 | O28: 39000 | P28: 294000 | Q28: -37000 | R28: 42000
C29: Share of (Profit)/Loss from Associates, Joint Ventures and other Equity Investments, Non-Cash Adjustment | D29: 8000 | E29: 6333 | F29: -1000 | G29: 8000 | H29: 7250 | I29: 8000 | J29: 3615 | K29: 0.57 | M29: -1000 | N29: 8000 | O29: 7000 | P29: 8000 | Q29: 8000 | R29: 8000
C30: Total Net Investment (Income)/Loss, Non-Cash Adjustment | D30: 27000 | E30: 55833 | F30: -42000 | G30: 302000 | H30: -19750 | I30: 49000 | J30: 126321 | K30: 2.26 | M30: -42000 | N30: 8000 | O30: 46000 | P30: 302000 | Q30: -29000 | R30: 50000
C31: Irregular (Income)/Loss, Non-Cash Adjustment
C32: (Gain)/Loss on Disposals, Non-Cash Adjustment
C33: (Gain)/Loss on Disposal/Sale of Fixed Assets, Non-Cash Adjustment | D33: -1000 | E33: -1857 | F33: -11000 | G33: 9000 | H33: -6500 | I33: 1500 | J33: 6986 | K33: -3.76 | M33: 1000 | N33: -10000 | O33: -11000 | P33: -3000 | Q33: -1000 | R33: 9000 | S33: 2000
C34: (Gain)/Loss on Disposal/Sale of Business, Non-Cash Adjustment | D34: -1000 | E34: -1000 | F34: -2000 | G34: 0 | H34: -2000 | I34: 0 | J34: 1155 | K34: -1.15 | P34: -2000 | Q34: -2000 | R34: 0 | S34: 0
C35: Total (Gain)/Loss on Disposals, Non-Cash Adjustment | D35: -3000 | E35: -2429 | F35: -11000 | G35: 9000 | H35: -7500 | I35: 1500 | J35: 7068 | K35: -2.91 | M35: 1000 | N35: -10000 | O35: -11000 | P35: -5000 | Q35: -3000 | R35: 9000 | S35: 2000
C36: Impairment/Write Off/Write Down of Capital Assets Loss/Reversal, Non-Cash Adjustment | D36: 15000 | E36: 24800 | F36: 0 | G36: 60000 | H36: 6000 | I36: 43000 | J36: 25665 | K36: 1.03 | N36: 0 | P36: 6000 | Q36: 15000 | R36: 43000 | S36: 60000
C37: Impairment/Write Off/Write Down of Other Assets, Non-Cash Adjustment | D37: 63000 | E37: 71857 | F37: 19000 | G37: 140000 | H37: 57000 | I37: 83500 | J37: 37627 | K37: 0.52 | M37: 140000 | N37: 95000 | O37: 72000 | P37: 58000 | Q37: 19000 | R37: 63000 | S37: 56000
C38: Total Irregular (Income)/Loss, Non-Cash Adjustment | D38: 85000 | E38: 87143 | F38: 31000 | G38: 141000 | H38: 60000 | I38: 116500 | J38: 39287 | K38: 0.45 | M38: 141000 | N38: 85000 | O38: 61000 | P38: 59000 | Q38: 31000 | R38: 115000 | S38: 118000
C39: Other Non-Cash Items | D39: 0 | E39: 117667 | F39: 0 | G39: 353000 | H39: 0 | I39: 176500 | J39: 203805 | K39: 1.73 | Q39: 353000 | R39: 0 | S39: 0
C40: Total Adjustments for Non-Cash Items | D40: 985000 | E40: 1251571 | F40: 330000 | G40: 2745000 | H40: 450000 | I40: 1900500 | J40: 940979 | K40: 0.75 | M40: 330000 | N40: 442000 | O40: 458000 | P40: 985000 | Q40: 2745000 | R40: 2032000 | S40: 1769000
C41: Changes in Operating Capital
C42: Change in Inventories | D42: -1000 | E42: -1429 | F42: -9000 | G42: 6000 | H42: -5000 | I42: 2000 | J42: 5682 | K42: -3.98 | M42: -9000 | N42: -9000 | O42: -1000 | P42: 6000 | Q42: -1000 | R42: 2000 | S42: 2000
C43: Change in Trade and Other Receivables
C44: Change in Trade/Accounts Receivable | D44: -50000 | E44: -52400 | F44: -97000 | G44: -10000 | H44: -94000 | I44: -11000 | J44: 42536 | K44: -0.81 | M44: -10000 | N44: -97000 | O44: -11000 | P44: -50000 | Q44: -94000
C45: Change in Loans Receivable | D45: -184000 | E45: -269600 | F45: -691000 | G45: -87000 | H45: -276000 | I45: -110000 | J45: 246861 | K45: -0.92 | M45: -691000 | N45: -276000 | O45: -184000 | P45: -110000 | Q45: -87000
C46: Total Change in Trade and Other Receivables | D46: -181000 | E46: -236286 | F46: -701000 | G46: 31000 | H46: -284000 | I46: -117500 | J46: 238986 | K46: -1.01 | M46: -701000 | N46: -373000 | O46: -195000 | P46: -160000 | Q46: -181000 | R46: 31000 | S46: -75000
C47: Change in Cash Restricted or Pledged | D47: -18000 | E47: -29714 | F47: -99000 | G47: 0 | H47: -45500 | I47: 0 | J47: 39135 | K47: -1.32 | M47: -69000 | N47: -18000 | O47: -22000 | P47: 0 | Q47: -99000 | R47: 0 | S47: 0
C48: Change in Payables and Accrued Expenses
C49: Change in Trade and Other Payables
C50: Change in Trade/Accounts Payable | D50: 81000 | E50: 76667 | F50: -7000 | G50: 137000 | H50: 40500 | I50: 126000 | J50: 59497 | K50: 0.78 | M50: 40000 | N50: 120000 | O50: -7000 | P50: 128000 | Q50: 137000 | R50: 42000
C51: Total Change in Trade and Other Payables | D51: 120000 | E51: 91571 | F51: -7000 | G51: 181000 | H51: 41000 | I51: 132500 | J51: 67119 | K51: 0.73 | M51: 40000 | N51: 120000 | O51: -7000 | P51: 128000 | Q51: 137000 | R51: 42000 | S51: 181000
C52: Total Change in Payables and Accrued Expenses | D52: 120000 | E52: 91571 | F52: -7000 | G52: 181000 | H52: 41000 | I52: 132500 | J52: 67119 | K52: 0.73 | M52: 40000 | N52: 120000 | O52: -7000 | P52: 128000 | Q52: 137000 | R52: 42000 | S52: 181000
C53: Change in Deferred Assets/Liabilities | D53: 308000 | E53: 303600 | F53: 0 | G53: 843000 | H53: 3000 | I53: 364000 | J53: 345381 | K53: 1.14 | M53: 308000 | N53: 843000 | O53: 364000 | P53: 3000 | Q53: 0
C54: Total Changes in Operating Capital | D54: 75000 | E54: 41000 | F54: -431000 | G54: 563000 | H54: -83500 | I54: 123500 | J54: 302445 | K54: 7.38 | M54: -431000 | N54: 563000 | O54: 139000 | P54: -23000 | Q54: -144000 | R54: 75000 | S54: 108000
C55: Total Cash Generated from Operating Activities | D55: -636000 | E55: -464857 | F55: -2104000 | G55: 910000 | H55: -861500 | I55: 149500 | J55: 974041 | K55: -2.1 | M55: 168000 | N55: 910000 | O55: 131000 | P55: -772000 | Q55: -951000 | R55: -636000 | S55: -2104000
C56: Taxes Refund/(Paid), Indirect | D56: -26000 | E56: -33714 | F56: -89000 | G56: -3000 | H56: -51500 | I56: -7500 | J56: 32019 | K56: -0.95 | M56: -89000 | N56: -58000 | O56: -45000 | P56: -26000 | Q56: -3000 | R56: -7000 | S56: -8000
C57: Total Net Cash Flow from Continuing Operating Activities, Indirect | D57: -643000 | E57: -498571 | F57: -2112000 | G57: 852000 | H57: -876000 | I57: 82500 | J57: 950477 | K57: -1.91 | M57: 79000 | N57: 852000 | O57: 86000 | P57: -798000 | Q57: -954000 | R57: -643000 | S57: -2112000
C58: Total Cash Flow from Operating Activities, Indirect | D58: -643000 | E58: -498571 | F58: -2112000 | G58: 852000 | H58: -876000 | I58: 82500 | J58: 950477 | K58: -1.91 | M58: 79000 | N58: 852000 | O58: 86000 | P58: -798000 | Q58: -954000 | R58: -643000 | S58: -2112000
C59: Cash Flow from Investing Activities
C60: Cash Flow from Continuing Investing Activities
C61: Payment for Loan Granted and Repayments Received, Net | D61: 0 | E61: -1250 | F61: -98000 | G61: 93000 | H61: -24500 | I61: 23250 | J61: 77989 | K61: -62.39 | M61: 0 | N61: 93000 | O61: 0 | P61: -98000
C62: (Purchase)/Sale and Disposal of Property, Plant and Equipment, Net
C63: Purchase of Property, Plant and Equipment | D63: -73000 | E63: -70857 | F63: -98000 | G63: -22000 | H63: -87000 | I63: -64500 | J63: 25868 | K63: -0.37 | M63: -97000 | N63: -77000 | O63: -71000 | P63: -58000 | Q63: -73000 | R63: -22000 | S63: -98000
C64: Sale and Disposal of Property, Plant and Equipment | D64: 25000 | E64: 25143 | F64: 6000 | G64: 63000 | H64: 14000 | I64: 27000 | J64: 18551 | K64: 0.74 | M64: 16000 | N64: 26000 | O64: 28000 | P64: 12000 | Q64: 25000 | R64: 63000 | S64: 6000
C65: Total (Purchase)/Sale and Disposal of Property, Plant and Equipment, Net | D65: -48000 | E65: -45714 | F65: -92000 | G65: 41000 | H65: -66000 | I65: -44500 | J65: 42715 | K65: -0.93 | M65: -81000 | N65: -51000 | O65: -43000 | P65: -46000 | Q65: -48000 | R65: 41000 | S65: -92000
C66: (Purchase)/Sale of Intangibles, Net
C67: Purchase of Intangibles | D67: -21000 | E67: -24429 | F67: -42000 | G67: -12000 | H67: -31000 | I67: -17000 | J67: 10983 | K67: -0.45 | M67: -26000 | N67: -36000 | O67: -21000 | P67: -16000 | Q67: -12000 | R67: -18000 | S67: -42000
C68: Total (Purchase)/Sale of Intangibles, Net | D68: -21000 | E68: -24429 | F68: -42000 | G68: -12000 | H68: -31000 | I68: -17000 | J68: 10983 | K68: -0.45 | M68: -26000 | N68: -36000 | O68: -21000 | P68: -16000 | Q68: -12000 | R68: -18000 | S68: -42000
C69: (Purchase)/Sale of Business, Net
C70: Purchase/Acquisition of Business | D70: -22000 | E70: -45143 | F70: -168000 | G70: 0 | H70: -61500 | I70: -1500 | J70: 64525 | K70: -1.43 | M70: -100000 | N70: -23000 | O70: 0 | P70: -168000 | Q70: 0 | R70: -3000 | S70: -22000
C71: Sale of Business | D71: 0 | E71: 333 | F71: 0 | G71: 1000 | H71: 0 | I71: 500 | J71: 577 | K71: 1.73 | M71: 1000 | N71: 0 | O71: 0
C72: Total (Purchase)/Sale of Business, Net | D72: -22000 | E72: -45000 | F72: -168000 | G72: 0 | H72: -61000 | I72: -1500 | J72: 64384 | K72: -1.43 | M72: -99000 | N72: -23000 | O72: 0 | P72: -168000 | Q72: 0 | R72: -3000 | S72: -22000
C73: (Purchase)/Sale of Equity Investments
C74: Purchase of Joint Venture/Associate | D74: -16000 | E74: -46143 | F74: -145000 | G74: 0 | H74: -76000 | I74: -5000 | J74: 58033 | K74: -1.26 | M74: -145000 | N74: -43000 | O74: 0 | P74: -109000 | Q74: -16000 | R74: 0 | S74: -10000
C75: Sale of Joint Venture/Associate | D75: 1500 | E75: 2750 | F75: 0 | G75: 8000 | H75: 0 | I75: 4250 | J75: 3775 | K75: 1.37 | P75: 3000 | Q75: 8000 | R75: 0 | S75: 0
C76: Total (Purchase)/Sale of Equity Investments | D76: -10000 | E76: -44571 | F76: -145000 | G76: 0 | H76: -74500 | I76: -4000 | J76: 58263 | K76: -1.31 | M76: -145000 | N76: -43000 | O76: 0 | P76: -106000 | Q76: -8000 | R76: 0 | S76: -10000
C77: (Purchase)/Sale of Investments, Net
C78: Purchase of Investments | D78: -359000 | E78: -359000 | F78: -359000 | G78: -359000 | H78: -359000 | I78: -359000 | R78: -359000
C79: Total (Purchase)/Sale of Investments, Net | D79: -362000 | E79: -342714 | F79: -2717000 | G79: 1752000 | H79: -646000 | I79: 110000 | J79: 1357814 | K79: -3.96 | M79: -609000 | N79: -362000 | O79: 1752000 | P79: -683000 | Q79: -2717000 | R79: -359000 | S79: 579000
C80: Change in Restricted Cash and Cash Equivalents | D80: -99000 | E80: -99000 | F80: -99000 | G80: -99000 | H80: -99000 | I80: -99000 | S80: -99000
C81: Dividends Received/(Paid), CFI | D81: 0 | E81: 2333 | F81: 0 | G81: 7000 | H81: 0 | I81: 3500 | J81: 4041 | K81: 1.73 | M81: 7000 | N81: 0 | O81: 0
C82: Interest Received/(Paid), CFI | D82: 79000 | E82: 108286 | F82: 28000 | G82: 191000 | H82: 53000 | I82: 177000 | J82: 70453 | K82: 0.65 | M82: 171000 | N82: 191000 | O82: 183000 | P82: 55000 | Q82: 28000 | R82: 51000 | S82: 79000
C83: Total Cash Flow from Continuing Investing Activities | D83: -288000 | E83: -408000 | F83: -2757000 | G83: 1871000 | H83: -922000 | I83: 81000 | J83: 1412242 | K83: -3.46 | M83: -782000 | N83: -231000 | O83: 1871000 | P83: -1062000 | Q83: -2757000 | R83: -288000 | S83: 393000
C84: Total Cash Flow from Investing Activities | D84: -231000 | E84: -318988 | F84: -2757000 | G84: 1871000 | H84: -782000 | I84: 26936 | J84: 1235845 | K84: -3.87 | M84: -782000 | N84: -231000 | O84: 1871000 | P84: -1062000 | Q84: -2757000 | R84: -288000 | S84: 393000 | T84: 26936 | U84: -41824
C85: Cash Flow from Financing Activities
C86: Cash Flow from Continuing Financing Activities
C87: Issuance of/(Payments for) Common Stock, Net
C88: Payments for Common Stock | D88: -113000 | E88: -125000 | F88: -274000 | G88: 0 | H88: -238000 | I88: 0 | J88: 145662 | K88: -1.17 | M88: -274000 | N88: -226000 | O88: 0 | P88: 0
C89: Total Issuance of/(Payments for) Common Stock, Net | D89: -113000 | E89: -125000 | F89: -274000 | G89: 0 | H89: -238000 | I89: 0 | J89: 145662 | K89: -1.17 | M89: -274000 | N89: -226000 | O89: 0 | P89: 0
C90: Issuance of/(Payments for) Preferred Stock, Net
C91: Proceeds from Issuance of Preferred Stock | D91: 1389000 | E91: 1263333 | F91: 463000 | G91: 1938000 | H91: 926000 | I91: 1663500 | J91: 745487 | K91: 0.59 | Q91: 463000 | R91: 1389000 | S91: 1938000
C92: Total Issuance of/(Payments for) Preferred Stock, Net | D92: 1389000 | E92: 1263333 | F92: 463000 | G92: 1938000 | H92: 926000 | I92: 1663500 | J92: 745487 | K92: 0.59 | Q92: 463000 | R92: 1389000 | S92: 1938000
C93: Issuance of/(Repayments for) Debt, Net
C94: Issuance of/(Repayments for) Long Term Debt, Net
C95: Proceeds from Issuance of Long Term Debt | D95: 116000 | E95: 575143 | F95: 0 | G95: 1980000 | H95: 58500 | I95: 906500 | J95: 867076 | K95: 1.51 | M95: 1693000 | N95: 120000 | O95: 116000 | P95: 109000 | Q95: 1980000 | R95: 8000 | S95: 0
C96: Repayments for Long Term Debt | D96: -260000 | E96: -432857 | F96: -1019000 | G96: -69000 | H96: -700000 | I96: -141000 | J96: 371893 | K96: -0.86 | M96: -260000 | N96: -635000 | O96: -765000 | P96: -1019000 | Q96: -176000 | R96: -106000 | S96: -69000
C97: Total Issuance of/(Repayments for) Long Term Debt, Net | D97: -98000 | E97: 142286 | F97: -910000 | G97: 1804000 | H97: -582000 | I97: 682000 | J97: 1056336 | K97: 7.42 | M97: 1433000 | N97: -515000 | O97: -649000 | P97: -910000 | Q97: 1804000 | R97: -98000 | S97: -69000
C98: Total Issuance of/(Repayments for) Debt, Net | D98: -98000 | E98: 142286 | F98: -910000 | G98: 1804000 | H98: -582000 | I98: 682000 | J98: 1056336 | K98: 7.42 | M98: 1433000 | N98: -515000 | O98: -649000 | P98: -910000 | Q98: 1804000 | R98: -98000 | S98: -69000
C99: Issuance of/(Repayments for) Lease Financing
C100: Repayments for Lease Financing | D100: -35000 | E100: -36286 | F100: -52000 | G100: -24000 | H100: -42500 | I100: -29000 | J100: 10078 | K100: -0.28 | M100: -52000 | N100: -46000 | O100: -39000 | P100: -35000 | Q100: -24000 | R100: -30000 | S100: -28000
C101: Total Issuance of/(Repayments for) Lease Financing | D101: -35000 | E101: -36286 | F101: -52000 | G101: -24000 | H101: -42500 | I101: -29000 | J101: 10078 | K101: -0.28 | M101: -52000 | N101: -46000 | O101: -39000 | P101: -35000 | Q101: -24000 | R101: -30000 | S101: -28000
C102: Net Movement in Non-Controlling/Minority Interest | D102: -4000 | E102: 58286 | F102: -24000 | G102: 329000 | H102: -17000 | I102: 70500 | J102: 129933 | K102: 2.23 | M102: -4000 | N102: -24000 | O102: -17000 | P102: 17000 | Q102: -17000 | R102: 329000 | S102: 124000
C103: Issue and Financing Costs
C104: Share Issuance Costs | D104: 0 | E104: -13000 | F104: -39000 | G104: 0 | H104: -19500 | I104: 0 | J104: 22517 | K104: -1.73 | P104: -39000 | Q104: 0 | R104: 0
...

Sheet Input
B1: General Information
B3: General | C3: Unit | D3: Value
B4: Subject company | C4: Name | D4: =Subject -> Grab Holdings | E4: Name of Target Company
B5: % | C5: % | D5: 1 | E5: Percentage of shares to be acquired
B6: Corporate tax rate | C6: % | D6: 0.17 | E6: Enter corporate rate rate
B7: Currency | C7: Currency | D7: USD | E7: Enter currency
B8: Display unit | D8: k | E8: Enter k for thousands, m for millions and b for billions
B10: Date & Time period
B11: Valuation Date | C11: Date | D11: 46022 | E11: Valuation Date
B12: Next FY date | C12: Date | D12: 46387 | E12: Next financial year end. | H12: Cannot be equal to Valuation Date
B13: Available historical info | C13: years | D13: 5 | E13: Number of full years of available historical information
B14: Forecast period | C14: years | D14: 10 | E14: Number of full years of forecast

Sheet Historicals
B1: Historical Financial Performance
B10: Display unit | C10: 1,000
B11: No of months | H11: 12 | I11: 1
B12: Full year? | H12: Y
A13: 1 | B13: Index | D13: -4 | E13: -3 | F13: -2 | G13: -1 | H13: 0
A14: 2 | B14: Grab Holdings's historical P&L
A15: 3 | B15: (USD k) | D15: FY21 | E15: FY22 | F15: FY23 | G15: FY24 | H15: FY25 | I15: % of full year
A16: 4 | B16: Revenue | D16: =SUM(D17) -> 675000 | E16: =SUM(E17:E17) -> 1433000 | F16: =SUM(F17:F17) -> 2359000 | G16: =SUM(G17:G17) -> 2797000 | H16: =SUM(H17:H17) -> 3370000 | I16: n.m
B17: Business Revenue | D17: =IS!Q13 -> 675000 | E17: =IS!P13 -> 1433000 | F17: =IS!O13 -> 2359000 | G17: =IS!N13 -> 2797000 | H17: =IS!M13 -> 3370000
A18: 7
A19: 8 | B19: COGS | D19: =-'FinancialData(BS&IS)'!D6 -> -1070000 | E19: =-'FinancialData(BS&IS)'!E6 -> -1356000 | F19: =-'FinancialData(BS&IS)'!F6 -> -1499000 | G19: =-'FinancialData(BS&IS)'!G6 -> -1623000 | H19: =-'FinancialData(BS&IS)'!H6 -> -1914000 | I19: n.m
A20: 9 | B20: Gross Profit | D20: =SUM(D17:D19) -> -395000 | E20: =SUM(E17:E19) -> 77000 | F20: =SUM(F17:F19) -> 860000 | G20: =SUM(G17:G19) -> 1174000 | H20: =SUM(H17:H19) -> 1456000 | I20: n.m
A21: 10
A22: 11 | B22: Selling & marketing | C22: [variable only] | D22: =-IS!Q20 -> -241000 | E22: =-IS!P20 -> -278000 | F22: =-IS!O20 -> -293000 | G22: =-IS!N20 -> -324000 | H22: =-IS!M20 -> -367000 | I22: n.m | J22: Selling & marketing expenses is a VC.
A23: 12 | B23: Salary & wages | C23: [fixed only] | D23: =-IS!Q19*0.7 -> -380800 | E23: =-IS!R19*0.7 -> -228200 | F23: =-IS!O19*0.7 -> -385000 | G23: =-IS!N19*0.7 -> -358400 | H23: =-IS!M19*0.7 -> -321300 | I23: n.m | J23: Salary and wages are FC and analysed based on y-o-y growth. * 70% is allocated salary and wages and 30% is allocated to general admin
A24: 13 | B24: General & Admin | C24: [fixed only] | D24: =-IS!Q19*0.3 -> -163200 | E24: =-IS!P19*0.3 -> -193800 | F24: =-IS!O19*0.3 -> -165000 | G24: =-IS!N19*0.3 -> -153600 | H24: =-IS!M19*0.3 -> -137700 | I24: n.m | J24: Other operating expenses are FC and analysed based on y-o-y growth.
B25: Research & Development | C25: [fixed only] | D25: =-IS!Q22 -> -356000 | E25: =-IS!P22 -> -465000 | F25: =-IS!O22 -> -421000 | G25: =-IS!N22 -> -410000 | H25: =-IS!M22 -> -428000
A26: 14 | B26: Other Op Inc/(Exp) | C26: [fixed only] | D26: 12000 | E26: 17000 | F26: 17000 | G26: 17000 | H26: 20000 | I26: n.m | J26: Other operating expenses are FC and analysed based on y-o-y growth.
A27: 16 | B27: EBIT | D27: =SUM(D20:D26) -> -1524000 | E27: =SUM(E20:E26) -> -1071000 | F27: =SUM(F20:F26) -> -387000 | G27: =SUM(G20:G26) -> -55000 | H27: =SUM(H20:H26) -> 222000 | I27: n.m
A28: 17
A29: 18 | B29: Add: Depreciation | D29: =-BS!Q59 -> 358000 | E29: =-BS!P59 -> 442000 | F29: =-BS!O59 -> 522000 | G29: =-BS!N59 -> 558000 | H29: =-BS!M59 -> 654000 | I29: n.m | J29: Add back Depreciation & Amortisation
A30: 19 | B30: Add: Amortisation | I30: n.m | J30: Add back Depreciation & Amortisation
A31: 20 | B31: EBITDA | D31: =SUM(D27:D30) -> -1166000 | E31: =SUM(E27:E30) -> -629000 | F31: =SUM(F27:F30) -> 135000 | G31: =SUM(G27:G30) -> 503000 | H31: =SUM(H27:H30) -> 876000 | I31: n.m
A32: 21 | B32: Source: Management accounts/ financial statements
A34: 30
A36: 31 | B36: Key Financial Ratios - Historical P&L
A37: 32 | D37: FY21 | E37: FY22 | F37: FY23 | G37: FY24 | H37: FY25 | I37: 3-YR CAGR
B38: y-o-y growth
A39: 33 | B39: Revenue | E39: 1.123 | F39: 0.646 | G39: 0.186 | H39: 0.205 | I39: 0.33 | J39: Check and change CAGR formula depending on how many years of data available
A40: 34 | B40: COGS | F40: 0.105 | G40: 0.083 | H40: 0.179 | I40: 0.122
A41: 35 | B41: Salary & wages | E41: 0.158 | F41: -0.136 | G41: -0.053 | H41: -0.097 | I41: -0.096
A42: 36 | B42: General & Admin | E42: 0.256 | F42: -0.175 | G42: -0.106 | H42: -0.118 | I42: -0.134
A43: 37 | B43: Research & Development | E43: 0.306 | F43: -0.095 | G43: -0.026 | H43: 0.044 | I43: -0.027
A44: 38 | B44: Other Op Inc/(Exp) | E44: 0.417 | F44: 0 | G44: 0 | H44: 0.176 | I44: 0.056
A45: 39
A46: 40
A47: 41 | B47: % of revenue | I47: 3-Year Average
A48: 42 | B48: Selling & marketing | D48: 0.357 | E48: 0.194 | F48: 0.124 | G48: 0.116 | H48: 0.109 | I48: 0.116
A49: 43 | B49: GP margin | D49: 1 | E49: 0.054 | F49: 0.365 | G49: 0.42 | H49: 0.432 | I49: 0.405
A50: 44 | B50: EBIT margin | D50: -0.673 | E50: -0.904 | F50: -0.164 | G50: -0.02 | H50: 0.066 | I50: -0.039
A51: 45 | B51: EBITDA margin | D51: -0.584 | E51: -0.834 | F51: -0.107 | G51: 0.033 | H51: 0.117 | I51: 0.014
B53: Source: FVA's computation
B54: Note:
B55: n.m: not meaningful. Not a full year.
B58: Grab Holdings's Balance Sheet
B59: (USD k) | D59: FY21 | E59: FY22 | F59: FY23 | G59: FY24 | H59: FY25 | I59: 3-YR CAGR
B60: Assets
A61: PPE | B61: Property, plant and equipment | D61: =BS!Q60 -> 441000 | E61: =BS!P60 -> 492000 | F61: =BS!O60 -> 512000 | G61: =BS!N60 -> 567000 | H61: =BS!M60 -> 831000 | I61: =IFERROR((H61/E61)^(1/COUNT(F61:H61))-1,"") -> 0.19090917
A62: IA | B62: Intangible assets | D62: =BS!Q81 -> 675000 | E62: =BS!P81 -> 904000 | F62: =BS!O81 -> 916000 | G62: =BS!N81 -> 975000 | H62: =BS!M81 -> 1057000 | I62: =IFERROR((H62/E62)^(1/COUNT(F62:H62))-1,"") -> 0.053502375
A63: NOA | B63: Long Term Investment | D63: =BS!Q92 -> 1255000 | E63: =BS!P92 -> 1849000 | F63: =BS!O92 -> 1290000 | G63: =BS!N92 -> 896000 | H63: =BS!M92 -> 1332000 | I63: =IFERROR((H63/E63)^(1/COUNT(F63:H63))-1,"") -> -0.1035575
A64: NC - A | B64: Trade and other receivables, non-current | D64: =BS!Q96 -> 0 | E64: =BS!P96 -> 87000 | F64: =BS!O96 -> 148000 | G64: =BS!N96 -> 105000 | H64: =BS!M96 -> 420000 | I64: =IFERROR((H64/E64)^(1/COUNT(F64:H64))-1,"") -> 0.6900907
A65: NOA | B65: Prepayments and deposits, non-current | D65: =BS!Q100 -> 127000 | E65: =BS!P100 -> 130000 | F65: =BS!O100 -> 102000 | G65: =BS!N100 -> 119000 | H65: =BS!M100 -> 178000 | I65: =IFERROR((H65/E65)^(1/COUNT(F65:H65))-1,"") -> 0.11043263
A66: NWC - A | B66: Deferred tax Assets | D66: =BS!Q101 -> 5000 | E66: =BS!P101 -> 20000 | F66: =BS!O101 -> 56000 | G66: =BS!N101 -> 67000 | H66: =BS!M101 -> 85000 | I66: =IFERROR((H66/E66)^(1/COUNT(F66:H66))-1,"") -> 0.6198059
A67: NWC - A | B67: [Other long term assets 1]
A68: NWC - A | B68: [Other long term assets 2]
A69: NWC - A | B69: [Other long term assets 3]
B71: Total Non-Current Assets | D71: =SUM(D61:D70) -> 2503000 | E71: =SUM(E61:E70) -> 3482000 | F71: =SUM(F61:F70) -> 3024000 | G71: =SUM(G61:G70) -> 2729000 | H71: =SUM(H61:H70) -> 3903000 | I71: =IFERROR((H71/E71)^(1/COUNT(F71:H71))-1,"") -> 0.03877924
A73: Cash & CE | B73: Cash and cash equivalents | D73: =BS!Q17 -> 4838000 | E73: =BS!P17 -> 1952000 | F73: =BS!O17 -> 3138000 | G73: =BS!N17 -> 2964000 | H73: =BS!M17 -> 3433000 | I73: =IFERROR((H73/E73)^(1/COUNT(F73:H73))-1,"") -> 0.20706687
A74: NWC - A | B74: Trade and other receivables | D74: =BS!Q34 -> 288000 | E74: =BS!P34 -> 406000 | F74: =BS!O34 -> 486000 | G74: =BS!N34 -> 663000 | H74: =BS!M34 -> 1034000 | I74: =IFERROR((H74/E74)^(1/COUNT(F74:H74))-1,"") -> 0.36562514
A75: NWC - A | B75: Inventories | D75: =BS!Q24 -> 4000 | E75: =BS!P24 -> 48000 | F75: =BS!O24 -> 49000 | G75: =BS!N24 -> 59000 | H75: =BS!M24 -> 87000 | I75: =IFERROR((H75/E75)^(1/COUNT(F75:H75))-1,"") -> 0.21924974
A76: NWC - A | B76: Other current assets | D76: =BS!Q36 -> 23000 | E76: =BS!P36 -> 24000 | F76: =BS!O36 -> 27000 | G76: =BS!N36 -> 81000 | H76: =BS!M36 -> 11000 | I76: =IFERROR((H76/E76)^(1/COUNT(F76:H76))-1,"") -> -0.22898917
A77: NWC - A | B77: Prepayments and deposits, current | D77: =BS!Q35 -> 129000 | E77: =BS!P35 -> 124000 | F77: =BS!O35 -> 163000 | G77: =BS!N35 -> 134000 | H77: =BS!M35 -> 144000 | I77: =IFERROR((H77/E77)^(1/COUNT(F77:H77))-1,"") -> 0.051107018
A78: NOA | B78: Short-term investments | D78: =BS!Q21 -> 3240000 | E78: =BS!P21 -> 3134000 | F78: =BS!O21 -> 1905000 | G78: =BS!N21 -> 2665000 | H78: =BS!M21 -> 3371000 | I78: =IFERROR((H78/E78)^(1/COUNT(F78:H78))-1,"") -> 0.024597409
A79: NOA | B79: Cash Restricted or Pledged, Current | D79: =BS!Q23 -> 153000 | J79: =IFERROR((H79/E79)^(1/COUNT(F79:H79))-1,"")
A80: NWC - A | B80: [Other current assets 1]
A81: NWC - A | B81: [Other current assets 2]
A82: NWC - A | B82: [Other current assets 3]
B84: Total Current Assets | D84: =SUM(D73:D79) -> 8675000 | E84: =SUM(E73:E78) -> 5688000 | F84: =SUM(F73:F78) -> 5768000 | G84: =SUM(G73:G78) -> 6566000 | H84: =SUM(H73:H78) -> 8080000 | I84: =IFERROR((H84/E84)^(1/COUNT(F84:H84))-1,"") -> 0.12413186
I85: =IFERROR((H85/E85)^(1/COUNT(F85:H85))-1,"")
B86: Total Assets | D86: =SUM(D71,D84) -> 11178000 | E86: =SUM(E71,E84) -> 9170000 | F86: =SUM(F71,F84) -> 8792000 | G86: =SUM(G71,G84) -> 9295000 | H86: =SUM(H71,H84) -> 11983000 | I86: =IFERROR((H86/E86)^(1/COUNT(F86:H86))-1,"") -> 0.09328169
I87: =IFERROR((H87/E87)^(1/COUNT(F87:H87))-1,"")
B88: Liabilities | I88: =IFERROR((H88/E88)^(1/COUNT(F88:H88))-1,"")
A89: NWC - L | B89: Trade and other payables | D89: =BS!Q113 -> 251000 | E89: =BS!P113 -> 297000 | F89: =BS!O113 -> 328000 | G89: =BS!N113 -> 379000 | H89: =BS!M113 -> 584000 | I89: =IFERROR((H89/E89)^(1/COUNT(F89:H89))-1,"") -> 0.25281073
A90: NWC - L | B90: Accrued expenses | D90: =BS!Q114 -> 587000 | E90: =BS!P114 -> 633000 | F90: =BS!O114 -> 605000 | G90: =BS!N114 -> 724000 | H90: =BS!M114 -> 709000 | I90: =IFERROR((H90/E90)^(1/COUNT(F90:H90))-1,"") -> 0.038518351
A91: Debt | B91: Current Debt and Capital Lease Obligation | D91: =BS!Q125 -> 144000 | E91: =BS!P125 -> 117000 | F91: =BS!O125 -> 125000 | G91: =BS!N125 -> 123000 | H91: =BS!M125 -> 1680000 | I91: =IFERROR((H91/E91)^(1/COUNT(F91:H91))-1,"") -> 1.4305682
A92: NOL | B92: Derivative and Hedging Liabilities, Current | D92: =BS!Q126 -> 0 | E92: =BS!P126 -> 0 | F92: =BS!O126 -> 0 | G92: =BS!N126 -> 98000 | H92: =BS!M126 -> 0 | I92: =IFERROR((H93/E93)^(1/COUNT(F93:H93))-1,"") -> -0.13026796
A93: NWC - L | B93: Provisions, Current | D93: =BS!Q128 -> 35000 | E93: =BS!P128 -> 38000 | F93: =BS!O128 -> 39000 | G93: =BS!N128 -> 41000 | H93: =BS!M128 -> 25000 | I93: =IFERROR((#REF!/#REF!)^(1/COUNT(#REF!))-1,"")
A94: NWC - L | B94: Deferred Income/Customer Advances/Billings in Excess of Cost, Current | D94: =BS!Q130 -> 9000 | E94: =BS!P130 -> 12000 | F94: =BS!O130 -> 381000 | G94: =BS!N130 -> 1227000 | H94: =BS!M130 -> 1629000 | I94: =IFERROR((H94/E94)^(1/COUNT(F94:H94))-1,"") -> 4.1394102
A95: NWC - L | B95: [Other current liabilities 1] | I95: =IFERROR((H95/E95)^(1/COUNT(F95:H95))-1,"")
A96: NWC - L | B96: [Other current liabilities 2] | I96: =IFERROR((H96/E96)^(1/COUNT(F96:H96))-1,"")
A97: NWC - L | B97: [Other current liabilities 3] | I97: =IFERROR((H97/E97)^(1/COUNT(F97:H97))-1,"")
I98: =IFERROR((H98/E98)^(1/COUNT(F98:H98))-1,"")
B99: Total Current Liabilities | D99: =SUM(D89:D94) -> 1026000 | E99: =SUM(E89:E94) -> 1097000 | F99: =SUM(F89:F94) -> 1478000 | G99: =SUM(G89:G94) -> 2592000 | H99: =SUM(H89:H94) -> 4627000 | I99: =IFERROR((H99/E99)^(1/COUNT(F99:H99))-1,"") -> 0.61571327
I100: =IFERROR((H100/E100)^(1/COUNT(F100:H100))-1,"")
A101: Debt | B101: Long Term Debt | D101: =BS!Q138 -> 1930000 | E101: =BS!P138 -> 1096000 | F101: =BS!O138 -> 544000 | G101: =BS!N138 -> 116000 | H101: =BS!M138 -> 188000 | I101: =IFERROR((H101/E101)^(1/COUNT(F101:H101))-1,"") -> -0.44437416
A102: Lease Liability | B102: Capital Lease Obligations, Non-Current | D102: =BS!Q139 -> 101000 | E102: =BS!P139 -> 152000 | F102: =BS!O139 -> 124000 | G102: =BS!N139 -> 125000 | H102: =BS!M139 -> 185000 | I102: =IFERROR((H102/E102)^(1/COUNT(F102:H102))-1,"") -> 0.067683948
A103: NOL | B103: Derivative and Hedging Liabilities, Non-Current | D103: =BS!Q141 -> 54000 | E103: =BS!P141 -> 107000 | F103: =BS!O141 -> 124000 | G103: =BS!N141 -> 54000 | H103: =BS!M141 -> 156000 | I103: =IFERROR((H103/E103)^(1/COUNT(F103:H103))-1,"") -> 0.13391441
A104: NC - L | B104: Provisions, Non-Current | D104: =BS!Q148 -> 33000 | E104: =BS!P148 -> 31000 | F104: =BS!O148 -> 29000 | G104: =BS!N148 -> 32000 | H104: =BS!M148 -> 35000 | I104: =IFERROR((H104/E104)^(1/COUNT(F104:H104))-1,"") -> 0.041283013
A105: NC - L | B105: Tax Liabilities, Non-Current | D105: =BS!Q151 -> 3000 | E105: =BS!P151 -> 18000 | F105: =BS!O151 -> 20000 | G105: =BS!N151 -> 25000 | H105: =BS!M151 -> 35000 | I105: =IFERROR((H105/E105)^(1/COUNT(F105:H105))-1,"") -> 0.2481454
A106: NC - L | B106: Payables and Accrued Expenses, Non-Current | D106: =BS!Q156 -> 12000 | E106: =BS!P156 -> 12000 | F106: =BS!O156 -> 5000 | G106: =BS!N156 | H106: =BS!M156 | I106: =IFERROR((H106/E106)^(1/COUNT(F106:H106))-1,"")
A107: Debt | B107: [Other non-current liabilities 3] | I107: =IFERROR((H107/E107)^(1/COUNT(F107:H107))-1,"")
I108: =IFERROR((H108/E108)^(1/COUNT(F108:H108))-1,"")
B109: Total Non-Current Liabilities | D109: =SUM(D101:D106) -> 2133000 | E109: =SUM(E101:E106) -> 1416000 | F109: =SUM(F101:F106) -> 846000 | G109: =SUM(G101:G106) -> 352000 | H109: =SUM(H101:H106) -> 599000 | I109: =IFERROR((H109/E109)^(1/COUNT(F109:H109))-1,"") -> -0.24932056
I110: =IFERROR((H110/E110)^(1/COUNT(F110:H110))-1,"")
B111: Total Liabilities | D111: =SUM(D99,D109) -> 3159000 | E111: =SUM(E99,E109) -> 2513000 | F111: =SUM(F99,F109) -> 2324000 | G111: =SUM(G99,G109) -> 2944000 | H111: =SUM(H99,H109) -> 5226000 | I111: =IFERROR((H111/E111)^(1/COUNT(F111:H111))-1,"") -> 0.27641619
I112: =IFERROR((H112/E112)^(1/COUNT(F112:H112))-1,"")
B113: Net Assets / (Liabilities) | D113: =D86-D111 -> 8019000 | E113: =E86-E111 -> 6657000 | F113: =F86-F111 -> 6468000 | G113: =G86-G111 -> 6351000 | H113: =H86-H111 -> 6757000 | I113: =IFERROR((H113/E113)^(1/COUNT(F113:H113))-1,"") -> 0.004982395
B117: Capital Expenditures
B118: (USD k) | D118: FY21 | E118: FY22 | F118: FY23 | G118: FY24 | H118: FY25 | I118: 3-YR CAGR
B119: Purchase of CAPEX | D119: =CF!Q63 -> -73000 | E119: =CF!P63 -> -58000 | F119: =CF!O63 -> -71000 | G119: =CF!N63 -> -77000 | H119: =CF!M63 -> -97000 | I119: =IFERROR((H119/E119)^(1/COUNT(F119:H119))-1,"") -> 0.18699233 | J119: Link to cashflow statement otherwise see implied Capex below
...

Sheet Forecast
B1: Financial Forecast
B11: Display unit | C11: 1,000
B12: No of months (first period) | D12: 12
B13: Full year? (First period) | D13: Y
B15: Grab Holdings P&L Forecast
B16: (USD k) | D16: FY26F | E16: FY27F | F16: FY28F | G16: FY29F | H16: FY30F | I16: FY31F | J16: FY32F | K16: FY33F | L16: FY34F | M16: FY35F
B17: Revenue | D17: =SUM(D18:D21) -> 4077700 | E17: =SUM(E18:E21) -> 4852463 | F17: =SUM(F18:F21) -> 5677381.7 | G17: =SUM(G18:G21) -> 6528989 | H17: =SUM(H18:H21) -> 7377757.5 | I17: =SUM(I18:I21) -> 8115533.3 | J17: =SUM(J18:J21) -> 8845931.3 | K17: =SUM(K18:K21) -> 9642065.1 | ... M17: =SUM(M18:M21) -> 11142370
B18: Deliveries | D18: =(Historicals!H16*(1+0.21))*0.53 -> 2161181 | E18: =(D17*(1+0.19))*0.52 -> 2523280.8 | F18: =(E17*(1+0.17))*0.51 -> 2895464.7 | G18: =(F17*(1+0.15))*0.5 -> 3264494.5 | H18: =(G17*(1+0.13))*0.49 -> 3615101.2 | I18: =(H17*(1+0.1))*0.48 -> 3895456 | J18: =(I17*(1+0.09))*0.47 -> 4157587.7 | K18: =(J17*(1+0.09))*0.465 -> 4483560.3 | L18: =(K17*(1+0.08))*0.46 -> 4790177.9 | M18: =(L17*(1+0.07))*0.455 -> 5069778.5
B19: Mobility | D19: =(Historicals!H16*(1+0.21))*0.35 -> 1427195 | E19: =(D17*(1+0.19))*0.345 -> 1674099.7 | F19: =(E17*(1+0.17))*0.34 -> 1930309.8 | G19: =(F17*(1+0.15))*0.335 -> 2187211.3 | H19: =(G17*(1+0.13))*0.33 -> 2434660 | I19: =(H17*(1+0.1))*0.325 -> 2637548.3 | J19: =(I17*(1+0.09))*0.32 -> 2830698 | K19: =(J17*(1+0.09))*0.315 -> 3037250.5 | L19: =(K17*(1+0.08))*0.31 -> 3228163.4 | M19: =(L17*(1+0.07))*0.305 -> 3398423
B20: Financial Services | D20: =(Historicals!H16*(1+0.21))*0.115 -> 468935.5 | E20: =(D17*(1+0.19))*0.13 -> 630820.19 | F20: =(E17*(1+0.17))*0.145 -> 823220.35 | G20: =(F17*(1+0.15))*0.16 -> 1044638.2 | H20: =(G17*(1+0.13))*0.175 -> 1291107.6 | I20: =(H17*(1+0.1))*0.19 -> 1541951.3 | J20: =(I17*(1+0.09))*0.205 -> 1813415.9 | K20: =(J17*(1+0.09))*0.215 -> 2073044 | L20: =(K17*(1+0.08))*0.225 -> 2343021.8 | M20: =(L17*(1+0.07))*0.235 -> 2618457
B21: Others / Enterprise | D21: =(Historicals!H16*(1+0.21))*0.005 -> 20388.5 | E21: =(D17*(1+0.19))*0.005 -> 24262.315 | F21: =(E17*(1+0.17))*0.005 -> 28386.909 | G21: =(F17*(1+0.15))*0.005 -> 32644.945 | H21: =(G17*(1+0.13))*0.005 -> 36888.788 | I21: =(H17*(1+0.1))*0.005 -> 40577.666 | J21: =(I17*(1+0.09))*0.005 -> 44229.656 | K21: =(J17*(1+0.09))*0.005 -> 48210.325 | L21: =(K17*(1+0.08))*0.005 -> 52067.152 | M21: =(L17*(1+0.07))*0.005 -> 55711.852
B23: COGS | D23: =-D17*0.565 -> -2303900.5 | E23: =-E17*0.56 -> -2717379.3 | F23: =-F17*0.555 -> -3150946.8 | G23: =-G17*0.55 -> -3590943.9 | H23: =-H17*0.545 -> -4020877.9 | I23: =-I17*0.545 -> -4422965.6 | J23: =-J17*0.54 -> -4776802.9 | K23: =-K17*0.54 -> -5206715.2 | L23: =-L17*0.535 -> -5571185.2 | M23: =-M17*0.535 -> -5961168.2
B24: Gross Profit | D24: =SUM(D17,D23) -> 1773799.5 | E24: =SUM(E17,E23) -> 2135083.7 | F24: =SUM(F17,F23) -> 2526434.9 | G24: =SUM(G17,G23) -> 2938045 | H24: =SUM(H17,H23) -> 3356879.7 | I24: =SUM(I17,I23) -> 3692567.6 | J24: =SUM(J17,J23) -> 4069128.4 | K24: =SUM(K17,K23) -> 4435349.9 | ... M24: =SUM(M17,M23) -> 5181202.2
A26: VC | B26: Selling & marketing | C26: [variable only] | D26: =-D17*0.108 -> -440391.6 | E26: =-E17*0.105 -> -509508.62 | F26: =-F17*0.102 -> -579092.93 | G26: =-G17*0.1 -> -652898.9 | H26: =-H17*0.098 -> -723020.24 | I26: =-I17*0.097 -> -787206.73 | J26: =-J17*0.095 -> -840363.47 | K26: =-K17*0.093 -> -896712.05 | L26: =-L17*0.091 -> -947622.16 | M26: =-M17*0.09 -> -1002813.3
A27: FC | B27: Salary & wages | C27: [fixed only] | D27: =-D17*0.078 -> -318060.6 | E27: =-E17*0.073 -> -354229.8 | F27: =-F17*0.068 -> -386061.96 | G27: =-G17*0.065 -> -424384.28 | H27: =-H17*0.062 -> -457420.97 | I27: =-I17*0.06 -> -486932 | J27: =-J17*0.058 -> -513064.01 | K27: =-K17*0.056 -> -539955.65 | L27: =-L17*0.054 -> -562325.24 | M27: =-M17*0.052 -> -579403.26
A28: FC | B28: General & Admin | C28: [fixed only] | D28: =-D17*0.05 -> -203885 | E28: =-E17*0.047 -> -228065.76 | F28: =-F17*0.045 -> -255482.18 | G28: =-G17*0.043 -> -280746.53 | H28: =-H17*0.041 -> -302488.06 | I28: =-I17*0.04 -> -324621.33 | J28: =-J17*0.039 -> -344991.32 | K28: =-K17*0.038 -> -366398.47 | L28: =-L17*0.037 -> -385296.92 | M28: =-M17*0.036 -> -401125.34
A29: FC | B29: Research & Development | C29: [fixed only] | D29: =-D17*0.125 -> -509712.5 | E29: =-E17*0.12 -> -582295.56 | F29: =-F17*0.115 -> -652898.9 | G29: =-G17*0.11 -> -718188.79 | H29: =-H17*0.105 -> -774664.54 | I29: =-I17*0.102 -> -827784.4 | J29: =-J17*0.1 -> -884593.13 | K29: =-K17*0.098 -> -944922.38 | L29: =-L17*0.095 -> -989275.88 | M29: =-M17*0.09 -> -1002813.3
A30: FC | B30: Other Op Income / (Exp) | C30: [fixed only] | D30: =D17*0.005 -> 20388.5 | E30: =E17*0.005 -> 24262.315 | F30: =F17*0.005 -> 28386.909 | G30: =G17*0.005 -> 32644.945 | H30: =H17*0.005 -> 36888.788 | I30: =I17*0.005 -> 40577.666 | J30: =J17*0.005 -> 44229.656 | K30: =K17*0.005 -> 48210.325 | ... M30: =M17*0.005 -> 55711.852
B31: EBIT | D31: =SUM(D24:D30) -> 322138.3 | E31: =SUM(E24:E30) -> 485246.3 | F31: =SUM(F24:F30) -> 681285.81 | G31: =SUM(G24:G30) -> 894471.49 | H31: =SUM(H24:H30) -> 1136174.7 | I31: =SUM(I24:I30) -> 1306600.9 | J31: =SUM(J24:J30) -> 1530346.1 | K31: =SUM(K24:K30) -> 1735571.7 | ... M31: =SUM(M24:M30) -> 2250758.8
B33: Add: Depreciation | D33: =D17*0.04 -> 163108 | E33: =E17*0.04 -> 194098.52 | F33: =F17*0.04 -> 227095.27 | G33: =G17*0.04 -> 261159.56 | H33: =H17*0.04 -> 295110.3 | I33: =I17*0.04 -> 324621.33 | J33: =J17*0.04 -> 353837.25 | K33: =K17*0.04 -> 385682.6 | ... M33: =M17*0.04 -> 445694.82
B34: Add: Amortisation | D34: =D17*0.01 -> 40777 | E34: =E17*0.01 -> 48524.63 | F34: =F17*0.01 -> 56773.817 | G34: =G17*0.01 -> 65289.89 | H34: =H17*0.01 -> 73777.575 | I34: =I17*0.01 -> 81155.333 | J34: =J17*0.01 -> 88459.313 | K34: =K17*0.01 -> 96420.651 | ... M34: =M17*0.01 -> 111423.7
B35: EBITDA | D35: =SUM(D31:D34) -> 526023.3 | E35: =SUM(E31:E34) -> 727869.45 | F35: =SUM(F31:F34) -> 965154.89 | G35: =SUM(G31:G34) -> 1220920.9 | H35: =SUM(H31:H34) -> 1505062.5 | I35: =SUM(I31:I34) -> 1712377.5 | J35: =SUM(J31:J34) -> 1972642.7 | K35: =SUM(K31:K34) -> 2217675 | ... M35: =SUM(M31:M34) -> 2807877.3
B36: Source: Management forecast
B39: Key financial ratios
D40: FY26F | E40: FY27F | F40: FY28F | G40: FY29F | H40: FY30F | I40: FY31F | J40: FY32F | K40: FY33F | L40: FY34F | M40: FY35F
B41: y-o-y growth
B42: Revenue | D42: 0.21 | E42: 0.19 | F42: 0.17 | G42: 0.15 | H42: 0.13 | I42: 0.1 | J42: 0.09 | K42: 0.09 | L42: 0.08 | M42: 0.07
B43: COGS | D43: 0.2 | E43: 0.18 | F43: 0.16 | G43: 0.14 | H43: 0.12 | I43: 0.1 | J43: 0.08 | K43: 0.09 | L43: 0.07 | M43: 0.07
B44: Salary & wages | D44: -0.02 | E44: 0.11 | F44: 0.09 | G44: 0.1 | H44: 0.08 | I44: 0.06 | J44: 0.05 | K44: 0.05 | L44: 0.04 | M44: 0.03
B45: General & Admin | D45: 0.52 | E45: 0.12 | F45: 0.12 | G45: 0.1 | H45: 0.08 | I45: 0.07 | J45: 0.06 | K45: 0.06 | L45: 0.05 | M45: 0.04
B46: Research & Development | D46: 0.19 | E46: 0.14 | F46: 0.12 | G46: 0.1 | H46: 0.08 | I46: 0.07 | J46: 0.07 | K46: 0.07 | L46: 0.05 | M46: 0.01
B47: Other Op Income / (Exp) | D47: 0.02 | E47: 0.19 | F47: 0.17 | G47: 0.15 | H47: 0.13 | I47: 0.1 | J47: 0.09 | K47: 0.09 | L47: 0.08 | M47: 0.07
B49: % of revenue
B50: Selling & marketing | D50: 0.11 | E50: 0.11 | F50: 0.1 | G50: 0.1 | H50: 0.1 | I50: 0.1 | J50: 0.1 | K50: 0.09 | L50: 0.09 | M50: 0.09
B51: GP margin | D51: 0.44 | E51: 0.44 | F51: 0.45 | G51: 0.45 | H51: 0.46 | I51: 0.46 | J51: 0.46 | K51: 0.46 | L51: 0.47 | M51: 0.47
B52: EBIT margin | D52: 0.08 | E52: 0.1 | F52: 0.12 | G52: 0.14 | H52: 0.15 | I52: 0.16 | J52: 0.17 | K52: 0.18 | L52: 0.19 | M52: 0.2
B53: EBITDA margin | D53: 0.13 | E53: 0.15 | F53: 0.17 | G53: 0.19 | H53: 0.2 | I53: 0.21 | J53: 0.22 | K53: 0.23 | L53: 0.24 | M53: 0.25
B54: Source: FVA's computation
B56: Selected Capex | C56: 1 | D56: =IF($C$56=$A$66,D66,IF($C$56=$A$77,D77,D86)) -> -122331 | E56: =IF($C$56=$A$66,E66,IF($C$56=$A$77,E77,E86)) -> -145573.89 | F56: =IF($C$56=$A$66,F66,IF($C$56=$A$77,F77,F86)) -> -170321.45 | G56: =IF($C$56=$A$66,G66,IF($C$56=$A$77,G77,G86)) -> -195869.67 | H56: =IF($C$56=$A$66,H66,IF($C$56=$A$77,H77,H86)) -> -221332.73 | I56: =IF($C$56=$A$66,I66,IF($C$56=$A$77,I77,I86)) -> -243466 | J56: =IF($C$56=$A$66,J66,IF($C$56=$A$77,J77,J86)) -> -265377.94 | K56: =IF($C$56=$A$66,K66,IF($C$56=$A$77,K77,K86)) -> -289261.95 | ... M56: =IF($C$56=$A$66,M66,IF($C$56=$A$77,M77,M86)) -> -334271.11
B57: Selected Change in NWC | C57: 1 | D57: =IF($C$57=$A$100,D100,IF($C$57=$A$119,D119,D131)) -> -353700.45 | E57: =IF($C$57=$A$100,E100,IF($C$57=$A$119,E119,E131)) -> -330919.88 | F57: =IF($C$57=$A$100,F100,IF($C$57=$A$119,F119,F131)) -> -348596.95 | G57: =IF($C$57=$A$100,G100,IF($C$57=$A$119,G119,G131)) -> -349683.94 | H57: =IF($C$57=$A$100,H100,IF($C$57=$A$119,H119,H131)) -> -316727.52 | I57: =IF($C$57=$A$100,I100,IF($C$57=$A$119,I119,I131)) -> -239069.66 | J57: =IF($C$57=$A$100,J100,IF($C$57=$A$119,J119,J131)) -> -251544.85 | K57: =IF($C$57=$A$100,K100,IF($C$57=$A$119,K119,K131)) -> -341975.22 | ... M57: =IF($C$57=$A$100,M100,IF($C$57=$A$119,M119,M131)) -> -282533.48
A61: Option | B61: 1. Capex Forecast as provided by Management
B62: Grab Holdings Capital Expenditures Forecast
B63: (USD k) | D63: FY26F | E63: FY27F | F63: FY28F | G63: FY29F | H63: FY30F | I63: FY31F | J63: FY32F | K63: FY33F | L63: FY34F | M63: FY35F
B64: Maintenance CAPEX | D64: =-D17*0.02 -> -81554 | E64: =-E17*0.02 -> -97049.26 | F64: =-F17*0.02 -> -113547.63 | G64: =-G17*0.02 -> -130579.78 | H64: =-H17*0.02 -> -147555.15 | I64: =-I17*0.02 -> -162310.67 | J64: =-J17*0.02 -> -176918.63 | K64: =-K17*0.02 -> -192841.3 | ... M64: =-M17*0.02 -> -222847.41
B65: Expansionary CAPEX | D65: =-D17*0.01 -> -40777 | E65: =-E17*0.01 -> -48524.63 | F65: =-F17*0.01 -> -56773.817 | G65: =-G17*0.01 -> -65289.89 | H65: =-H17*0.01 -> -73777.575 | I65: =-I17*0.01 -> -81155.333 | J65: =-J17*0.01 -> -88459.313 | K65: =-K17*0.01 -> -96420.651 | ... M65: =-M17*0.01 -> -111423.7
A66: 1 | B66: Total CAPEX | D66: =IFERROR(SUM(D64:D65),"") -> -122331 | E66: =IFERROR(SUM(E64:E65),"") -> -145573.89 | F66: =IFERROR(SUM(F64:F65),"") -> -170321.45 | G66: =IFERROR(SUM(G64:G65),"") -> -195869.67 | H66: =IFERROR(SUM(H64:H65),"") -> -221332.73 | I66: =IFERROR(SUM(I64:I65),"") -> -243466 | J66: =IFERROR(SUM(J64:J65),"") -> -265377.94 | K66: =IFERROR(SUM(K64:K65),"") -> -289261.95 | ... M66: =IFERROR(SUM(M64:M65),"") -> -334271.11
B67: Source: Management
B69: Forecast PPE | D69: =(Historicals!H61-Forecast!D66-Forecast!D33) -> 790223 | E69: =(Historicals!I61-Forecast!E66-Forecast!E33) -> -48524.439 | F69: =(Historicals!J61-Forecast!F66-Forecast!F33) -> -56773.817 | G69: =(Historicals!K61-Forecast!G66-Forecast!G33) -> -65289.89 | H69: =(Historicals!L61-Forecast!H66-Forecast!H33) -> -73777.575 | I69: =(Historicals!M61-Forecast!I66-Forecast!I33) -> -81155.333 | J69: =(Historicals!N61-Forecast!J66-Forecast!J33) -> -88459.313 | K69: =(Historicals!O61-Forecast!K66-Forecast!K33) -> -96420.651 | ... M69: =(Historicals!Q61-Forecast!M66-Forecast!M33) -> -111423.7
B70: Capex/Sales | D70: =IFERROR(D66/D$17,"") -> -0.03 | E70: =IFERROR(E66/E$17,"") -> -0.03 | F70: =IFERROR(F66/F$17,"") -> -0.03 | G70: =IFERROR(G66/G$17,"") -> -0.03 | H70: =IFERROR(H66/H$17,"") -> -0.03 | I70: =IFERROR(I66/I$17,"") -> -0.03 | J70: =IFERROR(J66/J$17,"") -> -0.03 | K70: =IFERROR(K66/K$17,"") -> -0.03 | ... M70: =IFERROR(M66/M$17,"") -> -0.03
B71: Fixed Asset Turnover Ratio | D71: =IFERROR(D17/D69,"") -> 5.160189 | E71: =IFERROR(E17/E69,"") -> -100.00039 | F71: =IFERROR(F17/F69,"") -> -100 | G71: =IFERROR(G17/G69,"") -> -100 | H71: =IFERROR(H17/H69,"") -> -100 | I71: =IFERROR(I17/I69,"") -> -100 | J71: =IFERROR(J17/J69,"") -> -100 | K71: =IFERROR(K17/K69,"") -> -100 | ... M71: =IFERROR(M17/M69,"") -> -100
A73: Option | B73: 2. Capex Forecast based on fixed asset turns
B74: Grab Holdings Capital Expenditures Forecast
B75: (USD k) | D75: FY26F | E75: FY27F | F75: FY28F | G75: FY29F | H75: FY30F | I75: FY31F | J75: FY32F | K75: FY33F | L75: FY34F | M75: FY35F
B76: Forecast PPE | C76: =Historicals!I180 -> 4.5319192 | D76: =IFERROR(D17/$C$76,"") -> 899773.33 | E76: =IFERROR(E17/$C$76,"") -> 1070730.3 | F76: =IFERROR(F17/$C$76,"") -> 1252754.4 | G76: =IFERROR(G17/$C$76,"") -> 1440667.6 | H76: =IFERROR(H17/$C$76,"") -> 1627954.4 | I76: =IFERROR(I17/$C$76,"") -> 1790749.8 | J76: =IFERROR(J17/$C$76,"") -> 1951917.3 | K76: =IFERROR(K17/$C$76,"") -> 2127589.8 | ... M76: =IFERROR(M17/$C$76,"") -> 2458642.8
A77: 2 | B77: Implied Capex | D77: =IFERROR(-(D69+D33-Historicals!D61),"") -> -512331 | E77: =IFERROR(-(E69+E33-Historicals!E61),"") -> 346425.92 | F77: =IFERROR(-(F69+F33-Historicals!F61),"") -> 341678.55 | G77: =IFERROR(-(G69+G33-Historicals!G61),"") -> 371130.33 | H77: =IFERROR(-(H69+H33-Historicals!H61),"") -> 609667.27 | I77: =IFERROR(-(I69+I33-Historicals!I61),"") -> -243465.81 | J77: =IFERROR(-(J69+J33-Historicals!J61),"") -> -265377.94 | K77: =IFERROR(-(K69+K33-Historicals!K61),"") -> -289261.95 | ... M77: =IFERROR(-(M69+M33-Historicals!M61),"") -> -334271.11
B78: Source: FVA analysis
B80: Capex/Sales | D80: =IFERROR(D77/D$17,"") -> -0.12564215 | E80: =IFERROR(E77/E$17,"") -> 0.071391769 | F80: =IFERROR(F77/F$17,"") -> 0.060182416 | G80: =IFERROR(G77/G$17,"") -> 0.056843461 | H80: =IFERROR(H77/H$17,"") -> 0.082635851 | I80: =IFERROR(I77/I$17,"") -> -0.029999976 | J80: =IFERROR(J77/J$17,"") -> -0.03 | K80: =IFERROR(K77/K$17,"") -> -0.03 | ... M80: =IFERROR(M77/M$17,"") -> -0.03
A83: Option | B83: 3. Capex Forecast based on capex/sales
B84: Grab Holdings Capital Expenditures Forecast
B85: (USD k) | D85: FY26F | E85: FY27F | F85: FY28F | G85: FY29F | H85: FY30F | I85: FY31F | J85: FY32F | K85: FY33F | L85: FY34F | M85: FY35F
A86: 3 | B86: Net CAPEX | C86: =Historicals!I123 -> -0.091940111 | D86: =IFERROR(D17*$C$86,"") -> -374904.19 | E86: =IFERROR(E17*$C$86,"") -> -446135.99 | F86: =IFERROR(F17*$C$86,"") -> -521979.11 | G86: =IFERROR(G17*$C$86,"") -> -600275.97 | H86: =IFERROR(H17*$C$86,"") -> -678311.85 | I86: =IFERROR(I17*$C$86,"") -> -746143.03 | J86: =IFERROR(J17*$C$86,"") -> -813295.91 | K86: =IFERROR(K17*$C$86,"") -> -886492.54 | ... M86: =IFERROR(M17*$C$86,"") -> -1024430.8
B87: Source: FVA analysis
A91: Option | B91: 1. NWC Forecast as provided by Management
B92: Grab Holdings Net Working Capital Forecast | N92: Provided by Management
B93: (USD k) | D93: FY26F | E93: FY27F | F93: FY28F | G93: FY29F | H93: FY30F | I93: FY31F | J93: FY32F | K93: FY33F | L93: FY34F | M93: FY35F
B94: Trade receivables | D94: =D17*110/365 -> 1228895.9 | E94: =E17*108/365 -> 1435797.3 | F94: =F17*105/365 -> 1633219.4 | G94: =G17*102/365 -> 1824539.4 | H94: =H17*100/365 -> 2021303.4 | I94: =I17*98/365 -> 2178965.1 | J94: =J17*96/365 -> 2326601.1 | K94: =K17*93/365 -> 2456745.4 | L94: =L17*91/365 -> 2596225.1 | M94: =M17*90/365 -> 2747433.8 | N94: Grab Holdings Limited. (2025, November 4). Grab Holdings Ltd Q3 2025 earnings prepared remarks [PDF]. Grab Investor Relations. https://s205.q4cdn.com/179588156/files/doc_financials/2025/q3/Grab-Q3-2025-Prepared-Remarks.pdf
B95: Inventory | D95: =-D23*17/365 -> 107304.95 | E95: =-E23*16/365 -> 119118 | F95: =-F23*15/365 -> 129490.97 | G95: =-G23*15/365 -> 147573.04 | H95: =-H23*14/365 -> 154225.45 | I95: =-I23*14/365 -> 169648 | J95: =-J23*13/365 -> 170132.71 | K95: =-K23*13/365 -> 185444.65 | L95: =-L23*13/365 -> 198425.77 | M95: =-M23*12/365 -> 195983.61 | N95: Grab Holdings Limited. (2026, February 12). Grab reports fourth quarter and 2025 results with first full year net profit(Form 6-K, Exhibit 99.1). U.S. Securities and Exchange Commission. https://www.sec.gov/Archives/edgar/data/0001855612/000185561226000011/a2025q4-earningspressrelea.htm
B96: Trade payables | D96: =D23*112/365 -> -706950.29 | E96: =E23*113/365 -> -841270.85 | F96: =F23*113/365 -> -975498.61 | G96: =G23*114/365 -> -1121555.1 | H96: =H23*114/365 -> -1255835.8 | I96: =I23*115/365 -> -1393537.1 | J96: =J23*115/365 -> -1505020.1 | K96: =K23*115/365 -> -1640471.9 | L96: =L23*115/365 -> -1755304.9 | M96: =M23*116/365 -> -1894508.2
B97: Other current assets | D97: =D17*0.07 -> 285439 | E97: =E17*0.065 -> 315410.1 | F97: =F17*0.06 -> 340642.9 | G97: =G17*0.055 -> 359094.39 | H97: =H17*0.05 -> 368887.88 | I97: =I17*0.048 -> 389545.6 | J97: =J17*0.046 -> 406912.84 | K97: =K17*0.044 -> 424250.86 | L97: =L17*0.042 -> 437364.07 | M97: =M17*0.04 -> 445694.82 | N97: Grab Holdings Limited. (2026, May 5). Grab reports first quarter 2026 results [Press release]. https://www.grab.com/sg/press/others/grab-reports-first-quarter-2026-results/
B98: Other current liabilities | D98: =D17*(-0.7) -> -2854390 | E98: =E17*(-0.68) -> -3299674.8 | F98: =F17*(-0.66) -> -3747071.9 | G98: =G17*(-0.64) -> -4178552.9 | H98: =H17*(-0.62) -> -4574209.7 | I98: =I17*(-0.6) -> -4869320 | J98: =J17*(-0.585) -> -5174869.8 | K98: =K17*(-0.575) -> -5544187.4 | L98: =L17*(-0.565) -> -5883588.1 | M98: =M17*(-0.555) -> -6184015.6 | N98: Grab Holdings Limited. (2026, May 5). Report of foreign private issuer (Form 6-K, Exhibit 99.1: First quarter 2026 earnings release). U.S. Securities and Exchange Commission. https://www.sec.gov/Archives/edgar/data/0001855612/000185561226000077/a42026q1-earningspressrele.htm
B99: Net working capital | D99: =SUM(D94:D98) -> -1939700.4 | E99: =SUM(E94:E98) -> -2270620.3 | F99: =SUM(F94:F98) -> -2619217.3 | G99: =SUM(G94:G98) -> -2968901.2 | H99: =SUM(H94:H98) -> -3285628.7 | I99: =SUM(I94:I98) -> -3524698.4 | J99: =SUM(J94:J98) -> -3776243.2 | K99: =SUM(K94:K98) -> -4118218.5 | ... M99: =SUM(M94:M98) -> -4689411.6
A100: 1 | B100: Change in NWC | D100: =D99-Historicals!H162 -> -353700.45 | E100: =E99-D99 -> -330919.88 | F100: =F99-E99 -> -348596.95 | G100: =G99-F99 -> -349683.94 | H100: =H99-G99 -> -316727.52 | I100: =I99-H99 -> -239069.66 | J100: =J99-I99 -> -251544.85 | K100: =K99-J99 -> -341975.22 | L100: =L99-K99 -> -288659.65 | M100: =M99-L99 -> -282533.48
B101: Source: FVA analysis
B103: Cash conversion cycle
B104: Collection period (days) | D104: =IFERROR(D94/D17*365,"") -> 110 | E104: =IFERROR(E94/E17*365,"") -> 108 | F104: =IFERROR(F94/F17*365,"") -> 105 | G104: =IFERROR(G94/G17*365,"") -> 102 | H104: =IFERROR(H94/H17*365,"") -> 100 | I104: =IFERROR(I94/I17*365,"") -> 98 | J104: =IFERROR(J94/J17*365,"") -> 96 | K104: =IFERROR(K94/K17*365,"") -> 93 | ... M104: =IFERROR(M94/M17*365,"") -> 90
B105: Payment period (days) | D105: =IFERROR(D96/D23*365,"") -> 112 | E105: =IFERROR(E96/E23*365,"") -> 113 | F105: =IFERROR(F96/F23*365,"") -> 113 | G105: =IFERROR(G96/G23*365,"") -> 114 | H105: =IFERROR(H96/H23*365,"") -> 114 | I105: =IFERROR(I96/I23*365,"") -> 115 | J105: =IFERROR(J96/J23*365,"") -> 115 | K105: =IFERROR(K96/K23*365,"") -> 115 | ... M105: =IFERROR(M96/M23*365,"") -> 116
B106: Inventory (days on hand) | D106: =IFERROR(-D95/D23*365,"") -> 17 | E106: =IFERROR(-E95/E23*365,"") -> 16 | F106: =IFERROR(-F95/F23*365,"") -> 15 | G106: =IFERROR(-G95/G23*365,"") -> 15 | H106: =IFERROR(-H95/H23*365,"") -> 14 | I106: =IFERROR(-I95/I23*365,"") -> 14 | J106: =IFERROR(-J95/J23*365,"") -> 13 | K106: =IFERROR(-K95/K23*365,"") -> 13 | ... M106: =IFERROR(-M95/M23*365,"") -> 12
B107: Cash conversion (days) | D107: =IFERROR(D104+D105-D106,"") -> 205 | E107: =IFERROR(E104+E105-E106,"") -> 205 | F107: =IFERROR(F104+F105-F106,"") -> 203 | G107: =IFERROR(G104+G105-G106,"") -> 201 | H107: =IFERROR(H104+H105-H106,"") -> 200 | I107: =IFERROR(I104+I105-I106,"") -> 199 | J107: =IFERROR(J104+J105-J106,"") -> 198 | K107: =IFERROR(K104+K105-K106,"") -> 195 | ... M107: =IFERROR(M104+M105-M106,"") -> 194
B109: As a % of revenue
B110: Other current assets | D110: =IFERROR(D97/D17,"") -> 0.07 | E110: =IFERROR(E97/E17,"") -> 0.065 | F110: =IFERROR(F97/F17,"") -> 0.06 | G110: =IFERROR(G97/G17,"") -> 0.055 | H110: =IFERROR(H97/H17,"") -> 0.05 | I110: =IFERROR(I97/I17,"") -> 0.048 | J110: =IFERROR(J97/J17,"") -> 0.046 | K110: =IFERROR(K97/K17,"") -> 0.044 | ... M110: =IFERROR(M97/M17,"") -> 0.04
B111: Other current liabilities | D111: =IFERROR(D98/D17,"") -> -0.7 | E111: =IFERROR(E98/E17,"") -> -0.68 | F111: =IFERROR(F98/F17,"") -> -0.66 | G111: =IFERROR(G98/G17,"") -> -0.64 | H111: =IFERROR(H98/H17,"") -> -0.62 | I111: =IFERROR(I98/I17,"") -> -0.6 | J111: =IFERROR(J98/J17,"") -> -0.585 | K111: =IFERROR(K98/K17,"") -> -0.575 | ... M111: =IFERROR(M98/M17,"") -> -0.555
B113: Source: FVA's computation
A115: Option | B115: 2. NWC Forecast based on NWC/sales
B116: Grab Holdings Net Working Capital Forecast | N116: Based on historical NWC/sales
B117: (USD k) | D117: FY26F | E117: FY27F | F117: FY28F | G117: FY29F | H117: FY30F | I117: FY31F | J117: FY32F | K117: FY33F | L117: FY34F | M117: FY35F
B118: Net working capital | C118: =Historicals!H134 -> -0.40061223 | D118: =D17*Historicals!$H$134 -> -1633576.5 | E118: =E17*Historicals!$H$134 -> -1943956 | F118: =F17*Historicals!$H$134 -> -2274428.6 | G118: =G17*Historicals!$H$134 -> -2615592.9 | H118: =H17*Historicals!$H$134 -> -2955619.9 | I118: =I17*Historicals!$H$134 -> -3251181.9 | J118: =J17*Historicals!$H$134 -> -3543788.3 | K118: =K17*Historicals!$H$134 -> -3862729.2 | ... M118: =M17*Historicals!$H$134 -> -4463769.9
A119: 2 | B119: Change in NWC | D119: =D118-Historicals!H162 -> -47576.51 | E119: =E118-D118 -> -310379.54 | F119: =F118-E118 -> -330472.53 | G119: =G118-F118 -> -341164.29 | H119: =H118-G118 -> -340027.07 | I119: =I118-H118 -> -295561.99 | J119: =J118-I118 -> -292606.37 | K119: =K118-J118 -> -318940.95 | L119: =L118-K118 -> -309018.34 | M119: =M118-L118 -> -292022.33
B120: Source: FVA analysis
A122: Option | B122: 3. NWC Forecast based on KPIs
B123: Grab Holdings Net Working Capital Forecast
B124: (USD k) | D124: FY26F | E124: FY27F | F124: FY28F | G124: FY29F | H124: FY30F | I124: FY31F | J124: FY32F | K124: FY33F | L124: FY34F | M124: FY35F | N124: Based on historical KPIs such as days outstanding etc
B125: Trade receivables | C125: =Historicals!I183 -> 91.2359 | D125: =D17*$C$125/365 -> 1019267.5 | E125: =E17*$C$125/365 -> 1212928.3 | F125: =F17*$C$125/365 -> 1419126.1 | G125: =G17*$C$125/365 -> 1631995 | H125: =H17*$C$125/365 -> 1844154.4 | I125: =I17*$C$125/365 -> 2028569.8 | J125: =J17*$C$125/365 -> 2211141.1 | K125: =K17*$C$125/365 -> 2410143.8 | ... M125: =M17*$C$125/365 -> 2785162.2 | N125: Grab Holdings Limited. (2026, May 5). Grab Holdings Ltd Q1 2026 earnings prepared remarks [PDF]. Grab Investor Relations. https://s205.q4cdn.com/179588156/files/doc_financials/2026/q1/Grab-Q1-2026-Prepared-Remarks.pdf
B126: Inventory | C126: =Historicals!I185 -> 13.930278 | D126: =-D23*$C$126/365 -> 87928.699 | E126: =-E23*$C$126/365 -> 103709.18 | F126: =-F23*$C$126/365 -> 120256.35 | G126: =-G23*$C$126/365 -> 137048.9 | H126: =-H23*$C$126/365 -> 153457.39 | I126: =-I23*$C$126/365 -> 168803.13 | J126: =-J23*$C$126/365 -> 182307.38 | K126: =-K23*$C$126/365 -> 198715.04 | ... M126: =-M23*$C$126/365 -> 227508.85 | N126: Grab Holdings Limited. (2026, May 5). Grab Holdings Ltd Q1 2026 earnings prepared remarks [PDF]. Grab Investor Relations. https://s205.q4cdn.com/179588156/files/doc_financials/2026/q1/Grab-Q1-2026-Prepared-Remarks.pdf
B127: Trade payables | C127: =Historicals!I184 -> 92.156524 | D127: =D23*$C$127/365 -> -581697.16 | E127: =E23*$C$127/365 -> -686093.78 | F127: =F23*$C$127/365 -> -795562.49 | G127: =G23*$C$127/365 -> -906654.55 | H127: =H23*$C$127/365 -> -1015205.8 | I127: =I23*$C$127/365 -> -1116726.4 | J127: =J23*$C$127/365 -> -1206064.5 | K127: =K23*$C$127/365 -> -1314610.3 | ... M127: =M23*$C$127/365 -> -1505097.4 | N127: Grab Holdings Limited. (2026, May 5). Grab Holdings Ltd Q1 2026 earnings prepared remarks [PDF]. Grab Investor Relations. https://s205.q4cdn.com/179588156/files/doc_financials/2026/q1/Grab-Q1-2026-Prepared-Remarks.pdf
B128: Other current assets | C128: =Historicals!I189 -> 0.092106801 | D128: =D17*$C$128 -> 375583.9 | E128: =E17*$C$128 -> 446944.84 | F128: =F17*$C$128 -> 522925.47 | G128: =G17*$C$128 -> 601364.29 | H128: =H17*$C$128 -> 679541.64 | I128: =I17*$C$128 -> 747495.81 | J128: =J17*$C$128 -> 814770.43 | K128: =K17*$C$128 -> 888099.77 | ... M128: =M17*$C$128 -> 1026288.1 | N128: Grab Holdings Limited. (2026, May 5). Grab Holdings Ltd Q1 2026 earnings prepared remarks [PDF]. Grab Investor Relations. https://s205.q4cdn.com/179588156/files/doc_financials/2026/q1/Grab-Q1-2026-Prepared-Remarks.pdf
B129: Other current liabilities | C129: =AVERAGE(Historicals!F161/Historicals!F16,Historicals!G161/Historicals!G16,Historicals!H161/Historicals!H16) -> -0.61596157 | D129: =D17*$C$129 -> -2511706.5 | E129: =E17*$C$129 -> -2988930.8 | F129: =F17*$C$129 -> -3497049 | G129: =G17*$C$129 -> -4021606.3 | H129: =H17*$C$129 -> -4544415.1 | I129: =I17*$C$129 -> -4998856.7 | J129: =J17*$C$129 -> -5448753.8 | K129: =K17*$C$129 -> -5939141.6 | ... M129: =M17*$C$129 -> -6863272 | N129: Grab Holdings Limited. (2026, May 5). Grab Holdings Ltd Q1 2026 earnings prepared remarks [PDF]. Grab Investor Relations. https://s205.q4cdn.com/179588156/files/doc_financials/2026/q1/Grab-Q1-2026-Prepared-Remarks.pdf
B130: Net working capital | D130: =SUM(D125:D129) -> -1610623.6 | E130: =SUM(E125:E129) -> -1911442.2 | F130: =SUM(F125:F129) -> -2230303.5 | G130: =SUM(G125:G129) -> -2557852.7 | H130: =SUM(H125:H129) -> -2882467.6 | I130: =SUM(I125:I129) -> -3170714.3 | J130: =SUM(J125:J129) -> -3446599.4 | K130: =SUM(K125:K129) -> -3756793.3 | ... M130: =SUM(M125:M129) -> -4329410.3
A131: 3 | B131: Change in NWC | D131: =D130-Historicals!H162 -> -24623.591 | E131: =E130-D130 -> -300818.62 | F131: =F130-E130 -> -318861.34 | G131: =G130-F130 -> -327549.12 | H131: =H130-G130 -> -324614.9 | I131: =I130-H130 -> -288246.76 | J131: =J130-I130 -> -275885.06 | K131: =K130-J130 -> -310193.94 | L131: =L130-K130 -> -289384.51 | M131: =M130-L130 -> -283232.45
B132: Source: FVA analysis
B133: Source: FVA analysis

Sheet Sheet2

Sheet Combined
B1: ="("&curr&" "&Input!D8&")" -> (USD k) | C1: =Historicals!D15 -> FY21 | D1: =Historicals!E15 -> FY22 | E1: =Historicals!F15 -> FY23 | F1: =Historicals!G15 -> FY24 | G1: =Historicals!H15 -> FY25 | H1: 3-Year Average | I1: =Forecast!D16 -> FY26F | J1: =Forecast!E16 -> FY27F | K1: =Forecast!F16 -> FY28F | L1: =Forecast!G16 -> FY29F | M1: =Forecast!H16 -> FY30F | N1: =Forecast!I16 -> FY31F | O1: =Forecast!J16 -> FY32F | P1: =Forecast!K16 -> FY33F | ... R1: =Forecast!M16 -> FY35F | S1: 5-Year CAGR
B2: ="Historical " & B43 -> Historical Revenue | C2: =Historicals!D16 -> 675000 | D2: =Historicals!E16 -> 1433000 | E2: =Historicals!F16 -> 2359000 | F2: =Historicals!G16 -> 2797000 | G2: =Historicals!H16 -> 3370000
B3: ="Forecast " & B43 -> Forecast Revenue | I3: =Forecast!D17 -> 4077700 | J3: =Forecast!E17 -> 4852463 | K3: =Forecast!F17 -> 5677381.7 | L3: =Forecast!G17 -> 6528989 | M3: =Forecast!H17 -> 7377757.5 | N3: =Forecast!I17 -> 8115533.3 | O3: =Forecast!J17 -> 8845931.3 | P3: =Forecast!K17 -> 9642065.1 | ... R3: =Forecast!M17 -> 11142370 | S3: =(M3/G2)^(1/5)-1 -> 0.169658
B4: =B43 & " YoY Growth %" -> Revenue YoY Growth % | C4: =Historicals!D48 -> 0.357 | D4: =Historicals!E48 -> 0.194 | E4: =Historicals!F48 -> 0.124 | F4: =Historicals!G48 -> 0.116 | G4: =Historicals!H48 -> 0.109 | H4: =Historicals!I48 -> 0.116 | I4: =Forecast!E44 -> 0.11 | J4: =Forecast!E43 -> 0.18 | K4: =Forecast!F43 -> 0.16 | L4: =Forecast!G43 -> 0.14 | M4: =Forecast!H43 -> 0.12 | N4: =Forecast!I43 -> 0.1 | O4: =Forecast!J43 -> 0.08 | P4: =Forecast!K43 -> 0.09 | Q4: =Forecast!L43 -> 0.07 | R4: =Forecast!M43 -> 0.07
B5: ="Historical " & B44 -> Historical Gross Profit | C5: =Historicals!D20 -> -395000 | D5: =Historicals!E20 -> 77000 | E5: =Historicals!F20 -> 860000 | F5: =Historicals!G20 -> 1174000 | G5: =Historicals!H20 -> 1456000
B6: ="Forecast " & B44 -> Forecast Gross Profit | I6: =Forecast!D24 -> 1773799.5 | J6: =Forecast!E24 -> 2135083.7 | K6: =Forecast!F24 -> 2526434.9 | L6: =Forecast!G24 -> 2938045 | M6: =Forecast!H24 -> 3356879.7 | N6: =Forecast!I24 -> 3692567.6 | O6: =Forecast!J24 -> 4069128.4 | P6: =Forecast!K24 -> 4435349.9 | ... R6: =Forecast!M24 -> 5181202.2 | S6: =(M6/G5)^(1/5)-1 -> 0.18182965
B7: =B44 & " Margin" -> Gross Profit Margin | C7: =Historicals!D58 | D7: =Historicals!E58 | E7: =Historicals!F58 | F7: =Historicals!G58 | G7: =Historicals!H58 | H7: =Historicals!I58 | I7: =Forecast!D52 -> 0.08 | J7: =Forecast!E52 -> 0.1 | K7: =Forecast!F52 -> 0.12 | L7: =Forecast!G52 -> 0.14 | M7: =Forecast!H52 -> 0.15 | N7: =Forecast!I52 -> 0.16 | O7: =Forecast!J52 -> 0.17 | P7: =Forecast!K52 -> 0.18 | ... R7: =Forecast!M52 -> 0.2
B8: ="Historical " & B45 -> Historical Selling & marketing | C8: =Historicals!D22 -> -241000 | D8: =Historicals!E22 -> -278000 | E8: =Historicals!F22 -> -293000 | F8: =Historicals!G22 -> -324000 | G8: =Historicals!H22 -> -367000
B9: ="Forecast " & B45 -> Forecast Selling & marketing | I9: =Forecast!D26 -> -440391.6 | J9: =Forecast!E26 -> -509508.62 | K9: =Forecast!F26 -> -579092.93 | L9: =Forecast!G26 -> -652898.9 | M9: =Forecast!H26 -> -723020.24 | N9: =Forecast!I26 -> -787206.73 | O9: =Forecast!J26 -> -840363.47 | P9: =Forecast!K26 -> -896712.05 | ... R9: =Forecast!M26 -> -1002813.3 | S9: =(M9/G8)^(1/5)-1 -> 0.14524097
B10: =B45 & "as a % of revenue" -> Selling & marketingas a % of revenue | C10: =Historicals!D57 -> 0 | D10: =Historicals!E57 -> 0 | E10: =Historicals!F57 -> 0 | F10: =Historicals!G57 -> 0 | G10: =Historicals!H57 -> 0 | H10: =Historicals!I57 -> 0 | I10: =Forecast!D51 -> 0.44 | J10: =Forecast!E51 -> 0.44 | K10: =Forecast!F51 -> 0.45 | L10: =Forecast!G51 -> 0.45 | M10: =Forecast!H51 -> 0.46 | N10: =Forecast!I51 -> 0.46 | O10: =Forecast!J51 -> 0.46 | P10: =Forecast!K51 -> 0.46 | ... R10: =Forecast!M51 -> 0.47
B11: ="Historical " & B46 -> Historical Salary & wages | C11: =Historicals!D23 -> -380800 | D11: =Historicals!E23 -> -228200 | E11: =Historicals!F23 -> -385000 | F11: =Historicals!G23 -> -358400 | G11: =Historicals!H23 -> -321300
B12: ="Forecast " & B46 -> Forecast Salary & wages | I12: =Forecast!D27 -> -318060.6 | J12: =Forecast!E27 -> -354229.8 | K12: =Forecast!F27 -> -386061.96 | L12: =Forecast!G27 -> -424384.28 | M12: =Forecast!H27 -> -457420.97 | N12: =Forecast!I27 -> -486932 | O12: =Forecast!J27 -> -513064.01 | P12: =Forecast!K27 -> -539955.65 | ... R12: =Forecast!M27 -> -579403.26 | S12: =(M12/G11)^(1/5)-1 -> 0.073200999
B13: =B46 & " YoY Growth %" -> Salary & wages YoY Growth % | C13: =Historicals!D50 -> -0.673 | D13: =Historicals!E50 -> -0.904 | E13: =Historicals!F50 -> -0.164 | F13: =Historicals!G50 -> -0.02 | G13: =Historicals!H50 -> 0.066 | H13: =Historicals!I50 -> -0.039 | I13: =Forecast!D45 -> 0.52 | J13: =Forecast!E45 -> 0.12 | K13: =Forecast!F45 -> 0.12 | L13: =Forecast!G45 -> 0.1 | M13: =Forecast!H45 -> 0.08 | N13: =Forecast!I45 -> 0.07 | O13: =Forecast!J45 -> 0.06 | P13: =Forecast!K45 -> 0.06 | ... R13: =Forecast!M45 -> 0.04
B14: ="Historical " & B47 -> Historical General & Admin | C14: =Historicals!D24 -> -163200 | D14: =Historicals!E24 -> -193800 | E14: =Historicals!F24 -> -165000 | F14: =Historicals!G24 -> -153600 | G14: =Historicals!H24 -> -137700
B15: ="Forecast " & B47 -> Forecast General & Admin | I15: =Forecast!D28 -> -203885 | J15: =Forecast!E28 -> -228065.76 | K15: =Forecast!F28 -> -255482.18 | L15: =Forecast!G28 -> -280746.53 | M15: =Forecast!H28 -> -302488.06 | N15: =Forecast!I28 -> -324621.33 | O15: =Forecast!J28 -> -344991.32 | P15: =Forecast!K28 -> -366398.47 | ... R15: =Forecast!M28 -> -401125.34 | S15: =(M15/G14)^(1/5)-1 -> 0.17045537
B16: =B47 & " YoY Growth %" -> General & Admin YoY Growth % | C16: =Historicals!D51 -> -0.584 | D16: =Historicals!E51 -> -0.834 | E16: =Historicals!F51 -> -0.107 | F16: =Historicals!G51 -> 0.033 | G16: =Historicals!H51 -> 0.117 | H16: =Historicals!I51 -> 0.014 | I16: =Forecast!D46 -> 0.19 | J16: =Forecast!E46 -> 0.14 | K16: =Forecast!F46 -> 0.12 | L16: =Forecast!G46 -> 0.1 | M16: =Forecast!H46 -> 0.08 | N16: =Forecast!I46 -> 0.07 | O16: =Forecast!J46 -> 0.07 | P16: =Forecast!K46 -> 0.07 | ... R16: =Forecast!M46 -> 0.01
B17: ="Historical " & B48 -> Historical Other Op Inc/(Exp) | C17: =Historicals!D26 -> 12000 | D17: =Historicals!E26 -> 17000 | E17: =Historicals!F26 -> 17000 | F17: =Historicals!G26 -> 17000 | G17: =Historicals!H26 -> 20000
B18: ="Forecast " & B48 -> Forecast Other Op Inc/(Exp) | I18: =Forecast!D29 -> -509712.5 | J18: =Forecast!E29 -> -582295.56 | K18: =Forecast!F29 -> -652898.9 | L18: =Forecast!G29 -> -718188.79 | M18: =Forecast!H29 -> -774664.54 | N18: =Forecast!I29 -> -827784.4 | O18: =Forecast!J29 -> -884593.13 | P18: =Forecast!K29 -> -944922.38 | ... R18: =Forecast!M29 -> -1002813.3 | S18: =(M18/G17)^(1/5)-1 -> -3.0778622
B19: =B48 & " YoY Growth %" -> Other Op Inc/(Exp) YoY Growth % | C19: =Historicals!D52 | D19: =Historicals!E52 | E19: =Historicals!F52 | F19: =Historicals!G52 | G19: =Historicals!H52 | H19: =Historicals!I52 | I19: =Forecast!D47 -> 0.02 | J19: =Forecast!E47 -> 0.19 | K19: =Forecast!F47 -> 0.17 | L19: =Forecast!G47 -> 0.15 | M19: =Forecast!H47 -> 0.13 | N19: =Forecast!I47 -> 0.1 | O19: =Forecast!J47 -> 0.09 | P19: =Forecast!K47 -> 0.09 | ... R19: =Forecast!M47 -> 0.07
B20: ="Historical " & B49 -> #REF! | C20: =Historicals!#REF! -> #REF! | D20: =Historicals!#REF! -> #REF! | E20: =Historicals!#REF! -> #REF! | F20: =Historicals!#REF! -> #REF! | G20: =Historicals!#REF! -> #REF!
B21: ="Forecast " & B49 -> #REF! | I21: =Forecast!D30 -> 20388.5 | J21: =Forecast!E30 -> 24262.315 | K21: =Forecast!F30 -> 28386.909 | L21: =Forecast!G30 -> 32644.945 | M21: =Forecast!H30 -> 36888.788 | N21: =Forecast!I30 -> 40577.666 | O21: =Forecast!J30 -> 44229.656 | P21: =Forecast!K30 -> 48210.325 | ... R21: =Forecast!M30 -> 55711.852 | S21: =(M21/G20)^(1/5)-1 -> #REF!
B22: =B49 & " YoY Growth %" -> #REF! | C22: =Historicals!D53 -> 0 | D22: =Historicals!E53 -> 0 | E22: =Historicals!F53 -> 0 | F22: =Historicals!G53 -> 0 | G22: =Historicals!H53 -> 0 | H22: =Historicals!I53 -> 0 | I22: =Forecast!D48 -> 0 | J22: =Forecast!E48 -> 0 | K22: =Forecast!F48 -> 0 | L22: =Forecast!G48 -> 0 | M22: =Forecast!H48 -> 0 | N22: =Forecast!I48 -> 0 | O22: =Forecast!J48 -> 0 | P22: =Forecast!K48 -> 0 | ... R22: =Forecast!M48 -> 0
B23: ="Historical " & B50 -> Historical EBITDA | C23: =Historicals!D31 -> -1166000 | D23: =Historicals!E31 -> -629000 | E23: =Historicals!F31 -> 135000 | F23: =Historicals!G31 -> 503000 | G23: =Historicals!H31 -> 876000
B24: ="Forecast " & B50 -> Forecast EBITDA | I24: =Forecast!D35 -> 526023.3 | J24: =Forecast!E35 -> 727869.45 | K24: =Forecast!F35 -> 965154.89 | L24: =Forecast!G35 -> 1220920.9 | M24: =Forecast!H35 -> 1505062.5 | N24: =Forecast!I35 -> 1712377.5 | O24: =Forecast!J35 -> 1972642.7 | P24: =Forecast!K35 -> 2217675 | ... R24: =Forecast!M35 -> 2807877.3 | S24: =(M24/G23)^(1/5)-1 -> 0.11432042
B25: =B50 & " Margin" -> EBITDA Margin | C25: =Historicals!D60 -> 0 | D25: =Historicals!E60 -> 0 | E25: =Historicals!F60 -> 0 | F25: =Historicals!G60 -> 0 | G25: =Historicals!H60 -> 0 | H25: =Historicals!I59 -> 3-YR CAGR | I25: =Forecast!D54 -> 0 | J25: =Forecast!E54 -> 0 | K25: =Forecast!F54 -> 0 | L25: =Forecast!G54 -> 0 | M25: =Forecast!H54 -> 0 | N25: =Forecast!I54 -> 0 | O25: =Forecast!J54 -> 0 | P25: =Forecast!K54 -> 0 | ... R25: =Forecast!M54 -> 0
B26: ="Historical " & B51 -> Historical Net Working Capital | C26: =Historicals!D129 -> 449000 | D26: =Historicals!E129 -> 622000 | E26: =Historicals!F129 -> 781000 | F26: =Historicals!G129 -> 1004000 | G26: =Historicals!H129 -> 1361000
B27: ="Forecast " & B51 -> Forecast Net Working Capital | I27: =Forecast!D57 -> -353700.45 | J27: =Forecast!E57 -> -330919.88 | K27: =Forecast!F57 -> -348596.95 | L27: =Forecast!G57 -> -349683.94 | M27: =Forecast!H57 -> -316727.52 | N27: =Forecast!I57 -> -239069.66 | O27: =Forecast!J57 -> -251544.85 | P27: =Forecast!K57 -> -341975.22 | ... R27: =Forecast!M57 -> -282533.48 | S27: =(M27/G26)^(1/5)-1 -> -1.7470773
B28: =B51 & " / Sales %" -> Net Working Capital / Sales % | C28: =Historicals!D133 -> -0.64148148 | D28: =Historicals!E133 -> -0.24982554 | E28: =Historicals!F133 -> -0.24247563 | F28: =Historicals!G133 -> -0.48873793 | G28: =Historicals!H133 -> -0.47062315 | H28: =Historicals!#REF! -> #REF! | I28: =IFERROR(I27/I3,"") -> -0.086740183 | J28: =IFERROR(J27/J3,"") -> -0.06819627 | K28: =IFERROR(K27/K3,"") -> -0.061401007 | L28: =IFERROR(L27/L3,"") -> -0.053558666 | M28: =IFERROR(M27/M3,"") -> -0.042930052 | N28: =IFERROR(N27/N3,"") -> -0.029458281 | O28: =IFERROR(O27/O3,"") -> -0.02843622 | P28: =IFERROR(P27/P3,"") -> -0.03546701 | ... R28: =IFERROR(R27/R3,"") -> -0.025356676
B29: Fixed Asset Turnover ratio | C29: =Historicals!D190 -> -0.93481481 | D29: =Historicals!E190 -> -1.0118519 | E29: =Historicals!F190 -> -1.5185185 | F29: =Historicals!G190 -> -2.9511111 | G29: =Historicals!H190 -> -3.5007407 | H29: =Historicals!I190 -> -2.6567901 | I29: =Forecast!D72 -> 0 | J29: =Forecast!E72 -> 0 | K29: =Forecast!F72 -> 0 | L29: =Forecast!G72 -> 0 | M29: =Forecast!H72 -> 0 | N29: =Forecast!I72 -> 0 | O29: =Forecast!J72 -> 0 | P29: =Forecast!K72 -> 0 | ... R29: =Forecast!M72 -> 0
B30: ="Historical " & B52 -> Historical 0 | C30: =Historicals!D141 -> 4838000 | D30: =Historicals!E141 -> 1952000 | E30: =Historicals!F141 -> 3138000 | F30: =Historicals!G141 -> 2964000 | G30: =Historicals!H141 -> 3433000
B31: ="Forecast " & B52 -> Forecast 0 | I31: =Forecast!D100 -> -353700.45 | J31: =Forecast!E100 -> -330919.88 | K31: =Forecast!F100 -> -348596.95 | L31: =Forecast!G100 -> -349683.94 | M31: =Forecast!H100 -> -316727.52 | N31: =Forecast!I100 -> -239069.66 | O31: =Forecast!J100 -> -251544.85 | P31: =Forecast!K100 -> -341975.22 | ... R31: =Forecast!M100 -> -282533.48 | S31: =(M31/G30)^(1/5)-1 -> -1.6208725
B32: =Historicals!B198 -> 0 | C32: =Historicals!D198 -> 0 | D32: =Historicals!E198 -> 0 | E32: =Historicals!F198 -> 0 | F32: =Historicals!G198 -> 0 | G32: =Historicals!H198 -> 0 | H32: =Historicals!I198 -> 0 | I32: =Forecast!D105 -> 112 | J32: =Forecast!E105 -> 113 | K32: =Forecast!F105 -> 113 | L32: =Forecast!G105 -> 114 | M32: =Forecast!H105 -> 114 | N32: =Forecast!I105 -> 115 | O32: =Forecast!J105 -> 115 | P32: =Forecast!K105 -> 115 | ... R32: =Forecast!M105 -> 116
B33: =Historicals!B199 -> 0 | C33: =Historicals!D199 -> 0 | D33: =Historicals!E199 -> 0 | E33: =Historicals!F199 -> 0 | F33: =Historicals!G199 -> 0 | G33: =Historicals!H199 -> 0 | H33: =Historicals!I199 -> 0 | I33: =Forecast!D106 -> 17 | J33: =Forecast!E106 -> 16 | K33: =Forecast!F106 -> 15 | L33: =Forecast!G106 -> 15 | M33: =Forecast!H106 -> 14 | N33: =Forecast!I106 -> 14 | O33: =Forecast!J106 -> 13 | P33: =Forecast!K106 -> 13 | ... R33: =Forecast!M106 -> 12
B34: =Historicals!B200 -> 0 | C34: =Historicals!D200 -> 0 | D34: =Historicals!E200 -> 0 | E34: =Historicals!F200 -> 0 | F34: =Historicals!G200 -> 0 | G34: =Historicals!H200 -> 0 | H34: =Historicals!I200 -> 0 | I34: =Forecast!D107 -> 205 | J34: =Forecast!E107 -> 205 | K34: =Forecast!F107 -> 203 | L34: =Forecast!G107 -> 201 | M34: =Forecast!H107 -> 200 | N34: =Forecast!I107 -> 199 | O34: =Forecast!J107 -> 198 | P34: =Forecast!K107 -> 195 | ... R34: =Forecast!M107 -> 194
B35: =Historicals!B201 -> 0 | C35: =Historicals!D201 -> 0 | D35: =Historicals!E201 -> 0 | E35: =Historicals!F201 -> 0 | F35: =Historicals!G201 -> 0 | G35: =Historicals!H201 -> 0 | H35: =Historicals!I201 -> 0 | I35: =IFERROR(I32+I34-I33,"") -> 300 | J35: =IFERROR(J32+J34-J33,"") -> 302 | K35: =IFERROR(K32+K34-K33,"") -> 301 | L35: =IFERROR(L32+L34-L33,"") -> 300 | M35: =IFERROR(M32+M34-M33,"") -> 300 | N35: =IFERROR(N32+N34-N33,"") -> 300 | O35: =IFERROR(O32+O34-O33,"") -> 300 | P35: =IFERROR(P32+P34-P33,"") -> 297 | ... R35: =IFERROR(R32+R34-R33,"") -> 298
B36: =Historicals!B204 & " as a % of revenue" -> as a % of revenue | C36: =Historicals!D204 -> 0 | D36: =Historicals!E204 -> 0 | E36: =Historicals!F204 -> 0 | F36: =Historicals!G204 -> 0 | G36: =Historicals!H204 -> 0 | H36: =Historicals!I204 -> 0 | I36: =Forecast!D111 -> -0.7 | J36: =Forecast!E111 -> -0.68 | K36: =Forecast!F111 -> -0.66 | L36: =Forecast!G111 -> -0.64 | M36: =Forecast!H111 -> -0.62 | N36: =Forecast!I111 -> -0.6 | O36: =Forecast!J111 -> -0.585 | P36: =Forecast!K111 -> -0.575 | ... R36: =Forecast!M111 -> -0.555
B37: =Historicals!B205 & " as a % of revenue" -> as a % of revenue | C37: =Historicals!D205 -> 0 | D37: =Historicals!E205 -> 0 | E37: =Historicals!F205 -> 0 | F37: =Historicals!G205 -> 0 | G37: =Historicals!H205 -> 0 | H37: =Historicals!I205 -> 0 | I37: =Forecast!D112 | J37: =Forecast!E112 | K37: =Forecast!F112 | L37: =Forecast!G112 | M37: =Forecast!H112 | N37: =Forecast!I112 | O37: =Forecast!J112 | P37: =Forecast!K112 | ... R37: =Forecast!M112
B43: =Historicals!B16 -> Revenue
B44: =Historicals!B20 -> Gross Profit
B45: =Historicals!B22 -> Selling & marketing
B46: =Historicals!B23 -> Salary & wages
B47: =Historicals!B24 -> General & Admin
B48: =Historicals!B26 -> Other Op Inc/(Exp)
B49: =Historicals!#REF! -> #REF!
B50: =Historicals!B31 -> EBITDA
B51: =Historicals!B127 -> Net Working Capital
B52: =Historicals!B137 -> 0

Sheet Comps
B1: Comparable Companies & Risk Free Rate | T1: EV/EBITDA Excl. Oper. Leases | U1: IQ_TEV_EBITDA_EXCL_OPER_LEASES | V1: IQ_LTM
T2: EV/EBITDA | U2: IQ_TEV_EBITDA | V2: IQ_LTM
B3: New CapIQ Model | T3: 1YR Forward EV/EBITDA | U3: IQ_TEV_EBITDA_FWD | V3: IQ_NTM
C4: =C5 -> 46022 | E4: Multiple | F4: EV/Revenue | I4: Change this field if EV/EBITDA is N.A | T4: EV/EBIT | U4: IQ_TEV_EBIT | V4: IQ_LTM
B5: Valuation Date | C5: =vd -> 46022 | E5: Interval (yrs) | F5: 5Y | I5: =VLOOKUP($F$4,$T$1:$V$7,2,0) -> IQ_TEV_TOTAL_REV | T5: 1YR Forward EV/EBIT | U5: IQ_TEV_EBIT_FWD | V5: IQ_NTM
B6: Currency | C6: =curr -> USD | E6: Period | F6: W | I6: =VLOOKUP($F$4,$T$1:$V$7,3,0) -> IQ_LTM | T6: EV/Revenue | U6: IQ_TEV_TOTAL_REV | V6: IQ_LTM
B7: Units | C7: mln | E7: Tax | F7: E | T7: 1YR Forward EV/Revenue | U7: IQ_TEV_TOTAL_REV_FWD | V7: IQ_NTM
C8: =IF($C$7="mln",1,IF($C$7="bln",0.001,0.000001)) -> 1
B9: COMPARABLE COMPANY ANALYSIS
B10: Target Name | D10: Target's Business Description | E10: ="Market Cap"&CHAR(10)&"("&$C$6&" '"&LEFT(C7,1)&")" -> Market Cap (USD 'm) | F10: EBIT margin (%) | G10: 5 year sales CAGR (%) | H10: =$F$4&" multiple" -> EV/Revenue multiple | I10: D/E (%) | J10: Unlevered Beta | K10: Adjusted Beta | L10: Tax rate | M10: Statutory Tax | N10: ="Total Debt"&CHAR(10)&"("&$C$6&" '"&LEFT(C7,1)&")" -> Total Debt (USD 'm) | O10: Exchange | P10: Country | Q10: Latest FY End
B12: Name | C12: Ticker | D12: Description | E12: Market Cap | F12: EBIT margin | G12: CAGR | H12: Selected Multiple | I12: DE ratio | J12: Unlv.beta | K12: Adj Beta | L12: Tax rate | M12: Stat Tax rate | N12: Total debt | O12: Exchange | P12: Country
A13: 1 | B13: Grab Holdings Limited | C13: NASDAQGS:GRAB | D13: Grab Holdings Limited operates the Grab superapp in Cambodia, Indonesia, Malaysia, Myanmar, the Philippines, Singapore, Thailand, and Vietnam. The company offers delivery services on its platform, such as GrabFood, a food ordering and delivery booking service; Dine-Out for table reservations; GrabMart, a goods ordering and delivery booking service; GrabAds, an online advertising solution; GrabExpress, a package delivery booking service; Grab for Business platform, a unified management portal for corporate clients. It also provides GrabKios, a network of agents; GrabCar, which enables a private hire driver-partner to register with Grab and accept bookings through its driver-partner application; and GrabTaxi, which enables a taxi driver-partner to register with Grab and accept bookings through the Grab driver-partner application. In addition, the company offers JustGrab, which enables consumers to book a private car or a traditional taxi; GrabBike, a motorcycle ride-hailing offering; three-wheel vehicles for culturally localized modes; carpooling shared mobility options; GrabRentals, which facilitates vehicle rental for its driver-partners; GrabPay, a digital payments solution; and GrabCoins, a loyalty platform. Further, it provides GrabFin for financial services comprising digital and offline lending, PayLater services, white goods financing, receivables factoring, and working capital loans; GrabInsure, aprotection for rides and package deliveries, personal accident insurance, income protection insurance, critical illness insurance, vehicle insurance, and travel insurance; GrabLink, a payment gateway and acquiring service; Digibank Savings Account, a digital banking deposit account. Additionally, the company offers GX Bank debit cards; GXS FlexiCard, a fee-based credit card; and mapping services, autonomous vehicle services, and last-mile delivery infrastructure. Grab Holdings Limited was founded in 2012 and is headquartered in Singapore, Singapore. | E13: 26231.542 | F13: 0.023738 | G13: =IF(Comps[[#This Row],[Ticker]]="","",'Comps Financials'!O9) -> 0.61274104 | H13: 4.79031 | I13: =IF(Comps[[#This Row],[Ticker]]="","",IFERROR(Comps[[#This Row],[Total debt]]/Comps[[#This Row],[Market Cap]],"NA")) -> 0.078110711 | J13: =IFERROR(Comps[[#This Row],[Adj Beta]]/(1+((1-Comps[[#This Row],[Tax rate]])*Comps[[#This Row],[DE ratio]])),"NA") -> 1.2104814 | K13: 1.28078 | L13: 0.256505 | N13: 2048.9644 | O13: NasdaqGS | P13: Singapore | Q13: 46022
A14: 2 | B14: Pt Goto Gojek Tokopedia Tbk | C14: IDX: GOTO | D14: PT GoTo Gojek Tokopedia Tbk provides and operates on-demand services in Indonesia and internationally. It offers Gojek on-demand services, including mobility, food delivery, and logistics through electronic media, software platforms, or applications to micro-entrepreneurs; GoTo Financial technology solutions, including consumer payments, lending, and merchant services; and e-commerce services. The company also engages in retail trading of motor vehicle equipment; wholesale trading; digital identity provision activities; professional, and scientific and technical activities; repair of communication equipment; and operation of e-commerce marketplace and digital platform. In addition, it provides management consultancy, software development, package courier, electronic certificate and digital identity, financial intermediary, mobile advertising, data processing and information, motor vehicle rental, mobile and fixed advertising, transportation, online retail, web portal, financial transaction and payment technology, and point-of-sales technology, financing, trading, freight, management and administration, and warehousing and storage services. The company was founded in 2009 and is based in Jakarta, Indonesia. | E14: 5215.9346 | F14: -0.020644 | G14: =IF(Comps[[#This Row],[Ticker]]="","",'Comps Financials'!O10) -> 0.46425967 | H14: 2.89941 | I14: =IF(Comps[[#This Row],[Ticker]]="","",IFERROR(Comps[[#This Row],[Total debt]]/Comps[[#This Row],[Market Cap]],"NA")) -> 0.1143019 | J14: =IFERROR(Comps[[#This Row],[Adj Beta]]/(1+((1-Comps[[#This Row],[Tax rate]])*Comps[[#This Row],[DE ratio]])),"NA") -> NA | K14: 0.97319 | L14: NA | N14: 596.19125 | O14: IDX | P14: Indonesia
A15: 3 | B15: Sea Limited | C15: NYSE: SE | D15: Sea Limited, through its subsidiaries, operates as a technology company in Southeast Asia, Latin America, the rest of Asia, and internationally. The company operates through E-commerce, Digital Financial Services, and Digital Entertainment segments. It offers Garena, a digital entertainment platform for users to access mobile and PC online games, as well as promotes eSports operations and develops games. The company also operates the Shopee e-commerce platform, a mobile-centric marketplace that provides integrated payments, logistics and fulfillment infrastructure, and other value-added services. In addition, it offers Monee digital financial services comprising consumer, and small and medium-sized enterprises (SME) credit, e- wallets, payment processing, banking, Insurtech, and wealth services; and acts as an underwriter for various life and non-life insurance products under the MoneeInsure tradename, as well as insurance agency services. It serves buyers, such as individuals and households; and sellers, including small and medium businesses, brands, and large retailers. The company was formerly known as Garena Interactive Holding Limited and changed its name to Sea Limited in April 2017. Sea Limited was incorporated in 2009 and is headquartered in Singapore. | E15: 97141.213 | F15: 0.086549 | G15: =IF(Comps[[#This Row],[Ticker]]="","",'Comps Financials'!O11) -> 0.19589413 | H15: 3.32622 | I15: =IF(Comps[[#This Row],[Ticker]]="","",IFERROR(Comps[[#This Row],[Total debt]]/Comps[[#This Row],[Market Cap]],"NA")) -> 0.044699006 | J15: =IFERROR(Comps[[#This Row],[Adj Beta]]/(1+((1-Comps[[#This Row],[Tax rate]])*Comps[[#This Row],[DE ratio]])),"NA") -> 1.7211313 | K15: 1.77592 | L15: 0.287837 | N15: 4342.1157 | O15: NYSE | P15: Singapore | Q15: 46022
A16: 4 | B16: Uber Technologies, Inc. | C16: NYSE:UBER | D16: Uber Technologies, Inc. develops and operates proprietary technology applications in the United States, Canada, Latin America, Europe, the Middle East, Africa, and the Asia Pacific. The company operates through three segments: Mobility, Delivery, and Freight. The Mobility segment connects consumers with a range of transportation modalities, such as ridesharing, carsharing, micromobility, rentals, public transit, taxis, and other modalities; and offers riders in a variety of vehicle types, as well as financial partnerships products and advertising services. The Delivery segment allows consumers to search for and discover restaurants to grocery, alcohol, convenience, and other retailers, as well as order a meal or other items, and either pick-up at the restaurant or have it delivered; and provides Uber direct, a white-label delivery-as-a-service for retailers and restaurants, as well as advertising services. The Freight segment manages transportation and logistics networks, which connects shippers and carriers in digital marketplace, including carriers upfronts, pricing, and shipment booking; and offers on-demand platform to automate logistics end-to-end transactions for small-and medium-sized businesses to global enterprises. The company was formerly known as Ubercab, Inc. and changed its name to Uber Technologies, Inc. in February 2011. Uber Technologies, Inc. was founded in 2009 and is headquartered in San Francisco, California. | E16: 218375.51 | F16: 0.106984 | G16: =IF(Comps[[#This Row],[Ticker]]="","",'Comps Financials'!O12) -> 0.36628179 | H16: 3.41297 | I16: =IF(Comps[[#This Row],[Ticker]]="","",IFERROR(Comps[[#This Row],[Total debt]]/Comps[[#This Row],[Market Cap]],"NA")) -> 0.07245868 | J16: =IFERROR(Comps[[#This Row],[Adj Beta]]/(1+((1-Comps[[#This Row],[Tax rate]])*Comps[[#This Row],[DE ratio]])),"NA") -> NA | K16: 1.34605 | L16: NA | N16: 15823.201 | O16: NYSE | P16: United States | Q16: 46022
A17: 5 | B17: Lyft, Inc. | C17: NASDAQGS:LYFT | D17: Lyft, Inc. operates multimodal transportation networks that offer access to various transportation options through platform and mobile based applications in the United States and internationally. The company facilitates peer-to-peer ridesharing by connecting drivers who have vehicles with riders who need a ride. It also operates Lyft Platform that provides a marketplace where drivers can be matched with riders via the Lyft mobile application. The company’s platform provides a ridesharing marketplace that connects drivers with riders; Express Drive, a car rental program for drivers; and a network of shared bikes and scooters in various cities to address the needs of riders for short trips. In addition, it offers licensing and data access agreements; sells bikes and bike station software and hardware; and provides advertising services. The company was formerly known as Zimride, Inc. and changed its name to Lyft, Inc. in April 2013. Lyft, Inc. was incorporated in 2007 and is headquartered in San Francisco, California. | E17: 9949.6004 | F17: -0.026673 | G17: =IF(Comps[[#This Row],[Ticker]]="","",'Comps Financials'!O13) -> 0.22218117 | H17: 1.1256 | I17: =IF(Comps[[#This Row],[Ticker]]="","",IFERROR(Comps[[#This Row],[Total debt]]/Comps[[#This Row],[Market Cap]],"NA")) -> 0.17016472 | J17: =IFERROR(Comps[[#This Row],[Adj Beta]]/(1+((1-Comps[[#This Row],[Tax rate]])*Comps[[#This Row],[DE ratio]])),"NA") -> NA | K17: 1.6566 | L17: NA | N17: 1693.071 | O17: NasdaqGS | P17: United States | Q17: 46022
A18: 6 | B18: Didi Global Inc. | C18: OTCPK:DIDI.Y | D18: DiDi Global Inc. operates a mobility technology platform that provides various mobility and other services in the People's Republic of China, Brazil, Mexico, and internationally. The company operates through three segments: China Mobility, International, and Other Initiatives. It offers ride hailing, chauffeur, hitch, online taxi, and other forms of shared mobility services; food delivery and financial services; and bike and e-bike sharing, energy and vehicle, intra-city freight, and autonomous driving services. The company was formerly known as Xiaoju Kuaizhi Inc. and changed its name to DiDi Global Inc. in June 2021. The company was founded in 2012 and is based in Beijing, China. | E18: 31622.725 | F18: -0.016009 | G18: =IF(Comps[[#This Row],[Ticker]]="","",'Comps Financials'!O14) -> 0.015793969 | H18: 0.62454 | I18: =IF(Comps[[#This Row],[Ticker]]="","",IFERROR(Comps[[#This Row],[Total debt]]/Comps[[#This Row],[Market Cap]],"NA")) -> 0.080046402 | J18: =IFERROR(Comps[[#This Row],[Adj Beta]]/(1+((1-Comps[[#This Row],[Tax rate]])*Comps[[#This Row],[DE ratio]])),"NA") -> NA | K18: 1.4485 | L18: NA | N18: 2531.2853 | O18: OTCPK | P18: China | Q18: 46022
A19: 7 | B19: Meituan | C19: SEHK:3690 | D19: Meituan operates as a technology driven retail company in the People’s Republic of China, Hong Kong, Macao, Taiwan, and internationally. It operates through Core Local Commerce and New Initiatives segments. The company offers daily goods and services, such as food delivery, in-store, hotel and travel booking, and other services and sales; bike sharing, e-moped sharing, power banks and micro-credit; and operates Kuailv and Xiaoxiang Supermarkets. It also sells goods from B2B food distribution services; provides online marketing services to merchants; e-commerce; multimedia information technology; online retail platform; cloud computing; and merchant information advisory services. The company was formerly known as Meituan Dianping and changed its name to Meituan in October 2020. Meituan was founded in 2003 and is headquartered in Beijing, China. | E19: 104268.17 | F19: -0.085064 | G19: =IF(Comps[[#This Row],[Ticker]]="","",'Comps Financials'!O15) -> 0.18414581 | H19: 1.34459 | I19: =IF(Comps[[#This Row],[Ticker]]="","",IFERROR(Comps[[#This Row],[Total debt]]/Comps[[#This Row],[Market Cap]],"NA")) -> 0.1527672 | J19: =IFERROR(Comps[[#This Row],[Adj Beta]]/(1+((1-Comps[[#This Row],[Tax rate]])*Comps[[#This Row],[DE ratio]])),"NA") -> NA | K19: 1.01346 | L19: NA | N19: 15928.756 | O19: SEHK | P19: China | Q19: 46022
A20: 8 | B20: Delivery Hero Se | C20: XTRA:DHER | D20: Delivery Hero SE provides online food ordering, quick commerce, and delivery services. The company also offers advertising services. It operates in approximately 70 countries across Asia, the Middle East, Africa, Europe, and Latin America. Delivery Hero SE was founded in 2011 and is headquartered in Berlin, Germany. | E20: 10232.017 | F20: 0.006664 | G20: =IF(Comps[[#This Row],[Ticker]]="","",'Comps Financials'!O16) -> 0.24609806 | H20: 0.65245 | I20: =IF(Comps[[#This Row],[Ticker]]="","",IFERROR(Comps[[#This Row],[Total debt]]/Comps[[#This Row],[Market Cap]],"NA")) -> 0.68269922 | J20: =IFERROR(Comps[[#This Row],[Adj Beta]]/(1+((1-Comps[[#This Row],[Tax rate]])*Comps[[#This Row],[DE ratio]])),"NA") -> NA | K20: 1.88518 | L20: NA | N20: 6985.3902 | O20: XTRA | P20: Germany | Q20: 46022
A21: 9 | B21: Doordash, Inc. | C21: NASDAQGS:DASH | D21: DoorDash, Inc., together with its subsidiaries, operates a commerce platform that connects merchants, consumers, and dashers in the United States and internationally. The company operates DoorDash Marketplace, Wolt Marketplace, and Deliveroo Marketplace, which provide various services, such as customer acquisition, demand generation, order fulfillment, merchandising, payment processing, and customer support. It also offers consumer membership programs, DashPass, Wolt+, and Deliveroo Plus; advertising as a value-added service through its marketplaces; and white-label delivery fulfillment services, as well as services that help merchants establish online ordering, build branded mobile apps, manage reservations and in-store dining, manage consumer relationships, enable tableside order and pay, and improve customer support. The company was formerly known as Palo Alto Delivery Inc. and changed its name to DoorDash, Inc. in 2015. DoorDash, Inc. was founded in 2013 and is headquartered in San Francisco, California. | E21: 125552.18 | F21: 0.06131 | G21: =IF(Comps[[#This Row],[Ticker]]="","",'Comps Financials'!O17) -> 0.30461773 | H21: 7.58136 | I21: =IF(Comps[[#This Row],[Ticker]]="","",IFERROR(Comps[[#This Row],[Total debt]]/Comps[[#This Row],[Market Cap]],"NA")) -> 0.033704684 | J21: =IFERROR(Comps[[#This Row],[Adj Beta]]/(1+((1-Comps[[#This Row],[Tax rate]])*Comps[[#This Row],[DE ratio]])),"NA") -> 1.6669256 | K21: 1.72269 | L21: 0.007454 | N21: 4231.6967 | O21: NasdaqGS | P21: United States | Q21: 46022
A22: 10 | B22: Talabat Holding Plc | C22: DFM:TALABAT | D22: Talabat Holding plc operates as an on-demand online food ordering, delivery, takeaway and groceries, and convenience retail marketplace in the United Arab Emirates, Kuwait, Qatar, Bahrain, Egypt, Oman, Jordan, Iraq, and internationally. The company’s online food ordering offers customers to order food from partner restaurants; and groceries, pharmacy products, food and beverages, snacks, household items, and personal care products from various local partners, including grocery stores, pharmacies, and flower shops, as well as its own warehousing and distribution centers designed for the fulfilment of online and on-demand orders of convenience products and groceries. The company also offers logistics services, retail sales through the internet, structured financing, software development, and the operation of cloud kitchens and delivery-only stores. Talabat Holding plc was founded in 2004 and is headquartered in Dubai, the United Arab Emirates. Talabat Holding plc operates as a subsidiary of Delivery Hero MENA Holding GmbH. | E22: 7665.4666 | F22: 0.144196 | G22: =IF(Comps[[#This Row],[Ticker]]="","",'Comps Financials'!O18) -> NA | H22: 1.44742 | I22: =IF(Comps[[#This Row],[Ticker]]="","",IFERROR(Comps[[#This Row],[Total debt]]/Comps[[#This Row],[Market Cap]],"NA")) -> 0.025638365 | J22: =IFERROR(Comps[[#This Row],[Adj Beta]]/(1+((1-Comps[[#This Row],[Tax rate]])*Comps[[#This Row],[DE ratio]])),"NA") -> 0.45970552 | K22: 0.47008 | L22: 0.11977 | N22: 196.53003 | O22: DFM | P22: United Arab Emirates | Q22: 46022
B23: Source: CIQ & FVA's computations | D23: Max | E23: =MAX(Comps[Market Cap]) -> 218375.51 | F23: =MAX(Comps[EBIT margin]) -> 0.144196 | G23: =MAX(Comps[CAGR]) -> 0.61274104 | H23: =MAX(Comps[Selected Multiple]) -> 7.58136 | I23: =MAX(Comps[DE ratio]) -> 0.68269922 | J23: =MAX(Comps[Unlv.beta]) -> 1.7211313 | K23: =MAX(Comps[Adj Beta]) -> 1.88518
D24: Median | E24: =IFERROR(MEDIAN(Comps[Market Cap]),"NA") -> 28927.133 | F24: =IFERROR(MEDIAN(Comps[EBIT margin]),"NA") -> 0.015201 | G24: =IF(MEDIAN(Comps[CAGR]),"NA") -> NA | H24: =IFERROR(MEDIAN(Comps[Selected Multiple]),"NA") -> 2.173415 | I24: =IFERROR(MEDIAN(Comps[DE ratio]),"NA") -> 0.079078557 | J24: =IFERROR(MEDIAN(Comps[Unlv.beta]),"NA") -> 1.4387035 | K24: =MEDIAN(Comps[Adj Beta]) -> 1.397275
B25: Note: | D25: Min | E25: =MIN(Comps[Market Cap]) -> 5215.9346 | F25: =MIN(Comps[EBIT margin]) -> -0.085064 | G25: =MIN(Comps[CAGR]) -> 0.015793969 | H25: =MIN(Comps[Selected Multiple]) -> 0.62454 | I25: =MIN(Comps[DE ratio]) -> 0.025638365 | J25: =MIN(Comps[Unlv.beta]) -> 0.45970552 | K25: =MIN(Comps[Adj Beta]) -> 0.47008
B26: n.m: not meaningful. The slope coefficient is not statistically significant.
B37: Risk free rate
C39: Risk free rate
C40: AAA-rated | D40: Bond ID | E40: Rate
C41: Australia | D41: IQ50027527 | E41: 0.04738
C42: Canada | D42: IQ50027537 | E42: 0.0353
C43: Denmark | D43: IQ136585876 | E43: 0.02753
C44: Germany | D44: IQ50027534 | E44: 0.02961
C45: Netherlands | D45: IQ50027561 | E45: 0.03098
C46: Singapore | D46: IQ136585832 | E46: 0.0222496
C47: Sweden | D47: IQ50027572 | E47: 0.02752
C48: Switzerland | D48: IQ50027576 | E48: 0.00317
C49: United States | D49: %TCMSY10 | E49: 0.0418
B51: Credit spread (new CapIQ Model)
A52: Sector >> | B52: All Corporates | C52: Curve Method >> | D52: Annual | E52: =VLOOKUP($D$52,$Y$53:$Z$55,2,0) -> _ANNUAL | U52: Ratings | V52: Sector Name | W52: Sector Code | Y52: Methods | Z52: Metric | AB52: Tenor
B53: =VLOOKUP($B$52,$V$53:$W$65,2) -> AllCorp | C53: Yield to maturity and credit spread on US corporate bonds | U53: AAA | V53: All Corporates | W53: AllCorp | Y53: Continuous | Z53: _CONTINUOUS | AB53: 1
A54: Tenor | B54: Investment rating | C54: Bond ID | D54: Description | E54: Yield | F54: Spread | U54: AA | V54: Consumer Discretionary | W54: ConsumerDiscretionary | Y54: Semi Annual | Z54: _SEMIANNUAL | AB54: 2
A55: 10 | B55: AAA | C55: USD | D55: =IF(OR($C55="",$B55="",$A55=""),"",$C55&" "&$B55&" "&$A55&"Y") -> USD AAA 10Y | E55: 0.04673 | F55: =IF(OR($C55="",$B55="",$A55=""),"",E55-$E$49) -> 0.00493 | U55: A | V55: Consumer Staples | W55: ConsumerStaples | Y55: Annual | Z55: _ANNUAL | AB55: 3
A56: 10 | B56: AA | C56: USD | D56: =IF(OR($C56="",$B56="",$A56=""),"",$C56&" "&$B56&" "&$A56&"Y") -> USD AA 10Y | E56: 0.05013 | F56: =IF(OR($C56="",$B56="",$A56=""),"",E56-$E$49) -> 0.00833 | U56: BBB | V56: Energy | W56: Energy | AB56: 4
A57: 10 | B57: A | C57: USD | D57: =IF(OR($C57="",$B57="",$A57=""),"",$C57&" "&$B57&" "&$A57&"Y") -> USD A 10Y | E57: 0.05194 | F57: =IF(OR($C57="",$B57="",$A57=""),"",E57-$E$49) -> 0.01014 | U57: BB | V57: Financials | W57: Financials | AB57: 5
A58: 10 | B58: BBB | C58: USD | D58: =IF(OR($C58="",$B58="",$A58=""),"",$C58&" "&$B58&" "&$A58&"Y") -> USD BBB 10Y | E58: 0.05445 | F58: =IF(OR($C58="",$B58="",$A58=""),"",E58-$E$49) -> 0.01265 | U58: B | V58: Health Care | W58: Healthcare | AB58: 6
A59: 10 | B59: BB | C59: USD | D59: =IF(OR($C59="",$B59="",$A59=""),"",$C59&" "&$B59&" "&$A59&"Y") -> USD BB 10Y | E59: 0.06381 | F59: =IF(OR($C59="",$B59="",$A59=""),"",E59-$E$49) -> 0.02201 | U59: CCC | V59: Industrials | W59: Industrials | AB59: 7
A60: 10 | B60: B | C60: USD | D60: =IF(OR($C60="",$B60="",$A60=""),"",$C60&" "&$B60&" "&$A60&"Y") -> USD B 10Y | E60: 0.07619 | F60: =IF(OR($C60="",$B60="",$A60=""),"",E60-$E$49) -> 0.03439 | U60: IG | V60: Information Technology | W60: InformationTechnology | AB60: 8
A61: 10 | B61: IG | C61: USD | D61: =IF(OR($C61="",$B61="",$A61=""),"",$C61&" "&$B61&" "&$A61&"Y") -> USD IG 10Y | E61: 0.05319 | F61: =IF(OR($C61="",$B61="",$A61=""),"",E61-$E$49) -> 0.01139 | U61: HY | V61: Materials | W61: Materials | AB61: 9
V62: Non Financials | W62: NonFin | AB62: 10
V63: Real Estate | W63: RealEstate | AB63: 11
V64: Communication Services | W64: TelecommunicationServices | AB64: 12
V65: Utilities | W65: Utilities | AB65: 13
AB66: 14
AB67: 15
AB68: 16
AB69: 17
AB70: 18
AB71: 19
AB72: 20
AB73: 21
AB74: 22
AB75: 23
AB76: 24
AB77: 25
... AB82: 30

Sheet Comps Financials
B1: Comps Historical Financials
K2: Units | L2: mln
L3: =IF($L$2="mln",1,IF($L$2="bln",0.001,0.000001)) -> 1
B7: Revenue
B8: ="("&curr&" "&LEFT($L$2,1)&")" -> (USD m) | C8: Ticker | D8: ="FY"&YEAR(C0!D16) -> FY2015 | E8: ="FY"&YEAR(C0!E16) -> FY2016 | F8: ="FY"&YEAR(C0!F16) -> FY2017 | G8: ="FY"&YEAR(C0!G16) -> FY2018 | H8: ="FY"&YEAR(C0!H16) -> FY2019 | I8: ="FY"&YEAR(C0!I16) -> FY2020 | J8: ="FY"&YEAR(C0!J16) -> FY2021 | K8: ="FY"&YEAR(C0!K16) -> FY2022 | ... N8: ="FY"&YEAR(C0!N16) -> FY2025 | O8: 3 year CAGR
B9: =IF($C9="","",IFERROR('Comps'!B13,"DELETE")) -> Grab Holdings Limited | C9: =IF('Comps'!C13="","",'Comps'!C13) -> NASDAQGS:GRAB | D9: 0 | E9: 0 | F9: 0 | G9: 0 | H9: -1136.5166 | I9: 619.91013 | J9: 910.0215 | K9: 1921.4524 | L9: 3113.7385 | M9: 3817.2058 | N9: 0 | O9: =IF($C9="","",IFERROR((M9/J9)^(1/COUNT(K9:M9))-1,"NA")) -> 0.61274104
B10: =IF($C10="","",IFERROR('Comps'!B14,"DELETE")) -> Pt Goto Gojek Tokopedia Tbk | C10: =IF('Comps'!C14="","",'Comps'!C14) -> IDX: GOTO | D10: 0 | E10: 0 | F10: 0 | G10: 135.68852 | H10: 223.92727 | I10: 315.81534 | J10: 429.21481 | K10: 979.95517 | L10: 1266.126 | M10: 1347.5007 | N10: 0 | O10: =IF($C10="","",IFERROR((M10/J10)^(1/COUNT(K10:M10))-1,"NA")) -> 0.46425967
B11: =IF($C11="","",IFERROR('Comps'!B15,"DELETE")) -> Sea Limited | C11: =IF('Comps'!C15="","",'Comps'!C15) -> NYSE: SE | D11: 413.99229 | E11: 499.58994 | F11: 553.54423 | G11: 1126.6199 | H11: 2925.8617 | I11: 5783.6214 | J11: 13421.388 | K11: 16693.311 | L11: 17243.115 | M11: 22954.912 | N11: 0 | O11: =IF($C11="","",IFERROR((M11/J11)^(1/COUNT(K11:M11))-1,"NA")) -> 0.19589413
B12: =IF($C12="","",IFERROR('Comps'!B16,"DELETE")) -> Uber Technologies, Inc. | C12: =IF('Comps'!C16="","",'Comps'!C16) -> NYSE:UBER | D12: 0 | E12: 5557.1016 | F12: 10600.721 | G12: 14213.398 | H12: 17484.87 | I12: 14723.196 | J12: 23532.482 | K12: 42742.594 | L12: 49208.683 | M12: 60018.976 | N12: 0 | O12: =IF($C12="","",IFERROR((M12/J12)^(1/COUNT(K12:M12))-1,"NA")) -> 0.36628179
B13: =IF($C13="","",IFERROR('Comps'!B17,"DELETE")) -> Lyft, Inc. | C13: =IF('Comps'!C17="","",'Comps'!C17) -> NASDAQGS:LYFT | D13: 0 | E13: 496.16173 | F13: 1416.478 | G13: 2938.0658 | H13: 4863.43 | I13: 3125.5644 | J13: 4325.3969 | K13: 5491.0027 | L13: 5812.4733 | M13: 7896.4653 | N13: 0 | O13: =IF($C13="","",IFERROR((M13/J13)^(1/COUNT(K13:M13))-1,"NA")) -> 0.22218117
B14: =IF($C14="","",IFERROR('Comps'!B18,"DELETE")) -> Didi Global Inc. | C14: =IF('Comps'!C18="","",'Comps'!C18) -> OTCPK:DIDI.Y | D14: 0 | E14: 0 | F14: 0 | G14: 26798.151 | H14: 29899.294 | I14: 28695.677 | J14: 36890.502 | K14: 27370.808 | L14: 35810.68 | M14: 38666.196 | N14: 0 | O14: =IF($C14="","",IFERROR((M14/J14)^(1/COUNT(K14:M14))-1,"NA")) -> 0.015793969
B15: =IF($C15="","",IFERROR('Comps'!B19,"DELETE")) -> Meituan | C15: =IF('Comps'!C19="","",'Comps'!C19) -> SEHK:3690 | D15: 877.25657 | E15: 2703.4893 | F15: 6968.672 | G15: 12830.023 | H15: 18687.285 | I15: 23241.114 | J15: 38015.424 | K15: 42760.655 | L15: 51514.862 | M15: 63121.221 | N15: 0 | O15: =IF($C15="","",IFERROR((M15/J15)^(1/COUNT(K15:M15))-1,"NA")) -> 0.18414581
B16: =IF($C16="","",IFERROR('Comps'!B20,"DELETE")) -> Delivery Hero Se | C16: =IF('Comps'!C20="","",'Comps'!C20) -> XTRA:DHER | D16: 255.74193 | E16: 442.29565 | F16: 728.08281 | G16: 1037.4387 | H16: 1867.983 | I16: 3996.6768 | J16: 8978.0539 | K16: 12291.288 | L16: 14505.042 | M16: 17371.562 | N16: 0 | O16: =IF($C16="","",IFERROR((M16/J16)^(1/COUNT(K16:M16))-1,"NA")) -> 0.24609806
B17: =IF($C17="","",IFERROR('Comps'!B21,"DELETE")) -> Doordash, Inc. | C17: =IF('Comps'!C21="","",'Comps'!C21) -> NASDAQGS:DASH | D17: 0 | E17: 0 | F17: 0 | G17: 396.44385 | H17: 1190.3162 | I17: 3814.6282 | J17: 6589.9038 | K17: 8826.8814 | L17: 11397.682 | M17: 14632.85 | N17: 0 | O17: =IF($C17="","",IFERROR((M17/J17)^(1/COUNT(K17:M17))-1,"NA")) -> 0.30461773
B18: =IF($C18="","",IFERROR('Comps'!B22,"DELETE")) -> Talabat Holding Plc | C18: =IF('Comps'!C22="","",'Comps'!C22) -> DFM:TALABAT | D18: 0 | E18: 0 | F18: 0 | G18: 0 | H18: 0 | I18: 0 | J18: 0 | K18: 1851.9363 | L18: 2214.5885 | M18: 3280.5949 | N18: 0 | O18: =IF($C18="","",IFERROR((M18/J18)^(1/COUNT(K18:M18))-1,"NA")) -> NA
B19: =IF($C19="","",IFERROR('Comps'!#REF!,"DELETE")) -> #REF! | C19: =IF('Comps'!#REF!="","",'Comps'!#REF!) -> #REF! | O19: =IF($C19="","",IFERROR((M19/J19)^(1/COUNT(K19:M19))-1,"NA")) -> #REF!
B20: =IF($C20="","",IFERROR('Comps'!#REF!,"DELETE")) -> #REF! | C20: =IF('Comps'!#REF!="","",'Comps'!#REF!) -> #REF! | O20: =IF($C20="","",IFERROR((M20/J20)^(1/COUNT(K20:M20))-1,"NA")) -> #REF!
B21: =IF($C21="","",IFERROR('Comps'!#REF!,"DELETE")) -> #REF! | C21: =IF('Comps'!#REF!="","",'Comps'!#REF!) -> #REF! | O21: =IF($C21="","",IFERROR((M21/J21)^(1/COUNT(K21:M21))-1,"NA")) -> #REF!
B22: =IF($C22="","",IFERROR('Comps'!#REF!,"DELETE")) -> #REF! | C22: =IF('Comps'!#REF!="","",'Comps'!#REF!) -> #REF! | O22: =IF($C22="","",IFERROR((M22/J22)^(1/COUNT(K22:M22))-1,"NA")) -> #REF!
B23: =IF($C23="","",IFERROR('Comps'!#REF!,"DELETE")) -> #REF! | C23: =IF('Comps'!#REF!="","",'Comps'!#REF!) -> #REF! | O23: =IF($C23="","",IFERROR((M23/J23)^(1/COUNT(K23:M23))-1,"NA")) -> #REF!
B25: Source: CIQ
B27: Gross Profit
B28: ="("&curr&" "&LEFT($L$2,1)&")" -> (USD m) | C28: Ticker | D28: =D$8 -> FY2015 | E28: =E$8 -> FY2016 | F28: =F$8 -> FY2017 | G28: =G$8 -> FY2018 | H28: =H$8 -> FY2019 | I28: =I$8 -> FY2020 | J28: =J$8 -> FY2021 | K28: =K$8 -> FY2022 | ... N28: =N$8 -> FY2025
B29: =IF($C29="","",IFERROR('Comps'!B13,"DELETE")) -> Grab Holdings Limited | C29: =IF('Comps'!C13="","",'Comps'!C13) -> NASDAQGS:GRAB | D29: 0 | E29: 0 | F29: 0 | G29: 0 | H29: -2911.9034 | I29: -652.95438 | J29: -532.5311 | K29: 61.67956 | L29: 1079.7109 | M29: 1525.7905 | N29: 0
B30: =IF($C30="","",IFERROR('Comps'!B14,"DELETE")) -> Pt Goto Gojek Tokopedia Tbk | C30: =IF('Comps'!C14="","",'Comps'!C14) -> IDX: GOTO | D30: 0 | E30: 0 | F30: 0 | G30: -15.7576 | H30: -46.3834 | I30: 84.40112 | J30: 71.9223 | K30: 506.78168 | L30: 829.98184 | M30: 719.00815 | N30: 0
B31: =IF($C31="","",IFERROR('Comps'!B15,"DELETE")) -> Sea Limited | C31: =IF('Comps'!C15="","",'Comps'!C15) -> NYSE: SE | D31: 152.80885 | E31: 163.4207 | F31: 116.68812 | G31: 20.10556 | H31: 813.61135 | I31: 1782.9422 | J31: 5252.152 | K31: 6952.7305 | L31: 7700.064 | M31: 9833.1439 | N31: 0
B32: =IF($C32="","",IFERROR('Comps'!B16,"DELETE")) -> Uber Technologies, Inc. | C32: =IF('Comps'!C16="","",'Comps'!C16) -> NYSE:UBER | D32: 0 | E32: 1063.7261 | F32: 3231.5361 | G32: 5627.8678 | H32: 6236.7186 | I32: 5733.8383 | J32: 8395.1169 | K32: 13147.132 | L32: 16017.472 | M32: 19918.526 | N32: 0
B33: =IF($C33="","",IFERROR('Comps'!B17,"DELETE")) -> Lyft, Inc. | C33: =IF('Comps'!C17="","",'Comps'!C17) -> NASDAQGS:LYFT | D33: 0 | E33: -48.55129 | F33: 289.78914 | G33: 783.09785 | H33: 1082.9523 | I33: 704.52324 | J33: 1488.0847 | K33: 1657.3298 | L33: 1926.727 | M33: 2784.1091 | N33: 0
B34: =IF($C34="","",IFERROR('Comps'!B18,"DELETE")) -> Didi Global Inc. | C34: =IF('Comps'!C18="","",'Comps'!C18) -> OTCPK:DIDI.Y | D34: 0 | E34: 0 | F34: 0 | G34: 748.87514 | H34: 2133.2116 | I34: 2270.8408 | J34: 2003.139 | K34: 3595.2352 | L34: 4104.0676 | M34: 5590.8455 | N34: 0
B35: =IF($C35="","",IFERROR('Comps'!B19,"DELETE")) -> Meituan | C35: =IF('Comps'!C19="","",'Comps'!C19) -> SEHK:3690 | D35: 606.6982 | E35: 1236.6779 | F35: 2509.8369 | G35: 2901.6827 | H35: 6091.3403 | I35: 6893.7378 | J35: 9014.0683 | K35: 12005.176 | L35: 18091.709 | M35: 24266.488 | N35: 0
B36: =IF($C36="","",IFERROR('Comps'!B20,"DELETE")) -> Delivery Hero Se | C36: =IF('Comps'!C20="","",'Comps'!C20) -> XTRA:DHER | D36: 210.60303 | E36: 324.51289 | F36: 449.49525 | G36: 541.4148 | H36: 469.71259 | I36: 798.88264 | J36: 1928.8189 | K36: 3198.1739 | L36: 4337.1125 | M36: 4703.9297 | N36: 0
B37: =IF($C37="","",IFERROR('Comps'!B21,"DELETE")) -> Doordash, Inc. | C37: =IF('Comps'!C21="","",'Comps'!C21) -> NASDAQGS:DASH | D37: 0 | E37: 0 | F37: 0 | G37: 99.45155 | H37: 525.89109 | I37: 2067.2483 | J37: 3529.5352 | K37: 4135.2122 | L37: 5496.2302 | M37: 7231.8103 | N37: 0
B38: =IF($C38="","",IFERROR('Comps'!B22,"DELETE")) -> Talabat Holding Plc | C38: =IF('Comps'!C22="","",'Comps'!C22) -> DFM:TALABAT | D38: 0 | E38: 0 | F38: 0 | G38: 0 | H38: 0 | I38: 0 | J38: 0 | K38: 673.43997 | L38: 829.16185 | M38: 1044.1476 | N38: 0
B39: =IF($C39="","",IFERROR('Comps'!#REF!,"DELETE")) -> #REF! | C39: =IF('Comps'!#REF!="","",'Comps'!#REF!) -> #REF!
B40: =IF($C40="","",IFERROR('Comps'!#REF!,"DELETE")) -> #REF! | C40: =IF('Comps'!#REF!="","",'Comps'!#REF!) -> #REF!
B41: =IF($C41="","",IFERROR('Comps'!#REF!,"DELETE")) -> #REF! | C41: =IF('Comps'!#REF!="","",'Comps'!#REF!) -> #REF!
B42: =IF($C42="","",IFERROR('Comps'!#REF!,"DELETE")) -> #REF! | C42: =IF('Comps'!#REF!="","",'Comps'!#REF!) -> #REF!
B43: =IF($C43="","",IFERROR('Comps'!#REF!,"DELETE")) -> #REF! | C43: =IF('Comps'!#REF!="","",'Comps'!#REF!) -> #REF!
B45: Source: CIQ
B47: EBITDA
B48: ="("&curr&" "&LEFT($L$2,1)&")" -> (USD m) | C48: Ticker | D48: =D$8 -> FY2015 | E48: =E$8 -> FY2016 | F48: =F$8 -> FY2017 | G48: =G$8 -> FY2018 | H48: =H$8 -> FY2019 | I48: =I$8 -> FY2020 | J48: =J$8 -> FY2021 | K48: =K$8 -> FY2022 | ... N48: =N$8 -> FY2025
B49: =IF($C49="","",IFERROR('Comps'!B13,"DELETE")) -> Grab Holdings Limited | C49: =IF('Comps'!C13="","",'Comps'!C13) -> NASDAQGS:GRAB | D49: 0 | E49: 0 | F49: 0 | G49: 0 | H49: -3139.2067 | I49: -1179.0188 | J49: -1631.2978 | K49: -1625.1223 | L49: -430.30044 | M49: -12.28275 | N49: 0
B50: =IF($C50="","",IFERROR('Comps'!B14,"DELETE")) -> Pt Goto Gojek Tokopedia Tbk | C50: =IF('Comps'!C14="","",'Comps'!C14) -> IDX: GOTO | D50: 0 | E50: 0 | F50: 0 | G50: -1111.7546 | H50: -2004.0955 | I50: -928.53197 | J50: -2004.5798 | K50: -2506.4149 | L50: -773.93444 | M50: -168.57936 | N50: 0
B51: =IF($C51="","",IFERROR('Comps'!B15,"DELETE")) -> Sea Limited | C51: =IF('Comps'!C15="","",'Comps'!C15) -> NYSE: SE | D51: -73.87618 | E51: -231.63069 | F51: -615.45126 | G51: -1232.7551 | H51: -1035.1043 | I51: -1483.7714 | J51: -1758.0645 | K51: -944.26177 | L51: 1034.1704 | M51: 1435.4782 | N51: 0
B52: =IF($C52="","",IFERROR('Comps'!B16,"DELETE")) -> Uber Technologies, Inc. | C52: =IF('Comps'!C16="","",'Comps'!C16) -> NYSE:UBER | D52: 0 | E52: -3923.9352 | F52: -4491.8085 | G52: -3299.6117 | H52: -10956.289 | I52: -5189.269 | J52: -3952.8638 | K52: -1186.6611 | L52: 2551.444 | M52: 4825.756 | N52: 0
B53: =IF($C53="","",IFERROR('Comps'!B17,"DELETE")) -> Lyft, Inc. | C53: =IF('Comps'!C17="","",'Comps'!C17) -> NASDAQGS:LYFT | D53: 0 | E53: -1000.2436 | F53: -943.08064 | G53: -1302.8957 | H53: -3488.9727 | I53: -2115.9912 | J53: -1342.612 | K53: -1619.4505 | L53: -359.47246 | M53: 37.30544 | N53: 0
B54: =IF($C54="","",IFERROR('Comps'!B18,"DELETE")) -> Didi Global Inc. | C54: =IF('Comps'!C18="","",'Comps'!C18) -> OTCPK:DIDI.Y | D54: 0 | E54: 0 | F54: 0 | G54: -1913.0726 | H54: -772.98707 | I54: -1724.7135 | J54: -8405.6224 | K54: -2455.1397 | L54: 255.93273 | M54: 848.92514 | N54: 0
B55: =IF($C55="","",IFERROR('Comps'!B19,"DELETE")) -> Meituan | C55: =IF('Comps'!C19="","",'Comps'!C19) -> SEHK:3690 | D55: -1809.161 | E55: -1191.3862 | F55: -790.45902 | G55: -1437.6735 | H55: 630.01739 | I55: 280.12369 | J55: -4125.3792 | K55: 66.23641 | L55: 2615.3806 | M55: 7193.4673 | N55: 0
B56: =IF($C56="","",IFERROR('Comps'!B20,"DELETE")) -> Delivery Hero Se | C56: =IF('Comps'!C20="","",'Comps'!C20) -> XTRA:DHER | D56: -239.94862 | E56: -162.4853 | F56: -301.53573 | G56: -257.37091 | H56: -882.22046 | I56: -1294.7687 | J56: -2204.9558 | K56: -1654.5441 | L56: -658.14627 | M56: -38.99689 | N56: 0
B57: =IF($C57="","",IFERROR('Comps'!B21,"DELETE")) -> Doordash, Inc. | C57: =IF('Comps'!C21="","",'Comps'!C21) -> NASDAQGS:DASH | D57: 0 | E57: 0 | F57: 0 | G57: -277.9194 | H57: -785.47416 | I57: -424.28817 | J57: -469.16664 | K57: -1002.9633 | L57: -425.02068 | M57: 402.60125 | N57: 0
B58: =IF($C58="","",IFERROR('Comps'!B22,"DELETE")) -> Talabat Holding Plc | C58: =IF('Comps'!C22="","",'Comps'!C22) -> DFM:TALABAT | D58: 0 | E58: 0 | F58: 0 | G58: 0 | H58: 0 | I58: 0 | J58: 0 | K58: 300.91578 | L58: 418.69816 | M58: 580.49731 | N58: 0
B59: =IF($C59="","",IFERROR('Comps'!#REF!,"DELETE")) -> #REF! | C59: =IF('Comps'!#REF!="","",'Comps'!#REF!) -> #REF!
B60: =IF($C60="","",IFERROR('Comps'!#REF!,"DELETE")) -> #REF! | C60: =IF('Comps'!#REF!="","",'Comps'!#REF!) -> #REF!
B61: =IF($C61="","",IFERROR('Comps'!#REF!,"DELETE")) -> #REF! | C61: =IF('Comps'!#REF!="","",'Comps'!#REF!) -> #REF!
B62: =IF($C62="","",IFERROR('Comps'!#REF!,"DELETE")) -> #REF! | C62: =IF('Comps'!#REF!="","",'Comps'!#REF!) -> #REF!
B63: =IF($C63="","",IFERROR('Comps'!#REF!,"DELETE")) -> #REF! | C63: =IF('Comps'!#REF!="","",'Comps'!#REF!) -> #REF!
B65: Source: CIQ
B67: EBIT
B68: ="("&curr&" "&LEFT($L$2,1)&")" -> (USD m) | C68: Ticker | D68: =D$8 -> FY2015 | E68: =E$8 -> FY2016 | F68: =F$8 -> FY2017 | G68: =G$8 -> FY2018 | H68: =H$8 -> FY2019 | I68: =I$8 -> FY2020 | J68: =J$8 -> FY2021 | K68: =K$8 -> FY2022 | ... N68: =N$8 -> FY2025
B69: =IF($C69="","",IFERROR('Comps'!B13,"DELETE")) -> Grab Holdings Limited | C69: =IF('Comps'!C13="","",'Comps'!C13) -> NASDAQGS:GRAB | D69: 0 | E69: 0 | F69: 0 | G69: 0 | H69: -4009.4152 | I69: -1690.5438 | J69: -2096.4199 | K69: -1826.2513 | L69: -621.69174 | M69: -212.901 | N69: 0
B70: =IF($C70="","",IFERROR('Comps'!B14,"DELETE")) -> Pt Goto Gojek Tokopedia Tbk | C70: =IF('Comps'!C14="","",'Comps'!C14) -> IDX: GOTO | D70: 0 | E70: 0 | F70: 0 | G70: -1127.6529 | H70: -2043.4216 | I70: -964.84612 | J70: -2091.6683 | K70: -2618.8421 | L70: -880.21904 | M70: -189.97682 | N70: 0
B71: =IF($C71="","",IFERROR('Comps'!B15,"DELETE")) -> Sea Limited | C71: =IF('Comps'!C15="","",'Comps'!C15) -> NYSE: SE | D71: -115.34428 | E71: -288.7973 | F71: -670.14147 | G71: -1340.0102 | H71: -1198.6981 | I71: -1722.6959 | J71: -2134.2498 | K71: -1518.6111 | L71: 452.2814 | M71: 903.67194 | N71: 0
B72: =IF($C72="","",IFERROR('Comps'!B16,"DELETE")) -> Uber Technologies, Inc. | C72: =IF('Comps'!C16="","",'Comps'!C16) -> NYSE:UBER | D72: 0 | E72: -4369.0814 | F72: -5154.6876 | G72: -3863.6246 | H72: -11561.534 | I72: -5949.2868 | J72: -5168.9221 | K72: -2456.4555 | L72: 1465.1334 | M72: 3819.9352 | N72: 0
B73: =IF($C73="","",IFERROR('Comps'!B17,"DELETE")) -> Lyft, Inc. | C73: =IF('Comps'!C17="","",'Comps'!C17) -> NASDAQGS:LYFT | D73: 0 | E73: -1001.0053 | F73: -946.57011 | G73: -1328.4425 | H73: -3634.8086 | I73: -2323.9757 | J73: -1530.4769 | K73: -1794.9557 | L73: -511.95589 | M73: -151.40946 | N73: 0
B74: =IF($C74="","",IFERROR('Comps'!B18,"DELETE")) -> Didi Global Inc. | C74: =IF('Comps'!C18="","",'Comps'!C18) -> OTCPK:DIDI.Y | D74: 0 | E74: 0 | F74: 0 | G74: -2464.6436 | H74: -1547.9056 | I74: -2791.4849 | J74: -9688.5821 | K74: -3441.292 | L74: -528.36635 | M74: 363.18774 | N74: 0
B75: =IF($C75="","",IFERROR('Comps'!B19,"DELETE")) -> Meituan | C75: =IF('Comps'!C19="","",'Comps'!C19) -> SEHK:3690 | D75: -1845.8797 | E75: -1303.5725 | F75: -914.686 | G75: -2411.3585 | H75: -16.45323 | I75: -508.72617 | J75: -5505.9793 | K75: -1283.8105 | L75: 1674.8192 | M75: 6199.8173 | N75: 0
B76: =IF($C76="","",IFERROR('Comps'!B20,"DELETE")) -> Delivery Hero Se | C76: =IF('Comps'!C20="","",'Comps'!C20) -> XTRA:DHER | D76: -292.2954 | E76: -225.95373 | F76: -374.23168 | G76: -329.90271 | H76: -965.53709 | I76: -1447.3988 | J76: -2542.8824 | K76: -2059.2239 | L76: -1032.0831 | M76: -373.72024 | N76: 0
B77: =IF($C77="","",IFERROR('Comps'!B21,"DELETE")) -> Doordash, Inc. | C77: =IF('Comps'!C21="","",'Comps'!C21) -> NASDAQGS:DASH | D77: 0 | E77: 0 | F77: 0 | G77: -286.0935 | H77: -821.78889 | I77: -560.43048 | J77: -594.54738 | K77: -1287.2256 | L77: -758.9655 | M77: 70.967 | N77: 0
B78: =IF($C78="","",IFERROR('Comps'!B22,"DELETE")) -> Talabat Holding Plc | C78: =IF('Comps'!C22="","",'Comps'!C22) -> DFM:TALABAT | D78: 0 | E78: 0 | F78: 0 | G78: 0 | H78: 0 | I78: 0 | J78: 0 | K78: 276.98374 | L78: 392.01279 | M78: 534.82288 | N78: 0
B79: =IF($C79="","",IFERROR('Comps'!#REF!,"DELETE")) -> #REF! | C79: =IF('Comps'!#REF!="","",'Comps'!#REF!) -> #REF!
B80: =IF($C80="","",IFERROR('Comps'!#REF!,"DELETE")) -> #REF! | C80: =IF('Comps'!#REF!="","",'Comps'!#REF!) -> #REF!
B81: =IF($C81="","",IFERROR('Comps'!#REF!,"DELETE")) -> #REF! | C81: =IF('Comps'!#REF!="","",'Comps'!#REF!) -> #REF!
B82: =IF($C82="","",IFERROR('Comps'!#REF!,"DELETE")) -> #REF! | C82: =IF('Comps'!#REF!="","",'Comps'!#REF!) -> #REF!
B83: =IF($C83="","",IFERROR('Comps'!#REF!,"DELETE")) -> #REF! | C83: =IF('Comps'!#REF!="","",'Comps'!#REF!) -> #REF!
B85: Source: CIQ
B87: ROIC
B88: % | C88: Ticker | D88: =D$8 -> FY2015 | E88: =E$8 -> FY2016 | F88: =F$8 -> FY2017 | G88: =G$8 -> FY2018 | H88: =H$8 -> FY2019 | I88: =I$8 -> FY2020 | J88: =J$8 -> FY2021 | K88: =K$8 -> FY2022 | ... N88: =N$8 -> FY2025 | O88: Average
B89: =IF($C89="","",IFERROR('Comps'!B13,"DELETE")) -> Grab Holdings Limited | C89: =IF('Comps'!C13="","",'Comps'!C13) -> NASDAQGS:GRAB | D89: 0 | E89: 0 | F89: 0 | G89: 0 | H89: 0 | I89: -0.573123 | J89: -0.462394 | K89: -0.184782 | L89: -0.056795 | M89: -0.015025 | N89: 0 | O89: =IF($C89="","",IFERROR(AVERAGE(I89:M89),"NA")) -> -0.2584238
B90: =IF($C90="","",IFERROR('Comps'!B14,"DELETE")) -> Pt Goto Gojek Tokopedia Tbk | C90: =IF('Comps'!C14="","",'Comps'!C14) -> IDX: GOTO | D90: 0 | E90: 0 | F90: 0 | G90: 0 | H90: -1.407906 | I90: -0.721539 | J90: -0.259479 | K90: -0.296889 | L90: -1.094243 | M90: -0.136956 | N90: 0 | O90: =IF($C90="","",IFERROR(AVERAGE(I90:M90),"NA")) -> -0.5018212
B91: =IF($C91="","",IFERROR('Comps'!B15,"DELETE")) -> Sea Limited | C91: =IF('Comps'!C15="","",'Comps'!C15) -> NYSE: SE | D91: -3.085137 | E91: -2.693566 | F91: -0.872094 | G91: -0.947821 | H91: -0.814501 | I91: -0.390796 | J91: -0.238 | K91: -0.150146 | L91: 0.014039 | M91: 0.037398 | N91: 0 | O91: =IF($C91="","",IFERROR(AVERAGE(I91:M91),"NA")) -> -0.145501
B92: =IF($C92="","",IFERROR('Comps'!B16,"DELETE")) -> Uber Technologies, Inc. | C92: =IF('Comps'!C16="","",'Comps'!C16) -> NYSE:UBER | D92: 0 | E92: 0 | F92: -0.474638 | G92: 0.093286 | H92: -0.457582 | I92: -0.288294 | J92: -0.019465 | K92: -0.387543 | L92: 0.084609 | M92: 0.338136 | N92: 0 | O92: =IF($C92="","",IFERROR(AVERAGE(I92:M92),"NA")) -> -0.0545114
B93: =IF($C93="","",IFERROR('Comps'!B17,"DELETE")) -> Lyft, Inc. | C93: =IF('Comps'!C17="","",'Comps'!C17) -> NASDAQGS:LYFT | D93: 0 | E93: 0 | F93: -0.424922 | G93: -0.397496 | H93: -0.927528 | I93: -0.581475 | J93: -0.421227 | K93: -0.827477 | L93: -0.215723 | M93: 0.012333 | N93: 0 | O93: =IF($C93="","",IFERROR(AVERAGE(I93:M93),"NA")) -> -0.4067138
B94: =IF($C94="","",IFERROR('Comps'!B18,"DELETE")) -> Didi Global Inc. | C94: =IF('Comps'!C18="","",'Comps'!C18) -> OTCPK:DIDI.Y | D94: 0 | E94: 0 | F94: 0 | G94: 0 | H94: -0.074696 | I94: -0.08208 | J94: -0.377507 | K94: -0.096108 | L94: -0.043971 | M94: 0.011406 | N94: 0 | O94: =IF($C94="","",IFERROR(AVERAGE(I94:M94),"NA")) -> -0.117652
B95: =IF($C95="","",IFERROR('Comps'!B19,"DELETE")) -> Meituan | C95: =IF('Comps'!C19="","",'Comps'!C19) -> SEHK:3690 | D95: 0 | E95: -0.164679 | F95: -0.381415 | G95: -1.541146 | H95: 0.024023 | I95: 0.042941 | J95: -0.153761 | K95: -0.036017 | L95: 0.069388 | M95: 0.160321 | N95: 0 | O95: =IF($C95="","",IFERROR(AVERAGE(I95:M95),"NA")) -> 0.0165744
B96: =IF($C96="","",IFERROR('Comps'!B20,"DELETE")) -> Delivery Hero Se | C96: =IF('Comps'!C20="","",'Comps'!C20) -> XTRA:DHER | D96: -0.472623 | E96: -0.211132 | F96: -0.252432 | G96: -0.02286 | H96: 0.12833 | I96: -0.448686 | J96: -0.157752 | K96: -0.309823 | L96: -0.27432 | M96: -0.112607 | N96: 0 | O96: =IF($C96="","",IFERROR(AVERAGE(I96:M96),"NA")) -> -0.2606376
B97: =IF($C97="","",IFERROR('Comps'!B21,"DELETE")) -> Doordash, Inc. | C97: =IF('Comps'!C21="","",'Comps'!C21) -> NASDAQGS:DASH | D97: 0 | E97: 0 | F97: 0 | G97: 0 | H97: -0.696605 | I97: -0.137961 | J97: -0.090147 | K97: -0.221142 | L97: -0.076365 | M97: 0.015687 | N97: 0 | O97: =IF($C97="","",IFERROR(AVERAGE(I97:M97),"NA")) -> -0.1019856
B98: =IF($C98="","",IFERROR('Comps'!B22,"DELETE")) -> Talabat Holding Plc | C98: =IF('Comps'!C22="","",'Comps'!C22) -> DFM:TALABAT | D98: 0 | E98: 0 | F98: 0 | G98: 0 | H98: 0 | I98: 0 | J98: 0 | K98: 0 | L98: 0.00902 | M98: 0.71818 | N98: 0 | O98: =IF($C98="","",IFERROR(AVERAGE(I98:M98),"NA")) -> 0.14544
B99: =IF($C99="","",IFERROR('Comps'!#REF!,"DELETE")) -> #REF! | C99: =IF('Comps'!#REF!="","",'Comps'!#REF!) -> #REF! | O99: =IF($C99="","",IFERROR(AVERAGE(I99:M99),"NA")) -> #REF!
B100: =IF($C100="","",IFERROR('Comps'!#REF!,"DELETE")) -> #REF! | C100: =IF('Comps'!#REF!="","",'Comps'!#REF!) -> #REF! | O100: =IF($C100="","",IFERROR(AVERAGE(I100:M100),"NA")) -> #REF!
B101: =IF($C101="","",IFERROR('Comps'!#REF!,"DELETE")) -> #REF! | C101: =IF('Comps'!#REF!="","",'Comps'!#REF!) -> #REF! | O101: =IF($C101="","",IFERROR(AVERAGE(I101:M101),"NA")) -> #REF!
B102: =IF($C102="","",IFERROR('Comps'!#REF!,"DELETE")) -> #REF! | C102: =IF('Comps'!#REF!="","",'Comps'!#REF!) -> #REF! | O102: =IF($C102="","",IFERROR(AVERAGE(I102:M102),"NA")) -> #REF!
B103: =IF($C103="","",IFERROR('Comps'!#REF!,"DELETE")) -> #REF! | C103: =IF('Comps'!#REF!="","",'Comps'!#REF!) -> #REF! | O103: =IF($C103="","",IFERROR(AVERAGE(I103:M103),"NA")) -> #REF!
B105: Source: CIQ
A108: 1 | D108: ="FY"&RIGHT(D110,2) -> FY15 | E108: ="FY"&RIGHT(E110,2) -> FY16 | F108: ="FY"&RIGHT(F110,2) -> FY17 | G108: ="FY"&RIGHT(G110,2) -> FY18 | H108: ="FY"&RIGHT(H110,2) -> FY19 | I108: ="FY"&RIGHT(I110,2) -> FY20 | J108: ="FY"&RIGHT(J110,2) -> FY21 | K108: ="FY"&RIGHT(K110,2) -> FY22 | ... N108: ="FY"&RIGHT(N110,2) -> FY25
A109: 2 | B109: EBIT margin
A110: 3 | B110: % | C110: Ticker | D110: =D$8 -> FY2015 | E110: =E$8 -> FY2016 | F110: =F$8 -> FY2017 | G110: =G$8 -> FY2018 | H110: =H$8 -> FY2019 | I110: =I$8 -> FY2020 | J110: =J$8 -> FY2021 | K110: =K$8 -> FY2022 | ... N110: =N$8 -> FY2025 | O110: Average
A111: 4 | B111: =IF($C111="","",IFERROR('Comps'!B13,"DELETE")) -> Grab Holdings Limited | C111: =IF('Comps'!C13="","",'Comps'!C13) -> NASDAQGS:GRAB | D111: =IFERROR(D69/D9,0) -> 0 | E111: =IFERROR(E69/E9,0) -> 0 | F111: =IFERROR(F69/F9,0) -> 0 | G111: =IFERROR(G69/G9,0) -> 0 | H111: =IFERROR(H69/H9,0) -> 3.5278107 | I111: =IFERROR(I69/I9,0) -> -2.7270789 | J111: =IFERROR(J69/J9,0) -> -2.3037037 | K111: =IFERROR(K69/K9,0) -> -0.95045359 | ... N111: =IFERROR(N69/N9,0) -> 0 | O111: =IF($C111="","",IFERROR(AVERAGE(K111:M111),"NA")) -> -0.40196284
A112: 5 | B112: =IF($C112="","",IFERROR('Comps'!B14,"DELETE")) -> Pt Goto Gojek Tokopedia Tbk | C112: =IF('Comps'!C14="","",'Comps'!C14) -> IDX: GOTO | D112: =IFERROR(D70/D10,0) -> 0 | E112: =IFERROR(E70/E10,0) -> 0 | F112: =IFERROR(F70/F10,0) -> 0 | G112: =IFERROR(G70/G10,0) -> -8.3105991 | H112: =IFERROR(H70/H10,0) -> -9.1253806 | I112: =IFERROR(I70/I10,0) -> -3.0550958 | J112: =IFERROR(J70/J10,0) -> -4.8732434 | K112: =IFERROR(K70/K10,0) -> -2.6724101 | ... N112: =IFERROR(N70/N10,0) -> 0 | O112: =IF($C112="","",IFERROR(AVERAGE(K112:M112),"NA")) -> -1.1695337
A113: 6 | B113: =IF($C113="","",IFERROR('Comps'!B15,"DELETE")) -> Sea Limited | C113: =IF('Comps'!C15="","",'Comps'!C15) -> NYSE: SE | D113: =IFERROR(D71/D11,0) -> -0.27861456 | E113: =IFERROR(E71/E11,0) -> -0.57806869 | F113: =IFERROR(F71/F11,0) -> -1.2106376 | G113: =IFERROR(G71/G11,0) -> -1.1894076 | H113: =IFERROR(H71/H11,0) -> -0.40969064 | I113: =IFERROR(I71/I11,0) -> -0.29785765 | J113: =IFERROR(J71/J11,0) -> -0.15901856 | K113: =IFERROR(K71/K11,0) -> -0.090971232 | ... N113: =IFERROR(N71/N11,0) -> 0 | O113: =IF($C113="","",IFERROR(AVERAGE(K113:M113),"NA")) -> -0.0084580981
A114: 7 | B114: =IF($C114="","",IFERROR('Comps'!B16,"DELETE")) -> Uber Technologies, Inc. | C114: =IF('Comps'!C16="","",'Comps'!C16) -> NYSE:UBER | D114: =IFERROR(D72/D12,0) -> 0 | E114: =IFERROR(E72/E12,0) -> -0.78621586 | F114: =IFERROR(F72/F12,0) -> -0.48625819 | G114: =IFERROR(G72/G12,0) -> -0.27182977 | H114: =IFERROR(H72/H12,0) -> -0.66123077 | I114: =IFERROR(I72/I12,0) -> -0.40407577 | J114: =IFERROR(J72/J12,0) -> -0.21965053 | K114: =IFERROR(K72/K12,0) -> -0.057470904 | ... N114: =IFERROR(N72/N12,0) -> 0 | O114: =IF($C114="","",IFERROR(AVERAGE(K114:M114),"NA")) -> 0.011982812
...

Sheet C0
B1: Time period
B12: Historical data available | C12: =Input!D13 -> 5
B13: Forecast period | C13: =Input!D14 -> 10
B15: Period start | D15: =EDATE(D16,-12)+1 -> 42005 | E15: =EDATE(E16,-12)+1 -> 42370 | F15: =EDATE(F16,-12)+1 -> 42736 | G15: =EDATE(G16,-12)+1 -> 43101 | H15: =EDATE(H16,-12)+1 -> 43466 | I15: =EDATE(I16,-12)+1 -> 43831 | J15: =EDATE(J16,-12)+1 -> 44197 | K15: =EDATE(K16,-12)+1 -> 44562 | ... M15: =EDATE(M16,-12)+1 -> 45292 | N15: =IF(O17=12,EDATE(O16,-24)+1,EDATE(O16,-12)+1) -> 45658 | O15: =vd+1 -> 46023 | P15: =O16+1 -> 46388 | Q15: =P16+1 -> 46753 | R15: =Q16+1 -> 47119 | S15: =R16+1 -> 47484 | T15: =S16+1 -> 47849 | U15: =T16+1 -> 48214 | V15: =U16+1 -> 48580 | W15: =V16+1 -> 48945 | ... AR15: =AQ16+1 -> 56615
B16: Period end | D16: =E15-1 -> 42369 | E16: =F15-1 -> 42735 | F16: =G15-1 -> 43100 | G16: =H15-1 -> 43465 | H16: =I15-1 -> 43830 | I16: =J15-1 -> 44196 | J16: =K15-1 -> 44561 | K16: =L15-1 -> 44926 | ... M16: =N15-1 -> 45657 | N16: =vd -> 46022 | O16: =next.fy -> 46387 | P16: =EDATE(O16,12) -> 46752 | Q16: =EDATE(P16,12) -> 47118 | R16: =EDATE(Q16,12) -> 47483 | S16: =EDATE(R16,12) -> 47848 | T16: =EDATE(S16,12) -> 48213 | U16: =EDATE(T16,12) -> 48579 | V16: =EDATE(U16,12) -> 48944 | W16: =EDATE(V16,12) -> 49309 | ... AR16: =EDATE(AQ16,12) -> 56979
B17: Months in period | D17: =ROUND((D16-D15)/30,0) -> 12 | E17: =ROUND((E16-E15)/30,0) -> 12 | F17: =ROUND((F16-F15)/30,0) -> 12 | G17: =ROUND((G16-G15)/30,0) -> 12 | H17: =ROUND((H16-H15)/30,0) -> 12 | I17: =ROUND((I16-I15)/30,0) -> 12 | J17: =ROUND((J16-J15)/30,0) -> 12 | K17: =ROUND((K16-K15)/30,0) -> 12 | ... AR17: =ROUND((AR16-AR15)/30,0) -> 12
B20: Year | D20: =IF(D23<$C$12,YEAR(D16),"DELETE") -> DELETE | E20: =IF(E23<$C$12,YEAR(E16),"DELETE") -> DELETE | F20: =IF(F23<$C$12,YEAR(F16),"DELETE") -> DELETE | G20: =IF(G23<$C$12,YEAR(G16),"DELETE") -> DELETE | H20: =IF(H23<$C$12,YEAR(H16),"DELETE") -> DELETE | I20: =IF(I23<$C$12,YEAR(I16),"DELETE") -> DELETE | J20: =IF(J23<$C$12,YEAR(J16),"DELETE") -> 2021 | K20: =IF(K23<$C$12,YEAR(K16),"DELETE") -> 2022 | ... N20: =IF(N23<$C$12,YEAR(N16),"DELETE") -> 2025 | O20: =IF(O23<$C$13+1,YEAR(O16),"DELETE") -> 2026 | P20: =IF(P23<$C$13+1,YEAR(P16),"DELETE") -> 2027 | Q20: =IF(Q23<$C$13+1,YEAR(Q16),"DELETE") -> 2028 | R20: =IF(R23<$C$13+1,YEAR(R16),"DELETE") -> 2029 | S20: =IF(S23<$C$13+1,YEAR(S16),"DELETE") -> 2030 | T20: =IF(T23<$C$13+1,YEAR(T16),"DELETE") -> 2031 | U20: =IF(U23<$C$13+1,YEAR(U16),"DELETE") -> 2032 | V20: =IF(V23<$C$13+1,YEAR(V16),"DELETE") -> 2033 | ... AR20: =IF(AR23<$C$13+1,YEAR(AR16),"DELETE") -> DELETE
D21: =IF(D17=12,"FY"&RIGHT(D20,2),D17&"M"&RIGHT(E20,2)) -> FYTE | E21: =IF(E17=12,"FY"&RIGHT(E20,2),E17&"M"&RIGHT(F20,2)) -> FYTE | F21: =IF(F17=12,"FY"&RIGHT(F20,2),F17&"M"&RIGHT(G20,2)) -> FYTE | G21: =IF(G17=12,"FY"&RIGHT(G20,2),G17&"M"&RIGHT(H20,2)) -> FYTE | H21: =IF(H17=12,"FY"&RIGHT(H20,2),H17&"M"&RIGHT(I20,2)) -> FYTE | I21: =IF(I17=12,"FY"&RIGHT(I20,2),I17&"M"&RIGHT(J20,2)) -> FYTE | J21: =IF(J17=12,"FY"&RIGHT(J20,2),J17&"M"&RIGHT(K20,2)) -> FY21 | K21: =IF(K17=12,"FY"&RIGHT(K20,2),K17&"M"&RIGHT(L20,2)) -> FY22 | ... N21: =IF(N17=12,"FY"&RIGHT(N20,2),N17&"M"&RIGHT(O20,2)) -> FY25 | O21: =IF(O17=12,"FY"&RIGHT(O20,2)&"F",O17&"M"&RIGHT(O20,2)&"F") -> FY26F | P21: =IF(P17=12,"FY"&RIGHT(P20,2)&"F",P17&"M"&RIGHT(P20,2)&"F") -> FY27F | Q21: =IF(Q17=12,"FY"&RIGHT(Q20,2)&"F",Q17&"M"&RIGHT(Q20,2)&"F") -> FY28F | R21: =IF(R17=12,"FY"&RIGHT(R20,2)&"F",R17&"M"&RIGHT(R20,2)&"F") -> FY29F | S21: =IF(S17=12,"FY"&RIGHT(S20,2)&"F",S17&"M"&RIGHT(S20,2)&"F") -> FY30F | T21: =IF(T17=12,"FY"&RIGHT(T20,2)&"F",T17&"M"&RIGHT(T20,2)&"F") -> FY31F | U21: =IF(U17=12,"FY"&RIGHT(U20,2)&"F",U17&"M"&RIGHT(U20,2)&"F") -> FY32F | V21: =IF(V17=12,"FY"&RIGHT(V20,2)&"F",V17&"M"&RIGHT(V20,2)&"F") -> FY33F | ... AR21: =IF(AR17=12,"FY"&RIGHT(AR20,2)&"F",AR17&"M"&RIGHT(AR20,2)&"F") -> FYTEF
B23: Years from VD | D23: =YEARFRAC(vd,D16) -> 10 | E23: =YEARFRAC(vd,E16) -> 9 | F23: =YEARFRAC(vd,F16) -> 8 | G23: =YEARFRAC(vd,G16) -> 7 | H23: =YEARFRAC(vd,H16) -> 6 | I23: =YEARFRAC(vd,I16) -> 5 | J23: =YEARFRAC(vd,J16) -> 4 | K23: =YEARFRAC(vd,K16) -> 3 | ... AR23: =YEARFRAC(vd,AR16) -> 30
B24: Discounting period (mid-year) | O24: =O23/2 -> 0.5 | P24: =P23-0.5 -> 1.5 | Q24: =Q23-0.5 -> 2.5 | R24: =R23-0.5 -> 3.5 | S24: =S23-0.5 -> 4.5 | T24: =T23-0.5 -> 5.5 | U24: =U23-0.5 -> 6.5 | V24: =V23-0.5 -> 7.5 | W24: =W23-0.5 -> 8.5 | ... AR24: =AR23-0.5 -> 29.5

Sheet _CIQHiddenCacheSheet
